Workbook

Sheet 1.  Instructions

Sheet 2a.  Simple Form Data Entry
C2: Simple Form Data Entry
C4: - In the highlighted cells, enter the information requested In this form. | J4: Simple data entry field
C5: - A fiscal note for the property sale/lease will be generated based on this information (see Fiscal Note tab). | J5: Dropdown menu data entry
C7: 1. General Transaction Information
C9: Financial Plan Element | D9: Description/Guidance on Requested Information | G9: Data Entry Field
C10: Description of Request: | G10: Valley Regional Fire Authority - King County Medic One Auburn
C11: Title: | D11: Include property name and related agency/service/function. | G11: Valley Regional Fire Authority - Auburn
C12: Affected Agency and/or Agencies: | D12: Applicable division and department names. | G12: Public Health - Seattle King County
C13: Legal Transaction Type: | D13: Sale, lease renewal, new lease for new service, relocation, other. | G13: Lease Renewal
C14: Fiscal Transaction Type: | D14: 1st/2nd/3rd omnibus, biennial review, stand alone ordinance, other. | G14: Stand Alone
C15: Note Prepared By: | D15: FMD finance manager and property agent. | G15: Sandy Ou / Steven Tease
C16: Date Prepared: | D16: Date in XX/XX/XX text format (i.e., 'XX/XX/XX) | G16: 2/3/2026
C17: Transaction Duration: | D17: The term of the lease/agreement or capital investment. Property sale = NA. | G17: Five Years
C18: Fair Market Value: | D18: If not a sale = NA. | G18: N/A
C19: Current Year: | D19: First year of current biennium (in XXXX format, should be odd number). | G19: 2026
G20: Appropriation Unit Name | J20: Appr. Unit Number | K20: Department | L20: Fund Number
C21: Appropriation Units Impacted: | D21: All impacted appropriation unit names and numbers and department initials.
C29: Projects Impacted: | D29: Project numbers impacted by this transaction (enter as 7 digit number with', i.e., 'XXXXXXX).
I31: NA
C34: 2. Financial Impacts - Net Present Value
C36: An NPV analysis should be performed for transactions that: - Result in long term financial impacts, especially including instances where a transaction represents an upfront cost to be recouped in later years - Where the transaction represents a change in policy or opertions, and - Where there are viable alternatives with different benefits and costs that should be considered. Examples include vacating a owned space for a leased space, selling a currently operating facility, entering into a long term agreement to lease out a property, relocating from one leased space to another. An explanation of the NPV analysis, including major assumptions and supporting information, should be provided in the "Notes" section . If no NPV was performed, the rationale for not providing this information should be provided below.
C37: Financial Plan Element | D37: Description/Guidance on Requested Information | G37: Data Entry Field
C39: Was an Net Present Value calculation performed? | D39: Indicate whether a NPV analysis has been performed. If no NPV, then indicate why below. | G39: N
C40: Net Present Value to King County: | D40: The NPV of the transaction to King County as a whole. NA = not performed.
C41: Net Present Value to Impacted Agency: | D41: The NPV of the transaction to the primary customer of the transaction. NA = not performed.
C43: If an NPV analysis was not performed for either the County or the Agency or both, state rationale here: | D43: An NPV analysis was not performed because …
C46: 3. Financial Impacts - Revenue and Expenditure Impacts
C48: - Provide the estimated revenue and expenditure impacts to each KC appropriation unit and project combination. - Impacts should represent the complete revenue/expenditure impacts of the transaction, whether or not there is a corresponding need for supplemental appropriation. Not all the costs included in the NPV will be represented below. For instance, ongoing maintenance costs in a KC building vacated by a KC agency may be included in the KC NPV, but would not be included below because the transaction does not impact these costs. - For transactions with mid-year impacts, the fiscal note should represent the best estimate of the effective date of the transaction as of the date prepared. - The sum of outyear impacts for revenue and expenditures includes all revenues/expenditures for the duration of the lease/other agreement or life of the capital investment. - Values represented below should be net values (combined impact of cost savings and additional costs, revenue loss and new revenues). Overall, positive values indicate an increase in revenues/expenditures while negative values indicate a reduction in expenditures/revenues. De minimus cost savings, such as minor reductions in maintenance costs, do not need to be included. - A detailed explanation of revenue and expenditure impacts analysis, including workload impacts, major assumptions, and other supporting data, should be provided in the property summary.
C50: 3.1. Revenue Impacts:
C52: Is the cost of the transaction partially or entirely covered by fund balance? | D52: N | E52: If yes, indicate fund balance amount: (enter as text, including $ and ,)
C54: Is the activity partially or entirely covered by reallocation of grants? | D54: N | E54: If yes, indicate grant amount: (enter as text, including $ and ,)
C56: Indicate new revenue provided to KC appropriation units as a result of this transaction. Fund balance and reallocated grant revenue ARE NOT new revenue.
C57: Appropriation Unit Name | D57: Project | E57: Revenue Account Code and Source/Description | G57: 2026 | H57: =G57+1 -> 2027 | I57: =H57+1 -> 2028 | J57: =I57+1 -> 2029 | K57: =J57+1 -> 2030 | L57: =K57+1 -> 2031 | M57: Sum of Outyear Impacts | N57: =CONCATENATE("Sum of Revenues Prior to ",G$19) -> Sum of Revenues Prior to 2026
C66: 3.2. Expenditures Impacts:
C68: Indicate expenditure impacts in the categories indicated and defined below that result from this transaction.
C70: Descriptions of Expenditure Categories:
C71: Real Estate Services Labor Costs | E71: Labor costs that RES has incurred associated with this transaction.
C72: King County Project Management | E72: Project management to be incurred in association with this transaction.
C73: Lease Payments/Associated O&M | E73: Lease payments as well as associated O&M for the life of the agreement.
C74: Service Costs (Appraisal, Title, Move) | E74: Moving/relocation costs, appraisal costs, title fees, and other services provided in support of the transaction.
C75: Tenant and Other Improvements | E75: Tenant improvements , other capital costs, furnishings, equipment, etc.
C76: 10% Art for General Fund Transactions
C77: Other Transaction Costs | E77: Items that do not fit in the above categories. Contact the PSB budget analyst for this transaction if other costs exceed 20% of total expenditures.
C79: Appropriation Unit/Project Combination #1
C80: Appropriation Unit | G80: Project Number
C81: Expenditure Category | E81: Expenditure Notes | G81: =$G$57 -> 2026 | H81: =G81+1 -> 2027 | I81: =H81+1 -> 2028 | J81: =I81+1 -> 2029 | K81: =J81+1 -> 2030 | L81: =K81+1 -> 2031 | M81: Sum of Outyear Impacts | N81: =CONCATENATE("Sum of Expenditures Prior to ",G$19) -> Sum of Expenditures Prior to 2026
C82: Real Estate Services Labor Costs
C83: King County Project Management
C84: Lease Payments/Associated O&M | E84: Assumptions: 1) Rent payment with annual increase by three percent; 2) Exercise the option to extend the initial term for three additional five year periods | H84: =1586*12 -> 19032 | I84: =H84*1.03 -> 19602.96 | J84: =I84*1.03 -> 20191.049 | K84: =J84*1.03 -> 20796.78 | L84: =K84*1.03 -> 21420.684 | M84: 410353.49
C85: Service Costs (Appraisal, Title, Move)
C86: Tenant and Other Improvements
C87: 10% Art for General Fund Transactions
C88: Other Transaction Costs
C90: Appropriation Unit/Project Combination #2
C91: Appropriation Unit | G91: Project Number
C92: Expenditure Category | E92: Expenditure Notes | G92: =$G$57 -> 2026 | H92: =G92+1 -> 2027 | I92: =H92+1 -> 2028 | J92: =I92+1 -> 2029 | K92: =J92+1 -> 2030 | L92: =K92+1 -> 2031 | M92: Sum of Outyear Impacts | N92: =CONCATENATE("Sum of Expenditures Prior to ",G$19) -> Sum of Expenditures Prior to 2026
C93: Real Estate Services Labor Costs
C94: King County Project Management
C95: Lease Payments/Associated O&M
C96: Service Costs (Appraisal, Title, Move)
C97: Tenant and Other Improvements
C98: 10% Art for General Fund Transactions
C99: Other Transaction Costs
C101: Appropriation Unit/Project Combination #3
C102: Appropriation Unit | G102: Project Number
C103: Expenditure Category | E103: Expenditure Notes | G103: =$G$57 -> 2026 | H103: =G103+1 -> 2027 | I103: =H103+1 -> 2028 | J103: =I103+1 -> 2029 | M103: Sum of Outyear Impacts | N103: =CONCATENATE("Sum of Expenditures Prior to ",G$19) -> Sum of Expenditures Prior to 2026
C104: Real Estate Services Labor Costs
C105: King County Project Management
C106: Lease Payments/Associated O&M
C107: Service Costs (Appraisal, Title, Move)
C108: Tenant and Other Improvements
C109: 10% Art for General Fund Transactions
C110: Other Transaction Costs
C112: Appropriation Unit/Project Combination #4
C113: Appropriation Unit | G113: Project Number
C114: Expenditure Category | E114: Expenditure Notes | G114: =$G$57 -> 2026 | H114: =G114+1 -> 2027 | I114: =H114+1 -> 2028 | J114: =I114+1 -> 2029 | M114: Sum of Outyear Impacts | N114: =CONCATENATE("Sum of Expenditures Prior to ",G$19) -> Sum of Expenditures Prior to 2026
C115: Real Estate Services Labor Costs
C116: King County Project Management
C117: Lease Payments/Associated O&M
C118: Service Costs (Appraisal, Title, Move)
C119: Tenant and Other Improvements
C120: 10% Art for General Fund Transactions
C121: Other Transaction Costs
C123: Appropriation Unit/Project Combination #5
C124: Appropriation Unit | G124: Project Number
C125: Expenditure Category | E125: Expenditure Notes | G125: =$G$57 -> 2026 | H125: =G125+1 -> 2027 | I125: =H125+1 -> 2028 | J125: =I125+1 -> 2029 | M125: Sum of Outyear Impacts | N125: =CONCATENATE("Sum of Expenditures Prior to ",G$19) -> Sum of Expenditures Prior to 2026
C126: Real Estate Services Labor Costs
C127: King County Project Management
C128: Lease Payments/Associated O&M
C129: Service Costs (Appraisal, Title, Move)
C130: Tenant and Other Improvements
C131: 10% Art for General Fund Transactions
C132: Other Transaction Costs
C134: Appropriation Unit/Project Combination #6
C135: Appropriation Unit | G135: Project Number
C136: Expenditure Category | E136: Expenditure Notes | G136: =$G$57 -> 2026 | H136: =G136+1 -> 2027 | I136: =H136+1 -> 2028 | J136: =I136+1 -> 2029 | M136: Sum of Outyear Impacts | N136: =CONCATENATE("Sum of Expenditures Prior to ",G$19) -> Sum of Expenditures Prior to 2026
C137: Real Estate Services Labor Costs
C138: King County Project Management
C139: Lease Payments/Associated O&M
C140: Service Costs (Appraisal, Title, Move)
...

Sheet 3a.  Simple Form Fiscal Note
A1: KING COUNTY FISCAL NOTE - Property Leases and Sales
A3: GENERAL TRANSACTION INFORMATION
A5: Ordinance/Motion:
A6: Title: | C6: =IF('2a. Simple Form Data Entry'!G11="", " ",'2a. Simple Form Data Entry'!G11) -> Valley Regional Fire Authority - Auburn | L6: Transaction Duration: | R6: =IF('2a. Simple Form Data Entry'!G17="", " ",'2a. Simple Form Data Entry'!G17) -> Five Years
A7: Affected Agency/Agencies: | C7: =IF('2a. Simple Form Data Entry'!G12="", " ",'2a. Simple Form Data Entry'!G12) -> Public Health - Seattle King County | L7: Fair Market Value: | R7: ='2a. Simple Form Data Entry'!G18 -> N/A
A8: Note Prepared By: | C8: =IF('2a. Simple Form Data Entry'!G15="", " ",'2a. Simple Form Data Entry'!G15) -> Sandy Ou / Steven Tease | F8: Date Prepared: | H8: =IF('2a. Simple Form Data Entry'!G15="", " ", '2a. Simple Form Data Entry'!G16) -> 2/3/2026 | L8: Legal Transaction Type: | R8: =IF('2a. Simple Form Data Entry'!G13="", " ",'2a. Simple Form Data Entry'!G13) -> Lease Renewal
A9: Note Reviewed By: | F9: Date Reviewed: | L9: Fiscal Transaction Type: | R9: =IF('2a. Simple Form Data Entry'!G14="", " ",'2a. Simple Form Data Entry'!G14) -> Stand Alone
A10: Description of Request: | C10: =IF('2a. Simple Form Data Entry'!G10="", " ", '2a. Simple Form Data Entry'!G10) -> Valley Regional Fire Authority - King County Medic One Auburn
A13: FINANCIAL IMPACTS
A15: Part 1 - Net Present Value Analysis Results
A17: Net Present Value to King County (all impacts): *** | E17: =IF('2a. Simple Form Data Entry'!G39="N", "NA",'2a. Simple Form Data Entry'!G40) -> NA | H17: Net Present Value to Primary Impacted Agency (customer of transaction): *** | O17: =IF('2a. Simple Form Data Entry'!G39="N", "NA",'2a. Simple Form Data Entry'!G41) -> NA
A19: Part 2 - Revenue and Expenditure Impacts
A21: As of the preparation date of this fiscal note, the impact of the above legislation on the financial affairs of King County is estimated to be as indicated below:
A23: Revenue to: 2,3,5
A24: Appropriation Unit | D24: Appr. Number | E24: Department | F24: Fund Number | G24: Project Number | H24: Revenue Account Code and Source/Description | I24: ='2a. Simple Form Data Entry'!N57 -> Sum of Revenues Prior to 2026 | J24: ='2a. Simple Form Data Entry'!G19 -> 2026 | K24: =J24+1 -> 2027 | L24: =CONCATENATE(J24," / ",K24) -> 2026 / 2027 | M24: =K24+1 -> 2028 | N24: =M24+1 -> 2029 | O24: =CONCATENATE(M24," / ",N24) -> 2028 / 2029 | P24: =N24+1 -> 2030 | Q24: =P24+1 -> 2031 | R24: =CONCATENATE(P24," / ",Q24) -> 2030 / 2031 | S24: Sum of Outyear Impacts 2
A25: =IF('2a. Simple Form Data Entry'!C58="", " ", '2a. Simple Form Data Entry'!C58) | D25: =IF(A25=" ", " ", IF(A25='2a. Simple Form Data Entry'!$G$21, '2a. Simple Form Data Entry'!J$21, IF(A25='2a. Simple Form Data Entry'!$G$22,'2a. Simple Form Data Entry'!J$22, IF(A25='2a. Simple Form Data Entry'!$G$23, '2a. Simple Form Data Entry'!J$23, IF(A25='2a. Simple Form Data Entry'!$G$24, '2a. Simple Form Data Entry'!$J$24, IF(A25='2a. Simple Form Data Entry'!$G$25,'2a. Simple Form Data Entry'!J$25, IF(A25='2a. Simple Form Data Entry'!$G$26,'2a. Simple Form Data Entry'!J$26, " "))))))) | E25: =IF(A25=" ", " ", IF(A25='2a. Simple Form Data Entry'!$G$21, '2a. Simple Form Data Entry'!K$21, IF(A25='2a. Simple Form Data Entry'!$G$22,'2a. Simple Form Data Entry'!K$22, IF(A25='2a. Simple Form Data Entry'!$G$23, '2a. Simple Form Data Entry'!K$23, IF(A25='2a. Simple Form Data Entry'!$G$24, '2a. Simple Form Data Entry'!$K$24, IF(A25='2a. Simple Form Data Entry'!G$25,'2a. Simple Form Data Entry'!K$25, IF(A25='2a. Simple Form Data Entry'!G$26,'2a. Simple Form Data Entry'!K$26, " "))))))) | F25: =IF(A25=" ", " ", IF(A25='2a. Simple Form Data Entry'!$G$21, '2a. Simple Form Data Entry'!L$21, IF(A25='2a. Simple Form Data Entry'!$G$22,'2a. Simple Form Data Entry'!L$22, IF(A25='2a. Simple Form Data Entry'!$G$23, '2a. Simple Form Data Entry'!L$23, IF(A25='2a. Simple Form Data Entry'!$G$24, '2a. Simple Form Data Entry'!$L$24, IF(A25='2a. Simple Form Data Entry'!G$25,'2a. Simple Form Data Entry'!L$25, IF(A25='2a. Simple Form Data Entry'!G$26,'2a. Simple Form Data Entry'!L$26, " "))))))) | G25: =IF(A25="", " ", '2a. Simple Form Data Entry'!D58) | H25: =IF('2a. Simple Form Data Entry'!E58="", " ",'2a. Simple Form Data Entry'!E58) | I25: ='2a. Simple Form Data Entry'!N58 -> 0 | J25: ='2a. Simple Form Data Entry'!G58 -> 0 | K25: ='2a. Simple Form Data Entry'!H58 -> 0 | L25: =J25+K25 -> 0 | M25: ='2a. Simple Form Data Entry'!I58 -> 0 | N25: ='2a. Simple Form Data Entry'!J58 -> 0 | O25: =M25+N25 -> 0 | P25: ='2a. Simple Form Data Entry'!K58 -> 0 | Q25: ='2a. Simple Form Data Entry'!L58 -> 0 | R25: =P25+Q25 -> 0 | S25: ='2a. Simple Form Data Entry'!M58 -> 0
A26: =IF('2a. Simple Form Data Entry'!C59="", " ", '2a. Simple Form Data Entry'!C59) | D26: =IF(A26=" ", " ", IF(A26='2a. Simple Form Data Entry'!$G$21, '2a. Simple Form Data Entry'!J$21, IF(A26='2a. Simple Form Data Entry'!$G$22,'2a. Simple Form Data Entry'!J$22, IF(A26='2a. Simple Form Data Entry'!$G$23, '2a. Simple Form Data Entry'!J$23, IF(A26='2a. Simple Form Data Entry'!$G$24, '2a. Simple Form Data Entry'!$J$24, IF(A26='2a. Simple Form Data Entry'!$G$25,'2a. Simple Form Data Entry'!J$25, IF(A26='2a. Simple Form Data Entry'!$G$26,'2a. Simple Form Data Entry'!J$26, " "))))))) | E26: =IF(A26=" ", " ", IF(A26='2a. Simple Form Data Entry'!$G$21, '2a. Simple Form Data Entry'!K$21, IF(A26='2a. Simple Form Data Entry'!$G$22,'2a. Simple Form Data Entry'!K$22, IF(A26='2a. Simple Form Data Entry'!$G$23, '2a. Simple Form Data Entry'!K$23, IF(A26='2a. Simple Form Data Entry'!$G$24, '2a. Simple Form Data Entry'!$K$24, IF(A26='2a. Simple Form Data Entry'!G$25,'2a. Simple Form Data Entry'!K$25, IF(A26='2a. Simple Form Data Entry'!G$26,'2a. Simple Form Data Entry'!K$26, " "))))))) | F26: =IF(A26=" ", " ", IF(A26='2a. Simple Form Data Entry'!$G$21, '2a. Simple Form Data Entry'!L$21, IF(A26='2a. Simple Form Data Entry'!$G$22,'2a. Simple Form Data Entry'!L$22, IF(A26='2a. Simple Form Data Entry'!$G$23, '2a. Simple Form Data Entry'!L$23, IF(A26='2a. Simple Form Data Entry'!$G$24, '2a. Simple Form Data Entry'!$L$24, IF(A26='2a. Simple Form Data Entry'!G$25,'2a. Simple Form Data Entry'!L$25, IF(A26='2a. Simple Form Data Entry'!G$26,'2a. Simple Form Data Entry'!L$26, " "))))))) | G26: =IF(A26="", " ", '2a. Simple Form Data Entry'!D59) | H26: =IF('2a. Simple Form Data Entry'!E59="", " ",'2a. Simple Form Data Entry'!E59) | I26: ='2a. Simple Form Data Entry'!N59 -> 0 | J26: ='2a. Simple Form Data Entry'!G59 -> 0 | K26: ='2a. Simple Form Data Entry'!H59 -> 0 | L26: =J26+K26 -> 0 | M26: ='2a. Simple Form Data Entry'!I59 -> 0 | N26: ='2a. Simple Form Data Entry'!J59 -> 0 | O26: =M26+N26 -> 0 | P26: ='2a. Simple Form Data Entry'!K59 -> 0 | Q26: ='2a. Simple Form Data Entry'!L59 -> 0 | R26: =P26+Q26 -> 0 | S26: ='2a. Simple Form Data Entry'!M59 -> 0
A27: =IF('2a. Simple Form Data Entry'!C60="", " ", '2a. Simple Form Data Entry'!C60) | D27: =IF(A27=" ", " ", IF(A27='2a. Simple Form Data Entry'!$G$21, '2a. Simple Form Data Entry'!J$21, IF(A27='2a. Simple Form Data Entry'!$G$22,'2a. Simple Form Data Entry'!J$22, IF(A27='2a. Simple Form Data Entry'!$G$23, '2a. Simple Form Data Entry'!J$23, IF(A27='2a. Simple Form Data Entry'!$G$24, '2a. Simple Form Data Entry'!$J$24, IF(A27='2a. Simple Form Data Entry'!$G$25,'2a. Simple Form Data Entry'!J$25, IF(A27='2a. Simple Form Data Entry'!$G$26,'2a. Simple Form Data Entry'!J$26, " "))))))) | E27: =IF(A27=" ", " ", IF(A27='2a. Simple Form Data Entry'!$G$21, '2a. Simple Form Data Entry'!K$21, IF(A27='2a. Simple Form Data Entry'!$G$22,'2a. Simple Form Data Entry'!K$22, IF(A27='2a. Simple Form Data Entry'!$G$23, '2a. Simple Form Data Entry'!K$23, IF(A27='2a. Simple Form Data Entry'!$G$24, '2a. Simple Form Data Entry'!$K$24, IF(A27='2a. Simple Form Data Entry'!G$25,'2a. Simple Form Data Entry'!K$25, IF(A27='2a. Simple Form Data Entry'!G$26,'2a. Simple Form Data Entry'!K$26, " "))))))) | F27: =IF(A27=" ", " ", IF(A27='2a. Simple Form Data Entry'!$G$21, '2a. Simple Form Data Entry'!L$21, IF(A27='2a. Simple Form Data Entry'!$G$22,'2a. Simple Form Data Entry'!L$22, IF(A27='2a. Simple Form Data Entry'!$G$23, '2a. Simple Form Data Entry'!L$23, IF(A27='2a. Simple Form Data Entry'!$G$24, '2a. Simple Form Data Entry'!$L$24, IF(A27='2a. Simple Form Data Entry'!G$25,'2a. Simple Form Data Entry'!L$25, IF(A27='2a. Simple Form Data Entry'!G$26,'2a. Simple Form Data Entry'!L$26, " "))))))) | G27: =IF(A27="", " ", '2a. Simple Form Data Entry'!D60) | H27: =IF('2a. Simple Form Data Entry'!E60="", " ",'2a. Simple Form Data Entry'!E60) | I27: ='2a. Simple Form Data Entry'!N60 -> 0 | J27: ='2a. Simple Form Data Entry'!G60 -> 0 | K27: ='2a. Simple Form Data Entry'!H60 -> 0 | L27: =J27+K27 -> 0 | M27: ='2a. Simple Form Data Entry'!I60 -> 0 | N27: ='2a. Simple Form Data Entry'!J60 -> 0 | O27: =M27+N27 -> 0 | P27: ='2a. Simple Form Data Entry'!K60 -> 0 | Q27: ='2a. Simple Form Data Entry'!L60 -> 0 | R27: =P27+Q27 -> 0 | S27: ='2a. Simple Form Data Entry'!M60 -> 0
A28: =IF('2a. Simple Form Data Entry'!C61="", " ", '2a. Simple Form Data Entry'!C61) | D28: =IF(A28=" ", " ", IF(A28='2a. Simple Form Data Entry'!$G$21, '2a. Simple Form Data Entry'!J$21, IF(A28='2a. Simple Form Data Entry'!$G$22,'2a. Simple Form Data Entry'!J$22, IF(A28='2a. Simple Form Data Entry'!$G$23, '2a. Simple Form Data Entry'!J$23, IF(A28='2a. Simple Form Data Entry'!$G$24, '2a. Simple Form Data Entry'!$J$24, IF(A28='2a. Simple Form Data Entry'!$G$25,'2a. Simple Form Data Entry'!J$25, IF(A28='2a. Simple Form Data Entry'!$G$26,'2a. Simple Form Data Entry'!J$26, " "))))))) | E28: =IF(A28=" ", " ", IF(A28='2a. Simple Form Data Entry'!$G$21, '2a. Simple Form Data Entry'!K$21, IF(A28='2a. Simple Form Data Entry'!$G$22,'2a. Simple Form Data Entry'!K$22, IF(A28='2a. Simple Form Data Entry'!$G$23, '2a. Simple Form Data Entry'!K$23, IF(A28='2a. Simple Form Data Entry'!$G$24, '2a. Simple Form Data Entry'!$K$24, IF(A28='2a. Simple Form Data Entry'!G$25,'2a. Simple Form Data Entry'!K$25, IF(A28='2a. Simple Form Data Entry'!G$26,'2a. Simple Form Data Entry'!K$26, " "))))))) | F28: =IF(A28=" ", " ", IF(A28='2a. Simple Form Data Entry'!$G$21, '2a. Simple Form Data Entry'!L$21, IF(A28='2a. Simple Form Data Entry'!$G$22,'2a. Simple Form Data Entry'!L$22, IF(A28='2a. Simple Form Data Entry'!$G$23, '2a. Simple Form Data Entry'!L$23, IF(A28='2a. Simple Form Data Entry'!$G$24, '2a. Simple Form Data Entry'!$L$24, IF(A28='2a. Simple Form Data Entry'!G$25,'2a. Simple Form Data Entry'!L$25, IF(A28='2a. Simple Form Data Entry'!G$26,'2a. Simple Form Data Entry'!L$26, " "))))))) | G28: =IF(A28="", " ", '2a. Simple Form Data Entry'!D61) | H28: =IF('2a. Simple Form Data Entry'!E61="", " ",'2a. Simple Form Data Entry'!E61) | I28: ='2a. Simple Form Data Entry'!N61 -> 0 | J28: ='2a. Simple Form Data Entry'!G61 -> 0 | K28: ='2a. Simple Form Data Entry'!H61 -> 0 | L28: =J28+K28 -> 0 | M28: ='2a. Simple Form Data Entry'!I61 -> 0 | N28: ='2a. Simple Form Data Entry'!J61 -> 0 | O28: =M28+N28 -> 0 | P28: ='2a. Simple Form Data Entry'!K61 -> 0 | Q28: ='2a. Simple Form Data Entry'!L61 -> 0 | R28: =P28+Q28 -> 0 | S28: ='2a. Simple Form Data Entry'!M61 -> 0
A29: =IF('2a. Simple Form Data Entry'!C62="", " ", '2a. Simple Form Data Entry'!C62) | D29: =IF(A29=" ", " ", IF(A29='2a. Simple Form Data Entry'!$G$21, '2a. Simple Form Data Entry'!J$21, IF(A29='2a. Simple Form Data Entry'!$G$22,'2a. Simple Form Data Entry'!J$22, IF(A29='2a. Simple Form Data Entry'!$G$23, '2a. Simple Form Data Entry'!J$23, IF(A29='2a. Simple Form Data Entry'!$G$24, '2a. Simple Form Data Entry'!$J$24, IF(A29='2a. Simple Form Data Entry'!$G$25,'2a. Simple Form Data Entry'!J$25, IF(A29='2a. Simple Form Data Entry'!$G$26,'2a. Simple Form Data Entry'!J$26, " "))))))) | E29: =IF(A29=" ", " ", IF(A29='2a. Simple Form Data Entry'!$G$21, '2a. Simple Form Data Entry'!K$21, IF(A29='2a. Simple Form Data Entry'!$G$22,'2a. Simple Form Data Entry'!K$22, IF(A29='2a. Simple Form Data Entry'!$G$23, '2a. Simple Form Data Entry'!K$23, IF(A29='2a. Simple Form Data Entry'!$G$24, '2a. Simple Form Data Entry'!$K$24, IF(A29='2a. Simple Form Data Entry'!G$25,'2a. Simple Form Data Entry'!K$25, IF(A29='2a. Simple Form Data Entry'!G$26,'2a. Simple Form Data Entry'!K$26, " "))))))) | F29: =IF(A29=" ", " ", IF(A29='2a. Simple Form Data Entry'!$G$21, '2a. Simple Form Data Entry'!L$21, IF(A29='2a. Simple Form Data Entry'!$G$22,'2a. Simple Form Data Entry'!L$22, IF(A29='2a. Simple Form Data Entry'!$G$23, '2a. Simple Form Data Entry'!L$23, IF(A29='2a. Simple Form Data Entry'!$G$24, '2a. Simple Form Data Entry'!$L$24, IF(A29='2a. Simple Form Data Entry'!G$25,'2a. Simple Form Data Entry'!L$25, IF(A29='2a. Simple Form Data Entry'!G$26,'2a. Simple Form Data Entry'!L$26, " "))))))) | G29: =IF(A29="", " ", '2a. Simple Form Data Entry'!D62) | H29: =IF('2a. Simple Form Data Entry'!E62="", " ",'2a. Simple Form Data Entry'!E62) | I29: ='2a. Simple Form Data Entry'!N62 -> 0 | J29: ='2a. Simple Form Data Entry'!G62 -> 0 | K29: ='2a. Simple Form Data Entry'!H62 -> 0 | L29: =J29+K29 -> 0 | M29: ='2a. Simple Form Data Entry'!I62 -> 0 | N29: ='2a. Simple Form Data Entry'!J62 -> 0 | O29: =M29+N29 -> 0 | P29: ='2a. Simple Form Data Entry'!K62 -> 0 | Q29: ='2a. Simple Form Data Entry'!L62 -> 0 | R29: =P29+Q29 -> 0 | S29: ='2a. Simple Form Data Entry'!M62 -> 0
A30: =IF('2a. Simple Form Data Entry'!C63="", " ", '2a. Simple Form Data Entry'!C63) | D30: =IF(A30=" ", " ", IF(A30='2a. Simple Form Data Entry'!$G$21, '2a. Simple Form Data Entry'!J$21, IF(A30='2a. Simple Form Data Entry'!$G$22,'2a. Simple Form Data Entry'!J$22, IF(A30='2a. Simple Form Data Entry'!$G$23, '2a. Simple Form Data Entry'!J$23, IF(A30='2a. Simple Form Data Entry'!$G$24, '2a. Simple Form Data Entry'!$J$24, IF(A30='2a. Simple Form Data Entry'!$G$25,'2a. Simple Form Data Entry'!J$25, IF(A30='2a. Simple Form Data Entry'!$G$26,'2a. Simple Form Data Entry'!J$26, " "))))))) | E30: =IF(A30=" ", " ", IF(A30='2a. Simple Form Data Entry'!$G$21, '2a. Simple Form Data Entry'!K$21, IF(A30='2a. Simple Form Data Entry'!$G$22,'2a. Simple Form Data Entry'!K$22, IF(A30='2a. Simple Form Data Entry'!$G$23, '2a. Simple Form Data Entry'!K$23, IF(A30='2a. Simple Form Data Entry'!$G$24, '2a. Simple Form Data Entry'!$K$24, IF(A30='2a. Simple Form Data Entry'!G$25,'2a. Simple Form Data Entry'!K$25, IF(A30='2a. Simple Form Data Entry'!G$26,'2a. Simple Form Data Entry'!K$26, " "))))))) | F30: =IF(A30=" ", " ", IF(A30='2a. Simple Form Data Entry'!$G$21, '2a. Simple Form Data Entry'!L$21, IF(A30='2a. Simple Form Data Entry'!$G$22,'2a. Simple Form Data Entry'!L$22, IF(A30='2a. Simple Form Data Entry'!$G$23, '2a. Simple Form Data Entry'!L$23, IF(A30='2a. Simple Form Data Entry'!$G$24, '2a. Simple Form Data Entry'!$L$24, IF(A30='2a. Simple Form Data Entry'!G$25,'2a. Simple Form Data Entry'!L$25, IF(A30='2a. Simple Form Data Entry'!G$26,'2a. Simple Form Data Entry'!L$26, " "))))))) | G30: =IF(A30="", " ", '2a. Simple Form Data Entry'!D63) | H30: =IF('2a. Simple Form Data Entry'!E63="", " ",'2a. Simple Form Data Entry'!E63) | I30: ='2a. Simple Form Data Entry'!N63 -> 0 | J30: ='2a. Simple Form Data Entry'!G63 -> 0 | K30: ='2a. Simple Form Data Entry'!H63 -> 0 | L30: =J30+K30 -> 0 | M30: ='2a. Simple Form Data Entry'!I63 -> 0 | N30: ='2a. Simple Form Data Entry'!J63 -> 0 | O30: =M30+N30 -> 0 | P30: ='2a. Simple Form Data Entry'!K63 -> 0 | Q30: ='2a. Simple Form Data Entry'!L63 -> 0 | R30: =P30+Q30 -> 0 | S30: ='2a. Simple Form Data Entry'!M63 -> 0
C31: TOTAL | I31: =SUM(I25:I30) -> 0 | J31: =SUM(J25:J30) -> 0 | K31: =SUM(K25:K30) -> 0 | L31: =J31+K31 -> 0 | M31: =SUM(M25:M30) -> 0 | N31: =SUM(N25:N30) -> 0 | O31: =M31+N31 -> 0 | P31: =SUM(P25:P30) -> 0 | Q31: =SUM(Q25:Q30) -> 0 | R31: =P31+Q31 -> 0 | S31: =SUM(S25:S30) -> 0
A33: Expenditures from: 2,3,4,5
A34: Appropriation Unit/Expenditure Type | D34: Appr. Number | E34: Department | F34: Fund Number | G34: Project Number | H34: Expenditure Notes | I34: ='2a. Simple Form Data Entry'!N81 -> Sum of Expenditures Prior to 2026 | J34: ='2a. Simple Form Data Entry'!G19 -> 2026 | K34: =J34+1 -> 2027 | L34: =CONCATENATE(J34," / ",K34) -> 2026 / 2027 | M34: =K34+1 -> 2028 | N34: =M34+1 -> 2029 | O34: =CONCATENATE(M34," / ",N34) -> 2028 / 2029 | P34: =N34+1 -> 2030 | Q34: =P34+1 -> 2031 | R34: =CONCATENATE(P34," / ",Q34) -> 2030 / 2031 | S34: Sum of Outyear Impacts 2
A35: =IF('2a. Simple Form Data Entry'!E80="", " ", '2a. Simple Form Data Entry'!E80) | D35: =IF(A35=" ", " ", IF(A35='2a. Simple Form Data Entry'!$G$21, '2a. Simple Form Data Entry'!J$21, IF(A35='2a. Simple Form Data Entry'!$G$22,'2a. Simple Form Data Entry'!J$22, IF(A35='2a. Simple Form Data Entry'!$G$23, '2a. Simple Form Data Entry'!J$23, IF(A35='2a. Simple Form Data Entry'!$G$24, '2a. Simple Form Data Entry'!$J$24, IF(A35='2a. Simple Form Data Entry'!$G$25,'2a. Simple Form Data Entry'!J$25, IF(A35='2a. Simple Form Data Entry'!$G$26,'2a. Simple Form Data Entry'!J$26, " "))))))) | E35: =IF(A35=" ", " ", IF(A35='2a. Simple Form Data Entry'!$G$21, '2a. Simple Form Data Entry'!K$21, IF(A35='2a. Simple Form Data Entry'!$G$22,'2a. Simple Form Data Entry'!K$22, IF(A35='2a. Simple Form Data Entry'!$G$23, '2a. Simple Form Data Entry'!K$23, IF(A35='2a. Simple Form Data Entry'!$G$24, '2a. Simple Form Data Entry'!$K$24, IF(A35='2a. Simple Form Data Entry'!G$25,'2a. Simple Form Data Entry'!K$25, IF(A35='2a. Simple Form Data Entry'!G$26,'2a. Simple Form Data Entry'!K$26, " "))))))) | F35: =IF(A35=" ", " ", IF(A35='2a. Simple Form Data Entry'!$G$21, '2a. Simple Form Data Entry'!L$21, IF(A35='2a. Simple Form Data Entry'!$G$22,'2a. Simple Form Data Entry'!L$22, IF(A35='2a. Simple Form Data Entry'!$G$23, '2a. Simple Form Data Entry'!L$23, IF(A35='2a. Simple Form Data Entry'!$G$24, '2a. Simple Form Data Entry'!$L$24, IF(A35='2a. Simple Form Data Entry'!G$25,'2a. Simple Form Data Entry'!L$25, IF(A35='2a. Simple Form Data Entry'!G$26,'2a. Simple Form Data Entry'!L$26, " "))))))) | G35: =IF('2a. Simple Form Data Entry'!I80="", " ", '2a. Simple Form Data Entry'!I80)
B36: Real Estate Services Labor Costs | H36: =IF('2a. Simple Form Data Entry'!E82="", " ", '2a. Simple Form Data Entry'!E82) | I36: ='2a. Simple Form Data Entry'!N82 -> 0 | J36: ='2a. Simple Form Data Entry'!G82 -> 0 | K36: ='2a. Simple Form Data Entry'!H82 -> 0 | L36: =J36+K36 -> 0 | M36: ='2a. Simple Form Data Entry'!I82 -> 0 | N36: ='2a. Simple Form Data Entry'!J82 -> 0 | O36: =M36+N36 -> 0 | P36: ='2a. Simple Form Data Entry'!K82 -> 0 | Q36: ='2a. Simple Form Data Entry'!L82 -> 0 | R36: =P36+Q36 -> 0 | S36: ='2a. Simple Form Data Entry'!M82 -> 0
B37: King County Project Management | H37: =IF('2a. Simple Form Data Entry'!E83="", " ", '2a. Simple Form Data Entry'!E83) | I37: ='2a. Simple Form Data Entry'!N83 -> 0 | J37: ='2a. Simple Form Data Entry'!G83 -> 0 | K37: ='2a. Simple Form Data Entry'!H83 -> 0 | L37: =J37+K37 -> 0 | M37: ='2a. Simple Form Data Entry'!I83 -> 0 | N37: ='2a. Simple Form Data Entry'!J83 -> 0 | O37: =M37+N37 -> 0 | P37: ='2a. Simple Form Data Entry'!K83 -> 0 | Q37: ='2a. Simple Form Data Entry'!L83 -> 0 | R37: =P37+Q37 -> 0 | S37: ='2a. Simple Form Data Entry'!M83 -> 0
B38: Lease Payments/Associated O&M | H38: =IF('2a. Simple Form Data Entry'!E84="", " ", '2a. Simple Form Data Entry'!E84) -> Assumptions: 1) Rent payment with annual increase by three percent; 2) Exercise the option to extend the initial term for three additional five year periods | I38: ='2a. Simple Form Data Entry'!N84 -> 0 | J38: ='2a. Simple Form Data Entry'!G84 -> 0 | K38: ='2a. Simple Form Data Entry'!H84 -> 19032 | L38: =J38+K38 -> 19032 | M38: ='2a. Simple Form Data Entry'!I84 -> 19602.96 | N38: ='2a. Simple Form Data Entry'!J84 -> 20191.049 | O38: =M38+N38 -> 39794.009 | P38: ='2a. Simple Form Data Entry'!K84 -> 20796.78 | Q38: ='2a. Simple Form Data Entry'!L84 -> 21420.684 | R38: =P38+Q38 -> 42217.464 | S38: ='2a. Simple Form Data Entry'!M84 -> 410353.49
B39: Service Costs (Appraisal, Title, Move) | H39: =IF('2a. Simple Form Data Entry'!E85="", " ", '2a. Simple Form Data Entry'!E85) | I39: ='2a. Simple Form Data Entry'!N85 -> 0 | J39: ='2a. Simple Form Data Entry'!G85 -> 0 | K39: ='2a. Simple Form Data Entry'!H85 -> 0 | L39: =J39+K39 -> 0 | M39: ='2a. Simple Form Data Entry'!I85 -> 0 | N39: ='2a. Simple Form Data Entry'!J85 -> 0 | O39: =M39+N39 -> 0 | P39: ='2a. Simple Form Data Entry'!K85 -> 0 | Q39: ='2a. Simple Form Data Entry'!L85 -> 0 | R39: =P39+Q39 -> 0 | S39: ='2a. Simple Form Data Entry'!M85 -> 0
B40: Tenant and Other Improvements | H40: =IF('2a. Simple Form Data Entry'!E86="", " ", '2a. Simple Form Data Entry'!E86) | I40: ='2a. Simple Form Data Entry'!N86 -> 0 | J40: ='2a. Simple Form Data Entry'!G86 -> 0 | K40: ='2a. Simple Form Data Entry'!H86 -> 0 | L40: =J40+K40 -> 0 | M40: ='2a. Simple Form Data Entry'!I86 -> 0 | N40: ='2a. Simple Form Data Entry'!J86 -> 0 | O40: =M40+N40 -> 0 | P40: ='2a. Simple Form Data Entry'!K86 -> 0 | Q40: ='2a. Simple Form Data Entry'!L86 -> 0 | R40: =P40+Q40 -> 0 | S40: ='2a. Simple Form Data Entry'!M86 -> 0
B41: 10% Art for General Fund Transactions | H41: =IF('2a. Simple Form Data Entry'!E87="", " ", '2a. Simple Form Data Entry'!E87) | I41: ='2a. Simple Form Data Entry'!N87 -> 0 | J41: ='2a. Simple Form Data Entry'!G87 -> 0 | K41: ='2a. Simple Form Data Entry'!H87 -> 0 | L41: =J41+K41 -> 0 | M41: ='2a. Simple Form Data Entry'!I87 -> 0 | N41: ='2a. Simple Form Data Entry'!J87 -> 0 | O41: =M41+N41 -> 0 | P41: ='2a. Simple Form Data Entry'!K87 -> 0 | Q41: ='2a. Simple Form Data Entry'!L87 -> 0 | R41: =P41+Q41 -> 0 | S41: ='2a. Simple Form Data Entry'!M87 -> 0
B42: Other Transaction Costs | H42: =IF('2a. Simple Form Data Entry'!E88="", " ", '2a. Simple Form Data Entry'!E88) | I42: ='2a. Simple Form Data Entry'!N88 -> 0 | J42: ='2a. Simple Form Data Entry'!G88 -> 0 | K42: ='2a. Simple Form Data Entry'!H88 -> 0 | L42: =J42+K42 -> 0 | M42: ='2a. Simple Form Data Entry'!I88 -> 0 | N42: ='2a. Simple Form Data Entry'!J88 -> 0 | O42: =M42+N42 -> 0 | P42: ='2a. Simple Form Data Entry'!K88 -> 0 | Q42: ='2a. Simple Form Data Entry'!L88 -> 0 | R42: =P42+Q42 -> 0 | S42: ='2a. Simple Form Data Entry'!M88 -> 0
C43: SUBTOTAL | I43: =SUM(I36:I42) -> 0 | J43: =SUM(J36:J42) -> 0 | K43: =SUM(K36:K42) -> 19032 | L43: =J43+K43 -> 19032 | M43: =SUM(M36:M42) -> 19602.96 | N43: =SUM(N36:N42) -> 20191.049 | O43: =M43+N43 -> 39794.009 | P43: =SUM(P36:P42) -> 20796.78 | Q43: =SUM(Q36:Q42) -> 21420.684 | R43: =P43+Q43 -> 42217.464 | S43: =SUM(S36:S42) -> 410353.49
A45: =IF('2a. Simple Form Data Entry'!E91="", " ", '2a. Simple Form Data Entry'!E91) | D45: =IF(A45=" ", " ", IF(A45='2a. Simple Form Data Entry'!$G$21, '2a. Simple Form Data Entry'!J$21, IF(A45='2a. Simple Form Data Entry'!$G$22,'2a. Simple Form Data Entry'!J$22, IF(A45='2a. Simple Form Data Entry'!$G$23, '2a. Simple Form Data Entry'!J$23, IF(A45='2a. Simple Form Data Entry'!$G$24, '2a. Simple Form Data Entry'!$J$24, IF(A45='2a. Simple Form Data Entry'!$G$25,'2a. Simple Form Data Entry'!J$25, IF(A45='2a. Simple Form Data Entry'!$G$26,'2a. Simple Form Data Entry'!J$26, " "))))))) | E45: =IF(A45=" ", " ", IF(A45='2a. Simple Form Data Entry'!$G$21, '2a. Simple Form Data Entry'!K$21, IF(A45='2a. Simple Form Data Entry'!$G$22,'2a. Simple Form Data Entry'!K$22, IF(A45='2a. Simple Form Data Entry'!$G$23, '2a. Simple Form Data Entry'!K$23, IF(A45='2a. Simple Form Data Entry'!$G$24, '2a. Simple Form Data Entry'!$K$24, IF(A45='2a. Simple Form Data Entry'!G$25,'2a. Simple Form Data Entry'!K$25, IF(A45='2a. Simple Form Data Entry'!G$26,'2a. Simple Form Data Entry'!K$26, " "))))))) | F45: =IF(A45=" ", " ", IF(A45='2a. Simple Form Data Entry'!$G$21, '2a. Simple Form Data Entry'!L$21, IF(A45='2a. Simple Form Data Entry'!$G$22,'2a. Simple Form Data Entry'!L$22, IF(A45='2a. Simple Form Data Entry'!$G$23, '2a. Simple Form Data Entry'!L$23, IF(A45='2a. Simple Form Data Entry'!$G$24, '2a. Simple Form Data Entry'!$L$24, IF(A45='2a. Simple Form Data Entry'!G$25,'2a. Simple Form Data Entry'!L$25, IF(A45='2a. Simple Form Data Entry'!G$26,'2a. Simple Form Data Entry'!L$26, " "))))))) | G45: =IF('2a. Simple Form Data Entry'!I91="", " ", '2a. Simple Form Data Entry'!I91)
B46: Real Estate Services Labor Costs | H46: =IF('2a. Simple Form Data Entry'!E93="", " ", '2a. Simple Form Data Entry'!E93) | I46: ='2a. Simple Form Data Entry'!N93 -> 0 | J46: ='2a. Simple Form Data Entry'!G93 -> 0 | K46: ='2a. Simple Form Data Entry'!H93 -> 0 | L46: =J46+K46 -> 0 | M46: ='2a. Simple Form Data Entry'!I93 -> 0 | N46: ='2a. Simple Form Data Entry'!J93 -> 0 | O46: =M46+N46 -> 0 | P46: ='2a. Simple Form Data Entry'!K93 -> 0 | Q46: ='2a. Simple Form Data Entry'!L93 -> 0 | R46: =P46+Q46 -> 0 | S46: ='2a. Simple Form Data Entry'!M93 -> 0
B47: King County Project Management | H47: =IF('2a. Simple Form Data Entry'!E94="", " ", '2a. Simple Form Data Entry'!E94) | I47: ='2a. Simple Form Data Entry'!N94 -> 0 | J47: ='2a. Simple Form Data Entry'!G94 -> 0 | K47: ='2a. Simple Form Data Entry'!H94 -> 0 | L47: =J47+K47 -> 0 | M47: ='2a. Simple Form Data Entry'!I94 -> 0 | N47: ='2a. Simple Form Data Entry'!J94 -> 0 | O47: =M47+N47 -> 0 | P47: ='2a. Simple Form Data Entry'!K94 -> 0 | Q47: ='2a. Simple Form Data Entry'!L94 -> 0 | R47: =P47+Q47 -> 0 | S47: ='2a. Simple Form Data Entry'!M94 -> 0
B48: Lease Payments/Associated O&M | H48: =IF('2a. Simple Form Data Entry'!E95="", " ", '2a. Simple Form Data Entry'!E95) | I48: ='2a. Simple Form Data Entry'!N95 -> 0 | J48: ='2a. Simple Form Data Entry'!G95 -> 0 | K48: ='2a. Simple Form Data Entry'!H95 -> 0 | L48: =J48+K48 -> 0 | M48: ='2a. Simple Form Data Entry'!I95 -> 0 | N48: ='2a. Simple Form Data Entry'!J95 -> 0 | O48: =M48+N48 -> 0 | P48: ='2a. Simple Form Data Entry'!K95 -> 0 | Q48: ='2a. Simple Form Data Entry'!L95 -> 0 | R48: =P48+Q48 -> 0 | S48: ='2a. Simple Form Data Entry'!M95 -> 0
B49: Service Costs (Appraisal, Title, Move) | H49: =IF('2a. Simple Form Data Entry'!E96="", " ", '2a. Simple Form Data Entry'!E96) | I49: ='2a. Simple Form Data Entry'!N96 -> 0 | J49: ='2a. Simple Form Data Entry'!G96 -> 0 | K49: ='2a. Simple Form Data Entry'!H96 -> 0 | L49: =J49+K49 -> 0 | M49: ='2a. Simple Form Data Entry'!I96 -> 0 | N49: ='2a. Simple Form Data Entry'!J96 -> 0 | O49: =M49+N49 -> 0 | P49: ='2a. Simple Form Data Entry'!K96 -> 0 | Q49: ='2a. Simple Form Data Entry'!L96 -> 0 | R49: =P49+Q49 -> 0 | S49: ='2a. Simple Form Data Entry'!M96 -> 0
B50: Tenant and Other Improvements | H50: =IF('2a. Simple Form Data Entry'!E97="", " ", '2a. Simple Form Data Entry'!E97) | I50: ='2a. Simple Form Data Entry'!N97 -> 0 | J50: ='2a. Simple Form Data Entry'!G97 -> 0 | K50: ='2a. Simple Form Data Entry'!H97 -> 0 | L50: =J50+K50 -> 0 | M50: ='2a. Simple Form Data Entry'!I97 -> 0 | N50: ='2a. Simple Form Data Entry'!J97 -> 0 | O50: =M50+N50 -> 0 | P50: ='2a. Simple Form Data Entry'!K97 -> 0 | Q50: ='2a. Simple Form Data Entry'!L97 -> 0 | R50: =P50+Q50 -> 0 | S50: ='2a. Simple Form Data Entry'!M97 -> 0
B51: 10% Art for General Fund Transactions | H51: =IF('2a. Simple Form Data Entry'!E98="", " ", '2a. Simple Form Data Entry'!E98) | I51: ='2a. Simple Form Data Entry'!N98 -> 0 | J51: ='2a. Simple Form Data Entry'!G98 -> 0 | K51: ='2a. Simple Form Data Entry'!H98 -> 0 | L51: =J51+K51 -> 0 | M51: ='2a. Simple Form Data Entry'!I98 -> 0 | N51: ='2a. Simple Form Data Entry'!J98 -> 0 | O51: =M51+N51 -> 0 | P51: ='2a. Simple Form Data Entry'!K98 -> 0 | Q51: ='2a. Simple Form Data Entry'!L98 -> 0 | R51: =P51+Q51 -> 0 | S51: ='2a. Simple Form Data Entry'!M98 -> 0
B52: Other Transaction Costs | H52: =IF('2a. Simple Form Data Entry'!E99="", " ", '2a. Simple Form Data Entry'!E99) | I52: ='2a. Simple Form Data Entry'!N99 -> 0 | J52: ='2a. Simple Form Data Entry'!G99 -> 0 | K52: ='2a. Simple Form Data Entry'!H99 -> 0 | L52: =J52+K52 -> 0 | M52: ='2a. Simple Form Data Entry'!I99 -> 0 | N52: ='2a. Simple Form Data Entry'!J99 -> 0 | O52: =M52+N52 -> 0 | P52: ='2a. Simple Form Data Entry'!K99 -> 0 | Q52: ='2a. Simple Form Data Entry'!L99 -> 0 | R52: =P52+Q52 -> 0 | S52: ='2a. Simple Form Data Entry'!M99 -> 0
C53: SUBTOTAL | I53: =SUM(I46:I52) -> 0 | J53: =SUM(J46:J52) -> 0 | K53: =SUM(K46:K52) -> 0 | L53: =J53+K53 -> 0 | M53: =SUM(M46:M52) -> 0 | N53: =SUM(N46:N52) -> 0 | O53: =M53+N53 -> 0 | P53: =SUM(P46:P52) -> 0 | Q53: =SUM(Q46:Q52) -> 0 | R53: =P53+Q53 -> 0 | S53: =SUM(S46:S52) -> 0
L54: =J54+K54 -> 0 | O54: =M54+N54 -> 0 | R54: =P54+Q54 -> 0
A55: =IF('2a. Simple Form Data Entry'!E102="", " ", '2a. Simple Form Data Entry'!E102) | D55: =IF(A55=" ", " ", IF(A55='2a. Simple Form Data Entry'!$G$21, '2a. Simple Form Data Entry'!J$21, IF(A55='2a. Simple Form Data Entry'!$G$22,'2a. Simple Form Data Entry'!J$22, IF(A55='2a. Simple Form Data Entry'!$G$23, '2a. Simple Form Data Entry'!J$23, IF(A55='2a. Simple Form Data Entry'!$G$24, '2a. Simple Form Data Entry'!$J$24, IF(A55='2a. Simple Form Data Entry'!$G$25,'2a. Simple Form Data Entry'!J$25, IF(A55='2a. Simple Form Data Entry'!$G$26,'2a. Simple Form Data Entry'!J$26, " "))))))) | E55: =IF(A55=" ", " ", IF(A55='2a. Simple Form Data Entry'!$G$21, '2a. Simple Form Data Entry'!K$21, IF(A55='2a. Simple Form Data Entry'!$G$22,'2a. Simple Form Data Entry'!K$22, IF(A55='2a. Simple Form Data Entry'!$G$23, '2a. Simple Form Data Entry'!K$23, IF(A55='2a. Simple Form Data Entry'!$G$24, '2a. Simple Form Data Entry'!$K$24, IF(A55='2a. Simple Form Data Entry'!G$25,'2a. Simple Form Data Entry'!K$25, IF(A55='2a. Simple Form Data Entry'!G$26,'2a. Simple Form Data Entry'!K$26, " "))))))) | F55: =IF(A55=" ", " ", IF(A55='2a. Simple Form Data Entry'!$G$21, '2a. Simple Form Data Entry'!L$21, IF(A55='2a. Simple Form Data Entry'!$G$22,'2a. Simple Form Data Entry'!L$22, IF(A55='2a. Simple Form Data Entry'!$G$23, '2a. Simple Form Data Entry'!L$23, IF(A55='2a. Simple Form Data Entry'!$G$24, '2a. Simple Form Data Entry'!$L$24, IF(A55='2a. Simple Form Data Entry'!$G$25,'2a. Simple Form Data Entry'!$L$25, IF(A55='2a. Simple Form Data Entry'!$G$26,'2a. Simple Form Data Entry'!$L$26, " "))))))) | G55: =IF('2a. Simple Form Data Entry'!I102="", " ", '2a. Simple Form Data Entry'!I102) | L55: =J55+K55 -> 0 | O55: =M55+N55 -> 0 | R55: =P55+Q55 -> 0
B56: Real Estate Services Labor Costs | H56: =IF('2a. Simple Form Data Entry'!E104="", " ", '2a. Simple Form Data Entry'!E104) | I56: ='2a. Simple Form Data Entry'!N104 -> 0 | J56: ='2a. Simple Form Data Entry'!G104 -> 0 | K56: ='2a. Simple Form Data Entry'!H104 -> 0 | L56: =J56+K56 -> 0 | M56: ='2a. Simple Form Data Entry'!I104 -> 0 | N56: ='2a. Simple Form Data Entry'!J104 -> 0 | O56: =M56+N56 -> 0 | P56: ='2a. Simple Form Data Entry'!K104 -> 0 | Q56: ='2a. Simple Form Data Entry'!L104 -> 0 | R56: =P56+Q56 -> 0 | S56: ='2a. Simple Form Data Entry'!M104 -> 0
B57: King County Project Management | H57: =IF('2a. Simple Form Data Entry'!E105="", " ", '2a. Simple Form Data Entry'!E105) | I57: ='2a. Simple Form Data Entry'!N105 -> 0 | J57: ='2a. Simple Form Data Entry'!G105 -> 0 | K57: ='2a. Simple Form Data Entry'!H105 -> 0 | L57: =J57+K57 -> 0 | M57: ='2a. Simple Form Data Entry'!I105 -> 0 | N57: ='2a. Simple Form Data Entry'!J105 -> 0 | O57: =M57+N57 -> 0 | P57: ='2a. Simple Form Data Entry'!K105 -> 0 | Q57: ='2a. Simple Form Data Entry'!L105 -> 0 | R57: =P57+Q57 -> 0 | S57: ='2a. Simple Form Data Entry'!M105 -> 0
B58: Lease Payments/Associated O&M | H58: =IF('2a. Simple Form Data Entry'!E106="", " ", '2a. Simple Form Data Entry'!E106) | I58: ='2a. Simple Form Data Entry'!N106 -> 0 | J58: ='2a. Simple Form Data Entry'!G106 -> 0 | K58: ='2a. Simple Form Data Entry'!H106 -> 0 | L58: =J58+K58 -> 0 | M58: ='2a. Simple Form Data Entry'!I106 -> 0 | N58: ='2a. Simple Form Data Entry'!J106 -> 0 | O58: =M58+N58 -> 0 | P58: ='2a. Simple Form Data Entry'!K106 -> 0 | Q58: ='2a. Simple Form Data Entry'!L106 -> 0 | R58: =P58+Q58 -> 0 | S58: ='2a. Simple Form Data Entry'!M106 -> 0
B59: Service Costs (Appraisal, Title, Move) | H59: =IF('2a. Simple Form Data Entry'!E107="", " ", '2a. Simple Form Data Entry'!E107) | I59: ='2a. Simple Form Data Entry'!N107 -> 0 | J59: ='2a. Simple Form Data Entry'!G107 -> 0 | K59: ='2a. Simple Form Data Entry'!H107 -> 0 | L59: =J59+K59 -> 0 | M59: ='2a. Simple Form Data Entry'!I107 -> 0 | N59: ='2a. Simple Form Data Entry'!J107 -> 0 | O59: =M59+N59 -> 0 | P59: ='2a. Simple Form Data Entry'!K107 -> 0 | Q59: ='2a. Simple Form Data Entry'!L107 -> 0 | R59: =P59+Q59 -> 0 | S59: ='2a. Simple Form Data Entry'!M107 -> 0
B60: Tenant and Other Improvements | H60: =IF('2a. Simple Form Data Entry'!E108="", " ", '2a. Simple Form Data Entry'!E108) | I60: ='2a. Simple Form Data Entry'!N108 -> 0 | J60: ='2a. Simple Form Data Entry'!G108 -> 0 | K60: ='2a. Simple Form Data Entry'!H108 -> 0 | L60: =J60+K60 -> 0 | M60: ='2a. Simple Form Data Entry'!I108 -> 0 | N60: ='2a. Simple Form Data Entry'!J108 -> 0 | O60: =M60+N60 -> 0 | P60: ='2a. Simple Form Data Entry'!K108 -> 0 | Q60: ='2a. Simple Form Data Entry'!L108 -> 0 | R60: =P60+Q60 -> 0 | S60: ='2a. Simple Form Data Entry'!M108 -> 0
B61: 10% Art for General Fund Transactions | H61: =IF('2a. Simple Form Data Entry'!E109="", " ", '2a. Simple Form Data Entry'!E109) | I61: ='2a. Simple Form Data Entry'!N109 -> 0 | J61: ='2a. Simple Form Data Entry'!G109 -> 0 | K61: ='2a. Simple Form Data Entry'!H109 -> 0 | L61: =J61+K61 -> 0 | M61: ='2a. Simple Form Data Entry'!I109 -> 0 | N61: ='2a. Simple Form Data Entry'!J109 -> 0 | O61: =M61+N61 -> 0 | P61: ='2a. Simple Form Data Entry'!K109 -> 0 | Q61: ='2a. Simple Form Data Entry'!L109 -> 0 | R61: =P61+Q61 -> 0 | S61: ='2a. Simple Form Data Entry'!M109 -> 0
B62: Other Transaction Costs | H62: =IF('2a. Simple Form Data Entry'!E110="", " ", '2a. Simple Form Data Entry'!E110) | I62: ='2a. Simple Form Data Entry'!N110 -> 0 | J62: ='2a. Simple Form Data Entry'!G110 -> 0 | K62: ='2a. Simple Form Data Entry'!H110 -> 0 | L62: =J62+K62 -> 0 | M62: ='2a. Simple Form Data Entry'!I110 -> 0 | N62: ='2a. Simple Form Data Entry'!J110 -> 0 | O62: =M62+N62 -> 0 | P62: ='2a. Simple Form Data Entry'!K110 -> 0 | Q62: ='2a. Simple Form Data Entry'!L110 -> 0 | R62: =P62+Q62 -> 0 | S62: ='2a. Simple Form Data Entry'!M110 -> 0
C63: SUBTOTAL | I63: =SUM(I56:I62) -> 0 | J63: =SUM(J56:J62) -> 0 | K63: =SUM(K56:K62) -> 0 | L63: =J63+K63 -> 0 | M63: =SUM(M56:M62) -> 0 | N63: =SUM(N56:N62) -> 0 | O63: =M63+N63 -> 0 | P63: =SUM(P56:P62) -> 0 | Q63: =SUM(Q56:Q62) -> 0 | R63: =P63+Q63 -> 0 | S63: =SUM(S56:S62) -> 0
L64: =J64+K64 -> 0 | O64: =M64+N64 -> 0 | R64: =P64+Q64 -> 0
A65: =IF('2a. Simple Form Data Entry'!E113="", " ", '2a. Simple Form Data Entry'!E113) | D65: =IF(A65=" ", " ", IF(A65='2a. Simple Form Data Entry'!$G$21, '2a. Simple Form Data Entry'!J$21, IF(A65='2a. Simple Form Data Entry'!$G$22,'2a. Simple Form Data Entry'!J$22, IF(A65='2a. Simple Form Data Entry'!$G$23, '2a. Simple Form Data Entry'!J$23, IF(A65='2a. Simple Form Data Entry'!$G$24, '2a. Simple Form Data Entry'!$J$24, IF(A65='2a. Simple Form Data Entry'!$G$25,'2a. Simple Form Data Entry'!J$25, IF(A65='2a. Simple Form Data Entry'!$G$26,'2a. Simple Form Data Entry'!J$26, " "))))))) | E65: =IF(A65=" ", " ", IF(A65='2a. Simple Form Data Entry'!$G$21, '2a. Simple Form Data Entry'!K$21, IF(A65='2a. Simple Form Data Entry'!$G$22,'2a. Simple Form Data Entry'!K$22, IF(A65='2a. Simple Form Data Entry'!$G$23, '2a. Simple Form Data Entry'!K$23, IF(A65='2a. Simple Form Data Entry'!$G$24, '2a. Simple Form Data Entry'!$K$24, IF(A65='2a. Simple Form Data Entry'!G$25,'2a. Simple Form Data Entry'!K$25, IF(A65='2a. Simple Form Data Entry'!G$26,'2a. Simple Form Data Entry'!K$26, " "))))))) | F65: =IF(A65=" ", " ", IF(A65='2a. Simple Form Data Entry'!$G$21, '2a. Simple Form Data Entry'!L$21, IF(A65='2a. Simple Form Data Entry'!$G$22,'2a. Simple Form Data Entry'!L$22, IF(A65='2a. Simple Form Data Entry'!$G$23, '2a. Simple Form Data Entry'!L$23, IF(A65='2a. Simple Form Data Entry'!$G$24, '2a. Simple Form Data Entry'!$L$24, IF(A65='2a. Simple Form Data Entry'!$G$25,'2a. Simple Form Data Entry'!$L$25, IF(A65='2a. Simple Form Data Entry'!$G$26,'2a. Simple Form Data Entry'!$L$26, " "))))))) | G65: =IF('2a. Simple Form Data Entry'!I113="", " ", '2a. Simple Form Data Entry'!I113) | L65: =J65+K65 -> 0 | O65: =M65+N65 -> 0 | R65: =P65+Q65 -> 0
B66: Real Estate Services Labor Costs | H66: =IF('2a. Simple Form Data Entry'!E115="", " ", '2a. Simple Form Data Entry'!E115) | I66: ='2a. Simple Form Data Entry'!N115 -> 0 | J66: ='2a. Simple Form Data Entry'!G115 -> 0 | K66: ='2a. Simple Form Data Entry'!H115 -> 0 | L66: =J66+K66 -> 0 | M66: ='2a. Simple Form Data Entry'!I115 -> 0 | N66: ='2a. Simple Form Data Entry'!J115 -> 0 | O66: =M66+N66 -> 0 | P66: ='2a. Simple Form Data Entry'!K115 -> 0 | Q66: ='2a. Simple Form Data Entry'!L115 -> 0 | R66: =P66+Q66 -> 0 | S66: ='2a. Simple Form Data Entry'!M115 -> 0
B67: King County Project Management | H67: =IF('2a. Simple Form Data Entry'!E116="", " ", '2a. Simple Form Data Entry'!E116) | I67: ='2a. Simple Form Data Entry'!N116 -> 0 | J67: ='2a. Simple Form Data Entry'!G116 -> 0 | K67: ='2a. Simple Form Data Entry'!H116 -> 0 | L67: =J67+K67 -> 0 | M67: ='2a. Simple Form Data Entry'!I116 -> 0 | N67: ='2a. Simple Form Data Entry'!J116 -> 0 | O67: =M67+N67 -> 0 | P67: ='2a. Simple Form Data Entry'!K116 -> 0 | Q67: ='2a. Simple Form Data Entry'!L116 -> 0 | R67: =P67+Q67 -> 0 | S67: ='2a. Simple Form Data Entry'!M116 -> 0
B68: Lease Payments/Associated O&M | H68: =IF('2a. Simple Form Data Entry'!E117="", " ", '2a. Simple Form Data Entry'!E117) | I68: ='2a. Simple Form Data Entry'!N117 -> 0 | J68: ='2a. Simple Form Data Entry'!G117 -> 0 | K68: ='2a. Simple Form Data Entry'!H117 -> 0 | L68: =J68+K68 -> 0 | M68: ='2a. Simple Form Data Entry'!I117 -> 0 | N68: ='2a. Simple Form Data Entry'!J117 -> 0 | O68: =M68+N68 -> 0 | P68: ='2a. Simple Form Data Entry'!K117 -> 0 | Q68: ='2a. Simple Form Data Entry'!L117 -> 0 | R68: =P68+Q68 -> 0 | S68: ='2a. Simple Form Data Entry'!M117 -> 0
B69: Service Costs (Appraisal, Title, Move) | H69: =IF('2a. Simple Form Data Entry'!E118="", " ", '2a. Simple Form Data Entry'!E118) | I69: ='2a. Simple Form Data Entry'!N118 -> 0 | J69: ='2a. Simple Form Data Entry'!G118 -> 0 | K69: ='2a. Simple Form Data Entry'!H118 -> 0 | L69: =J69+K69 -> 0 | M69: ='2a. Simple Form Data Entry'!I118 -> 0 | N69: ='2a. Simple Form Data Entry'!J118 -> 0 | O69: =M69+N69 -> 0 | P69: ='2a. Simple Form Data Entry'!K118 -> 0 | Q69: ='2a. Simple Form Data Entry'!L118 -> 0 | R69: =P69+Q69 -> 0 | S69: ='2a. Simple Form Data Entry'!M118 -> 0
B70: Tenant and Other Improvements | H70: =IF('2a. Simple Form Data Entry'!E119="", " ", '2a. Simple Form Data Entry'!E119) | I70: ='2a. Simple Form Data Entry'!N119 -> 0 | J70: ='2a. Simple Form Data Entry'!G119 -> 0 | K70: ='2a. Simple Form Data Entry'!H119 -> 0 | L70: =J70+K70 -> 0 | M70: ='2a. Simple Form Data Entry'!I119 -> 0 | N70: ='2a. Simple Form Data Entry'!J119 -> 0 | O70: =M70+N70 -> 0 | P70: ='2a. Simple Form Data Entry'!K119 -> 0 | Q70: ='2a. Simple Form Data Entry'!L119 -> 0 | R70: =P70+Q70 -> 0 | S70: ='2a. Simple Form Data Entry'!M119 -> 0
B71: 10% Art for General Fund Transactions | H71: =IF('2a. Simple Form Data Entry'!E120="", " ", '2a. Simple Form Data Entry'!E120) | I71: ='2a. Simple Form Data Entry'!N120 -> 0 | J71: ='2a. Simple Form Data Entry'!G120 -> 0 | K71: ='2a. Simple Form Data Entry'!H120 -> 0 | L71: =J71+K71 -> 0 | M71: ='2a. Simple Form Data Entry'!I120 -> 0 | N71: ='2a. Simple Form Data Entry'!J120 -> 0 | O71: =M71+N71 -> 0 | P71: ='2a. Simple Form Data Entry'!K120 -> 0 | Q71: ='2a. Simple Form Data Entry'!L120 -> 0 | R71: =P71+Q71 -> 0 | S71: ='2a. Simple Form Data Entry'!M120 -> 0
B72: Other Transaction Costs | H72: =IF('2a. Simple Form Data Entry'!E121="", " ", '2a. Simple Form Data Entry'!E121) | I72: ='2a. Simple Form Data Entry'!N121 -> 0 | J72: ='2a. Simple Form Data Entry'!G121 -> 0 | K72: ='2a. Simple Form Data Entry'!H121 -> 0 | L72: =J72+K72 -> 0 | M72: ='2a. Simple Form Data Entry'!I121 -> 0 | N72: ='2a. Simple Form Data Entry'!J121 -> 0 | O72: =M72+N72 -> 0 | P72: ='2a. Simple Form Data Entry'!K121 -> 0 | Q72: ='2a. Simple Form Data Entry'!L121 -> 0 | R72: =P72+Q72 -> 0 | S72: ='2a. Simple Form Data Entry'!M121 -> 0
C73: SUBTOTAL | I73: =SUM(I66:I72) -> 0 | J73: =SUM(J66:J72) -> 0 | K73: =SUM(K66:K72) -> 0 | L73: =J73+K73 -> 0 | M73: =SUM(M66:M72) -> 0 | N73: =SUM(N66:N72) -> 0 | O73: =M73+N73 -> 0 | P73: =SUM(P66:P72) -> 0 | Q73: =SUM(Q66:Q72) -> 0 | R73: =P73+Q73 -> 0 | S73: =SUM(S66:S72) -> 0
L74: =J74+K74 -> 0 | O74: =M74+N74 -> 0 | R74: =P74+Q74 -> 0
A75: =IF('2a. Simple Form Data Entry'!E124="", " ", '2a. Simple Form Data Entry'!E124) | D75: =IF(A75=" ", " ", IF(A75='2a. Simple Form Data Entry'!$G$21, '2a. Simple Form Data Entry'!J$21, IF(A75='2a. Simple Form Data Entry'!$G$22,'2a. Simple Form Data Entry'!J$22, IF(A75='2a. Simple Form Data Entry'!$G$23, '2a. Simple Form Data Entry'!J$23, IF(A75='2a. Simple Form Data Entry'!$G$24, '2a. Simple Form Data Entry'!$J$24, IF(A75='2a. Simple Form Data Entry'!$G$25,'2a. Simple Form Data Entry'!J$25, IF(A75='2a. Simple Form Data Entry'!$G$26,'2a. Simple Form Data Entry'!J$26, " "))))))) | E75: =IF(A75=" ", " ", IF(A75='2a. Simple Form Data Entry'!$G$21, '2a. Simple Form Data Entry'!K$21, IF(A75='2a. Simple Form Data Entry'!$G$22,'2a. Simple Form Data Entry'!K$22, IF(A75='2a. Simple Form Data Entry'!$G$23, '2a. Simple Form Data Entry'!K$23, IF(A75='2a. Simple Form Data Entry'!$G$24, '2a. Simple Form Data Entry'!$K$24, IF(A75='2a. Simple Form Data Entry'!G$25,'2a. Simple Form Data Entry'!K$25, IF(A75='2a. Simple Form Data Entry'!G$26,'2a. Simple Form Data Entry'!K$26, " "))))))) | F75: =IF(A75=" ", " ", IF(A75='2a. Simple Form Data Entry'!$G$21, '2a. Simple Form Data Entry'!L$21, IF(A75='2a. Simple Form Data Entry'!$G$22,'2a. Simple Form Data Entry'!L$22, IF(A75='2a. Simple Form Data Entry'!$G$23, '2a. Simple Form Data Entry'!L$23, IF(A75='2a. Simple Form Data Entry'!$G$24, '2a. Simple Form Data Entry'!$L$24, IF(A75='2a. Simple Form Data Entry'!$G$25,'2a. Simple Form Data Entry'!$L$25, IF(A75='2a. Simple Form Data Entry'!$G$26,'2a. Simple Form Data Entry'!$L$26, " "))))))) | G75: =IF('2a. Simple Form Data Entry'!I124="", " ", '2a. Simple Form Data Entry'!I124) | L75: =J75+K75 -> 0 | O75: =M75+N75 -> 0 | R75: =P75+Q75 -> 0
B76: Real Estate Services Labor Costs | H76: =IF('2a. Simple Form Data Entry'!E126="", " ", '2a. Simple Form Data Entry'!E126) | I76: ='2a. Simple Form Data Entry'!N126 -> 0 | J76: ='2a. Simple Form Data Entry'!G126 -> 0 | K76: ='2a. Simple Form Data Entry'!H126 -> 0 | L76: =J76+K76 -> 0 | M76: ='2a. Simple Form Data Entry'!I126 -> 0 | N76: ='2a. Simple Form Data Entry'!J126 -> 0 | O76: =M76+N76 -> 0 | P76: ='2a. Simple Form Data Entry'!K126 -> 0 | Q76: ='2a. Simple Form Data Entry'!L126 -> 0 | R76: =P76+Q76 -> 0 | S76: ='2a. Simple Form Data Entry'!M126 -> 0
B77: King County Project Management | H77: =IF('2a. Simple Form Data Entry'!E127="", " ", '2a. Simple Form Data Entry'!E127) | I77: ='2a. Simple Form Data Entry'!N127 -> 0 | J77: ='2a. Simple Form Data Entry'!G127 -> 0 | K77: ='2a. Simple Form Data Entry'!H127 -> 0 | L77: =J77+K77 -> 0 | M77: ='2a. Simple Form Data Entry'!I127 -> 0 | N77: ='2a. Simple Form Data Entry'!J127 -> 0 | O77: =M77+N77 -> 0 | P77: ='2a. Simple Form Data Entry'!K127 -> 0 | Q77: ='2a. Simple Form Data Entry'!L127 -> 0 | R77: =P77+Q77 -> 0 | S77: ='2a. Simple Form Data Entry'!M127 -> 0
B78: Lease Payments/Associated O&M | H78: =IF('2a. Simple Form Data Entry'!E128="", " ", '2a. Simple Form Data Entry'!E128) | I78: ='2a. Simple Form Data Entry'!N128 -> 0 | J78: ='2a. Simple Form Data Entry'!G128 -> 0 | K78: ='2a. Simple Form Data Entry'!H128 -> 0 | L78: =J78+K78 -> 0 | M78: ='2a. Simple Form Data Entry'!I128 -> 0 | N78: ='2a. Simple Form Data Entry'!J128 -> 0 | O78: =M78+N78 -> 0 | P78: ='2a. Simple Form Data Entry'!K128 -> 0 | Q78: ='2a. Simple Form Data Entry'!L128 -> 0 | R78: =P78+Q78 -> 0 | S78: ='2a. Simple Form Data Entry'!M128 -> 0
B79: Service Costs (Appraisal, Title, Move) | H79: =IF('2a. Simple Form Data Entry'!E129="", " ", '2a. Simple Form Data Entry'!E129) | I79: ='2a. Simple Form Data Entry'!N129 -> 0 | J79: ='2a. Simple Form Data Entry'!G129 -> 0 | K79: ='2a. Simple Form Data Entry'!H129 -> 0 | L79: =J79+K79 -> 0 | M79: ='2a. Simple Form Data Entry'!I129 -> 0 | N79: ='2a. Simple Form Data Entry'!J129 -> 0 | O79: =M79+N79 -> 0 | P79: ='2a. Simple Form Data Entry'!K129 -> 0 | Q79: ='2a. Simple Form Data Entry'!L129 -> 0 | R79: =P79+Q79 -> 0 | S79: ='2a. Simple Form Data Entry'!M129 -> 0
B80: Tenant and Other Improvements | H80: =IF('2a. Simple Form Data Entry'!E130="", " ", '2a. Simple Form Data Entry'!E130) | I80: ='2a. Simple Form Data Entry'!N130 -> 0 | J80: ='2a. Simple Form Data Entry'!G130 -> 0 | K80: ='2a. Simple Form Data Entry'!H130 -> 0 | L80: =J80+K80 -> 0 | M80: ='2a. Simple Form Data Entry'!I130 -> 0 | N80: ='2a. Simple Form Data Entry'!J130 -> 0 | O80: =M80+N80 -> 0 | P80: ='2a. Simple Form Data Entry'!K130 -> 0 | Q80: ='2a. Simple Form Data Entry'!L130 -> 0 | R80: =P80+Q80 -> 0 | S80: ='2a. Simple Form Data Entry'!M130 -> 0
B81: 10% Art for General Fund Transactions | H81: =IF('2a. Simple Form Data Entry'!E131="", " ", '2a. Simple Form Data Entry'!E131) | I81: ='2a. Simple Form Data Entry'!N131 -> 0 | J81: ='2a. Simple Form Data Entry'!G131 -> 0 | K81: ='2a. Simple Form Data Entry'!H131 -> 0 | L81: =J81+K81 -> 0 | M81: ='2a. Simple Form Data Entry'!I131 -> 0 | N81: ='2a. Simple Form Data Entry'!J131 -> 0 | O81: =M81+N81 -> 0 | P81: ='2a. Simple Form Data Entry'!K131 -> 0 | Q81: ='2a. Simple Form Data Entry'!L131 -> 0 | R81: =P81+Q81 -> 0 | S81: ='2a. Simple Form Data Entry'!M131 -> 0
B82: Other Transaction Costs | H82: =IF('2a. Simple Form Data Entry'!E132="", " ", '2a. Simple Form Data Entry'!E132) | I82: ='2a. Simple Form Data Entry'!N132 -> 0 | J82: ='2a. Simple Form Data Entry'!G132 -> 0 | K82: ='2a. Simple Form Data Entry'!H132 -> 0 | L82: =J82+K82 -> 0 | M82: ='2a. Simple Form Data Entry'!I132 -> 0 | N82: ='2a. Simple Form Data Entry'!J132 -> 0 | O82: =M82+N82 -> 0 | P82: ='2a. Simple Form Data Entry'!K132 -> 0 | Q82: ='2a. Simple Form Data Entry'!L132 -> 0 | R82: =P82+Q82 -> 0 | S82: ='2a. Simple Form Data Entry'!M132 -> 0
C83: SUBTOTAL | I83: =SUM(I76:I82) -> 0 | J83: =SUM(J76:J82) -> 0 | K83: =SUM(K76:K82) -> 0 | L83: =J83+K83 -> 0 | M83: =SUM(M76:M82) -> 0 | N83: =SUM(N76:N82) -> 0 | O83: =M83+N83 -> 0 | P83: =SUM(P76:P82) -> 0 | Q83: =SUM(Q76:Q82) -> 0 | R83: =P83+Q83 -> 0 | S83: =SUM(S76:S82) -> 0
L84: =J84+K84 -> 0 | O84: =M84+N84 -> 0 | R84: =P84+Q84 -> 0
A85: =IF('2a. Simple Form Data Entry'!E135="", " ", '2a. Simple Form Data Entry'!E135) | D85: =IF(A85=" ", " ", IF(A85='2a. Simple Form Data Entry'!$G$21, '2a. Simple Form Data Entry'!J$21, IF(A85='2a. Simple Form Data Entry'!$G$22,'2a. Simple Form Data Entry'!J$22, IF(A85='2a. Simple Form Data Entry'!$G$23, '2a. Simple Form Data Entry'!J$23, IF(A85='2a. Simple Form Data Entry'!$G$24, '2a. Simple Form Data Entry'!$J$24, IF(A85='2a. Simple Form Data Entry'!$G$25,'2a. Simple Form Data Entry'!J$25, IF(A85='2a. Simple Form Data Entry'!$G$26,'2a. Simple Form Data Entry'!J$26, " "))))))) | E85: =IF(A85=" ", " ", IF(A85='2a. Simple Form Data Entry'!$G$21, '2a. Simple Form Data Entry'!K$21, IF(A85='2a. Simple Form Data Entry'!$G$22,'2a. Simple Form Data Entry'!K$22, IF(A85='2a. Simple Form Data Entry'!$G$23, '2a. Simple Form Data Entry'!K$23, IF(A85='2a. Simple Form Data Entry'!$G$24, '2a. Simple Form Data Entry'!$K$24, IF(A85='2a. Simple Form Data Entry'!G$25,'2a. Simple Form Data Entry'!K$25, IF(A85='2a. Simple Form Data Entry'!G$26,'2a. Simple Form Data Entry'!K$26, " "))))))) | F85: =IF(A85=" ", " ", IF(A85='2a. Simple Form Data Entry'!$G$21, '2a. Simple Form Data Entry'!L$21, IF(A85='2a. Simple Form Data Entry'!$G$22,'2a. Simple Form Data Entry'!L$22, IF(A85='2a. Simple Form Data Entry'!$G$23, '2a. Simple Form Data Entry'!L$23, IF(A85='2a. Simple Form Data Entry'!$G$24, '2a. Simple Form Data Entry'!$L$24, IF(A85='2a. Simple Form Data Entry'!$G$25,'2a. Simple Form Data Entry'!$L$25, IF(A85='2a. Simple Form Data Entry'!$G$26,'2a. Simple Form Data Entry'!$L$26, " "))))))) | G85: =IF('2a. Simple Form Data Entry'!I135="", " ", '2a. Simple Form Data Entry'!I135) | L85: =J85+K85 -> 0 | O85: =M85+N85 -> 0 | R85: =P85+Q85 -> 0
B86: Real Estate Services Labor Costs | H86: =IF('2a. Simple Form Data Entry'!E137="", " ", '2a. Simple Form Data Entry'!E137) | I86: ='2a. Simple Form Data Entry'!N137 -> 0 | J86: ='2a. Simple Form Data Entry'!G137 -> 0 | K86: ='2a. Simple Form Data Entry'!H137 -> 0 | L86: =J86+K86 -> 0 | M86: ='2a. Simple Form Data Entry'!I137 -> 0 | N86: ='2a. Simple Form Data Entry'!J137 -> 0 | O86: =M86+N86 -> 0 | P86: ='2a. Simple Form Data Entry'!K137 -> 0 | Q86: ='2a. Simple Form Data Entry'!L137 -> 0 | R86: =P86+Q86 -> 0 | S86: ='2a. Simple Form Data Entry'!M137 -> 0
B87: King County Project Management | H87: =IF('2a. Simple Form Data Entry'!E138="", " ", '2a. Simple Form Data Entry'!E138) | I87: ='2a. Simple Form Data Entry'!N138 -> 0 | J87: ='2a. Simple Form Data Entry'!G138 -> 0 | K87: ='2a. Simple Form Data Entry'!H138 -> 0 | L87: =J87+K87 -> 0 | M87: ='2a. Simple Form Data Entry'!I138 -> 0 | N87: ='2a. Simple Form Data Entry'!J138 -> 0 | O87: =M87+N87 -> 0 | P87: ='2a. Simple Form Data Entry'!K138 -> 0 | Q87: ='2a. Simple Form Data Entry'!L138 -> 0 | R87: =P87+Q87 -> 0 | S87: ='2a. Simple Form Data Entry'!M138 -> 0
B88: Lease Payments/Associated O&M | H88: =IF('2a. Simple Form Data Entry'!E139="", " ", '2a. Simple Form Data Entry'!E139) | I88: ='2a. Simple Form Data Entry'!N139 -> 0 | J88: ='2a. Simple Form Data Entry'!G139 -> 0 | K88: ='2a. Simple Form Data Entry'!H139 -> 0 | L88: =J88+K88 -> 0 | M88: ='2a. Simple Form Data Entry'!I139 -> 0 | N88: ='2a. Simple Form Data Entry'!J139 -> 0 | O88: =M88+N88 -> 0 | P88: ='2a. Simple Form Data Entry'!K139 -> 0 | Q88: ='2a. Simple Form Data Entry'!L139 -> 0 | R88: =P88+Q88 -> 0 | S88: ='2a. Simple Form Data Entry'!M139 -> 0
B89: Service Costs (Appraisal, Title, Move) | H89: =IF('2a. Simple Form Data Entry'!E140="", " ", '2a. Simple Form Data Entry'!E140) | I89: ='2a. Simple Form Data Entry'!N140 -> 0 | J89: ='2a. Simple Form Data Entry'!G140 -> 0 | K89: ='2a. Simple Form Data Entry'!H140 -> 0 | L89: =J89+K89 -> 0 | M89: ='2a. Simple Form Data Entry'!I140 -> 0 | N89: ='2a. Simple Form Data Entry'!J140 -> 0 | O89: =M89+N89 -> 0 | P89: ='2a. Simple Form Data Entry'!K140 -> 0 | Q89: ='2a. Simple Form Data Entry'!L140 -> 0 | R89: =P89+Q89 -> 0 | S89: ='2a. Simple Form Data Entry'!M140 -> 0
B90: Tenant and Other Improvements | H90: =IF('2a. Simple Form Data Entry'!E141="", " ", '2a. Simple Form Data Entry'!E141) | I90: ='2a. Simple Form Data Entry'!N141 -> 0 | J90: ='2a. Simple Form Data Entry'!G141 -> 0 | K90: ='2a. Simple Form Data Entry'!H141 -> 0 | L90: =J90+K90 -> 0 | M90: ='2a. Simple Form Data Entry'!I141 -> 0 | N90: ='2a. Simple Form Data Entry'!J141 -> 0 | O90: =M90+N90 -> 0 | P90: ='2a. Simple Form Data Entry'!K141 -> 0 | Q90: ='2a. Simple Form Data Entry'!L141 -> 0 | R90: =P90+Q90 -> 0 | S90: ='2a. Simple Form Data Entry'!M141 -> 0
B91: 10% Art for General Fund Transactions | H91: =IF('2a. Simple Form Data Entry'!E142="", " ", '2a. Simple Form Data Entry'!E142) | I91: ='2a. Simple Form Data Entry'!N142 -> 0 | J91: ='2a. Simple Form Data Entry'!G142 -> 0 | K91: ='2a. Simple Form Data Entry'!H142 -> 0 | L91: =J91+K91 -> 0 | M91: ='2a. Simple Form Data Entry'!I142 -> 0 | N91: ='2a. Simple Form Data Entry'!J142 -> 0 | O91: =M91+N91 -> 0 | P91: ='2a. Simple Form Data Entry'!K142 -> 0 | Q91: ='2a. Simple Form Data Entry'!L142 -> 0 | R91: =P91+Q91 -> 0 | S91: ='2a. Simple Form Data Entry'!M142 -> 0
B92: Other Transaction Costs | H92: =IF('2a. Simple Form Data Entry'!E143="", " ", '2a. Simple Form Data Entry'!E143) | I92: ='2a. Simple Form Data Entry'!N143 -> 0 | J92: ='2a. Simple Form Data Entry'!G143 -> 0 | K92: ='2a. Simple Form Data Entry'!H143 -> 0 | L92: =J92+K92 -> 0 | M92: ='2a. Simple Form Data Entry'!I143 -> 0 | N92: ='2a. Simple Form Data Entry'!J143 -> 0 | O92: =M92+N92 -> 0 | P92: ='2a. Simple Form Data Entry'!K143 -> 0 | Q92: ='2a. Simple Form Data Entry'!L143 -> 0 | R92: =P92+Q92 -> 0 | S92: ='2a. Simple Form Data Entry'!M143 -> 0
C93: SUBTOTAL | I93: =SUM(I86:I92) -> 0 | J93: =SUM(J86:J92) -> 0 | K93: =SUM(K86:K92) -> 0 | L93: =J93+K93 -> 0 | M93: =SUM(M86:M92) -> 0 | N93: =SUM(N86:N92) -> 0 | O93: =M93+N93 -> 0 | P93: =SUM(P86:P92) -> 0 | Q93: =SUM(Q86:Q92) -> 0 | R93: =P93+Q93 -> 0 | S93: =SUM(S86:S92) -> 0
L94: =J94+K94 -> 0 | O94: =M94+N94 -> 0 | R94: =P94+Q94 -> 0
C95: TOTAL | I95: =I73+I63+I53+I43+I83+I93 -> 0 | J95: =J73+J63+J53+J43+J83+J93 -> 0 | K95: =K73+K63+K53+K43+K83+K93 -> 19032 | L95: =J95+K95 -> 19032 | M95: =M73+M63+M53+M43+M83+M93 -> 19602.96 | N95: =N73+N63+N53+N43+N83+N93 -> 20191.049 | O95: =M95+N95 -> 39794.009 | P95: =P73+P63+P53+P43+P83+P93 -> 20796.78 | Q95: =Q73+Q63+Q53+Q43+Q83+Q93 -> 21420.684 | R95: =P95+Q95 -> 42217.464 | S95: =S73+S63+S53+S43+S83+S93 -> 410353.49
A97: APPROPRIATION IMPACTS
A99: As of the preparation date of this fiscal note, the impact of the above legislation on the budget appropriation of King County is estimated to be as indicated below: 1
A101: Appropriation Unit | D101: Appr. Number | E101: Department | F101: Fund Number | G101: Project Number | H101: Appropriation Notes | J101: ='2a. Simple Form Data Entry'!G19 -> 2026 | K101: ='2a. Simple Form Data Entry'!H155 -> NA | L101: =CONCATENATE(L24, " Appropriation Change") -> 2026 / 2027 Appropriation Change | R101: Total 6-Year CIP Outyear Planning Level Costs
J102: Allocation Change | K102: ='2a. Simple Form Data Entry'!H156
A103: =IF('2a. Simple Form Data Entry'!C157="", " ",'2a. Simple Form Data Entry'!C157) | D103: =IF(A103=" ", " ", IF(A103='2a. Simple Form Data Entry'!$G$21, '2a. Simple Form Data Entry'!J$21, IF(A103='2a. Simple Form Data Entry'!$G$22,'2a. Simple Form Data Entry'!J$22, IF(A103='2a. Simple Form Data Entry'!$G$23, '2a. Simple Form Data Entry'!J$23, IF(A103='2a. Simple Form Data Entry'!$G$24, '2a. Simple Form Data Entry'!$J$24, IF(A103='2a. Simple Form Data Entry'!$G$25,'2a. Simple Form Data Entry'!J$25, IF(A103='2a. Simple Form Data Entry'!$G$26,'2a. Simple Form Data Entry'!J$26, " "))))))) | E103: =IF(A103=" ", " ", IF(A103='2a. Simple Form Data Entry'!$G$21, '2a. Simple Form Data Entry'!K$21, IF(A103='2a. Simple Form Data Entry'!$G$22,'2a. Simple Form Data Entry'!K$22, IF(A103='2a. Simple Form Data Entry'!$G$23, '2a. Simple Form Data Entry'!K$23, IF(A103='2a. Simple Form Data Entry'!$G$24, '2a. Simple Form Data Entry'!$K$24, IF(A103='2a. Simple Form Data Entry'!G$25,'2a. Simple Form Data Entry'!K$25, IF(A103='2a. Simple Form Data Entry'!G$26,'2a. Simple Form Data Entry'!K$26, " "))))))) | F103: =IF(A103=" ", " ", IF(A103='2a. Simple Form Data Entry'!$G$21, '2a. Simple Form Data Entry'!L$21, IF(A103='2a. Simple Form Data Entry'!$G$22,'2a. Simple Form Data Entry'!L$22, IF(A103='2a. Simple Form Data Entry'!$G$23, '2a. Simple Form Data Entry'!L$23, IF(A103='2a. Simple Form Data Entry'!$G$24, '2a. Simple Form Data Entry'!$L$24, IF(A103='2a. Simple Form Data Entry'!G$25,'2a. Simple Form Data Entry'!L$25, IF(A103='2a. Simple Form Data Entry'!G$26,'2a. Simple Form Data Entry'!L$26, " "))))))) | G103: =IF('2a. Simple Form Data Entry'!C157="", " ", '2a. Simple Form Data Entry'!D157) | H103: =IF('2a. Simple Form Data Entry'!F151="Y", "The transaction was anticipated in the current budget; no supplemental appropriation is required.", IF(A103="", "", IF('2a. Simple Form Data Entry'!F152="Y", "The cost of the transaction can be accommodated within existing appropriation authority; no supplemental appropriation is required", '2a. Simple Form Data Entry'!E157))) -> 0 | J103: ='2a. Simple Form Data Entry'!G157 -> 0 | K103: ='2a. Simple Form Data Entry'!H157 -> 0 | L103: =J103+K103 -> 0 | R103: ='2a. Simple Form Data Entry'!J157 -> 0
A104: =IF('2a. Simple Form Data Entry'!C158="", " ",'2a. Simple Form Data Entry'!C158) | D104: =IF(A104=" ", " ", IF(A104='2a. Simple Form Data Entry'!$G$21, '2a. Simple Form Data Entry'!J$21, IF(A104='2a. Simple Form Data Entry'!$G$22,'2a. Simple Form Data Entry'!J$22, IF(A104='2a. Simple Form Data Entry'!$G$23, '2a. Simple Form Data Entry'!J$23, IF(A104='2a. Simple Form Data Entry'!$G$24, '2a. Simple Form Data Entry'!$J$24, IF(A104='2a. Simple Form Data Entry'!$G$25,'2a. Simple Form Data Entry'!J$25, IF(A104='2a. Simple Form Data Entry'!$G$26,'2a. Simple Form Data Entry'!J$26, " "))))))) | E104: =IF(A104=" ", " ", IF(A104='2a. Simple Form Data Entry'!$G$21, '2a. Simple Form Data Entry'!K$21, IF(A104='2a. Simple Form Data Entry'!$G$22,'2a. Simple Form Data Entry'!K$22, IF(A104='2a. Simple Form Data Entry'!$G$23, '2a. Simple Form Data Entry'!K$23, IF(A104='2a. Simple Form Data Entry'!$G$24, '2a. Simple Form Data Entry'!$K$24, IF(A104='2a. Simple Form Data Entry'!G$25,'2a. Simple Form Data Entry'!K$25, IF(A104='2a. Simple Form Data Entry'!G$26,'2a. Simple Form Data Entry'!K$26, " "))))))) | F104: =IF(A104=" ", " ", IF(A104='2a. Simple Form Data Entry'!$G$21, '2a. Simple Form Data Entry'!L$21, IF(A104='2a. Simple Form Data Entry'!$G$22,'2a. Simple Form Data Entry'!L$22, IF(A104='2a. Simple Form Data Entry'!$G$23, '2a. Simple Form Data Entry'!L$23, IF(A104='2a. Simple Form Data Entry'!$G$24, '2a. Simple Form Data Entry'!$L$24, IF(A104='2a. Simple Form Data Entry'!G$25,'2a. Simple Form Data Entry'!L$25, IF(A104='2a. Simple Form Data Entry'!G$26,'2a. Simple Form Data Entry'!L$26, " "))))))) | G104: =IF('2a. Simple Form Data Entry'!C158="", " ", '2a. Simple Form Data Entry'!D158) | H104: =IF('2a. Simple Form Data Entry'!E158=0, " ", '2a. Simple Form Data Entry'!E158) | J104: ='2a. Simple Form Data Entry'!G158 -> 0 | K104: ='2a. Simple Form Data Entry'!H158 -> 0 | L104: =J104+K104 -> 0 | R104: ='2a. Simple Form Data Entry'!J158 -> 0
A105: =IF('2a. Simple Form Data Entry'!C159="", " ",'2a. Simple Form Data Entry'!C159) | D105: =IF(A105=" ", " ", IF(A105='2a. Simple Form Data Entry'!$G$21, '2a. Simple Form Data Entry'!J$21, IF(A105='2a. Simple Form Data Entry'!$G$22,'2a. Simple Form Data Entry'!J$22, IF(A105='2a. Simple Form Data Entry'!$G$23, '2a. Simple Form Data Entry'!J$23, IF(A105='2a. Simple Form Data Entry'!$G$24, '2a. Simple Form Data Entry'!$J$24, IF(A105='2a. Simple Form Data Entry'!$G$25,'2a. Simple Form Data Entry'!J$25, IF(A105='2a. Simple Form Data Entry'!$G$26,'2a. Simple Form Data Entry'!J$26, " "))))))) | E105: =IF(A105=" ", " ", IF(A105='2a. Simple Form Data Entry'!$G$21, '2a. Simple Form Data Entry'!K$21, IF(A105='2a. Simple Form Data Entry'!$G$22,'2a. Simple Form Data Entry'!K$22, IF(A105='2a. Simple Form Data Entry'!$G$23, '2a. Simple Form Data Entry'!K$23, IF(A105='2a. Simple Form Data Entry'!$G$24, '2a. Simple Form Data Entry'!$K$24, IF(A105='2a. Simple Form Data Entry'!G$25,'2a. Simple Form Data Entry'!K$25, IF(A105='2a. Simple Form Data Entry'!G$26,'2a. Simple Form Data Entry'!K$26, " "))))))) | F105: =IF(A105=" ", " ", IF(A105='2a. Simple Form Data Entry'!$G$21, '2a. Simple Form Data Entry'!L$21, IF(A105='2a. Simple Form Data Entry'!$G$22,'2a. Simple Form Data Entry'!L$22, IF(A105='2a. Simple Form Data Entry'!$G$23, '2a. Simple Form Data Entry'!L$23, IF(A105='2a. Simple Form Data Entry'!$G$24, '2a. Simple Form Data Entry'!$L$24, IF(A105='2a. Simple Form Data Entry'!G$25,'2a. Simple Form Data Entry'!L$25, IF(A105='2a. Simple Form Data Entry'!G$26,'2a. Simple Form Data Entry'!L$26, " "))))))) | G105: =IF('2a. Simple Form Data Entry'!C159="", " ", '2a. Simple Form Data Entry'!D159) | H105: =IF('2a. Simple Form Data Entry'!E159=0, " ", '2a. Simple Form Data Entry'!E159) | J105: ='2a. Simple Form Data Entry'!G159 -> 0 | K105: ='2a. Simple Form Data Entry'!H159 -> 0 | L105: =J105+K105 -> 0 | R105: ='2a. Simple Form Data Entry'!J159 -> 0
A106: =IF('2a. Simple Form Data Entry'!C160="", " ",'2a. Simple Form Data Entry'!C160) | D106: =IF(A106=" ", " ", IF(A106='2a. Simple Form Data Entry'!$G$21, '2a. Simple Form Data Entry'!J$21, IF(A106='2a. Simple Form Data Entry'!$G$22,'2a. Simple Form Data Entry'!J$22, IF(A106='2a. Simple Form Data Entry'!$G$23, '2a. Simple Form Data Entry'!J$23, IF(A106='2a. Simple Form Data Entry'!$G$24, '2a. Simple Form Data Entry'!$J$24, IF(A106='2a. Simple Form Data Entry'!$G$25,'2a. Simple Form Data Entry'!J$25, IF(A106='2a. Simple Form Data Entry'!$G$26,'2a. Simple Form Data Entry'!J$26, " "))))))) | E106: =IF(A106=" ", " ", IF(A106='2a. Simple Form Data Entry'!$G$21, '2a. Simple Form Data Entry'!K$21, IF(A106='2a. Simple Form Data Entry'!$G$22,'2a. Simple Form Data Entry'!K$22, IF(A106='2a. Simple Form Data Entry'!$G$23, '2a. Simple Form Data Entry'!K$23, IF(A106='2a. Simple Form Data Entry'!$G$24, '2a. Simple Form Data Entry'!$K$24, IF(A106='2a. Simple Form Data Entry'!G$25,'2a. Simple Form Data Entry'!K$25, IF(A106='2a. Simple Form Data Entry'!G$26,'2a. Simple Form Data Entry'!K$26, " "))))))) | F106: =IF(A106=" ", " ", IF(A106='2a. Simple Form Data Entry'!$G$21, '2a. Simple Form Data Entry'!L$21, IF(A106='2a. Simple Form Data Entry'!$G$22,'2a. Simple Form Data Entry'!L$22, IF(A106='2a. Simple Form Data Entry'!$G$23, '2a. Simple Form Data Entry'!L$23, IF(A106='2a. Simple Form Data Entry'!$G$24, '2a. Simple Form Data Entry'!$L$24, IF(A106='2a. Simple Form Data Entry'!G$25,'2a. Simple Form Data Entry'!L$25, IF(A106='2a. Simple Form Data Entry'!G$26,'2a. Simple Form Data Entry'!L$26, " "))))))) | G106: =IF('2a. Simple Form Data Entry'!C160="", " ", '2a. Simple Form Data Entry'!D160) | H106: =IF('2a. Simple Form Data Entry'!E160=0, " ", '2a. Simple Form Data Entry'!E160) | J106: ='2a. Simple Form Data Entry'!G160 -> 0 | K106: ='2a. Simple Form Data Entry'!H160 -> 0 | L106: =J106+K106 -> 0 | R106: ='2a. Simple Form Data Entry'!J160 -> 0
A107: =IF('2a. Simple Form Data Entry'!C161="", " ",'2a. Simple Form Data Entry'!C161) | D107: =IF(A107=" ", " ", IF(A107='2a. Simple Form Data Entry'!$G$21, '2a. Simple Form Data Entry'!J$21, IF(A107='2a. Simple Form Data Entry'!$G$22,'2a. Simple Form Data Entry'!J$22, IF(A107='2a. Simple Form Data Entry'!$G$23, '2a. Simple Form Data Entry'!J$23, IF(A107='2a. Simple Form Data Entry'!$G$24, '2a. Simple Form Data Entry'!$J$24, IF(A107='2a. Simple Form Data Entry'!$G$25,'2a. Simple Form Data Entry'!J$25, IF(A107='2a. Simple Form Data Entry'!$G$26,'2a. Simple Form Data Entry'!J$26, " "))))))) | E107: =IF(A107=" ", " ", IF(A107='2a. Simple Form Data Entry'!$G$21, '2a. Simple Form Data Entry'!K$21, IF(A107='2a. Simple Form Data Entry'!$G$22,'2a. Simple Form Data Entry'!K$22, IF(A107='2a. Simple Form Data Entry'!$G$23, '2a. Simple Form Data Entry'!K$23, IF(A107='2a. Simple Form Data Entry'!$G$24, '2a. Simple Form Data Entry'!$K$24, IF(A107='2a. Simple Form Data Entry'!G$25,'2a. Simple Form Data Entry'!K$25, IF(A107='2a. Simple Form Data Entry'!G$26,'2a. Simple Form Data Entry'!K$26, " "))))))) | F107: =IF(A107=" ", " ", IF(A107='2a. Simple Form Data Entry'!$G$21, '2a. Simple Form Data Entry'!L$21, IF(A107='2a. Simple Form Data Entry'!$G$22,'2a. Simple Form Data Entry'!L$22, IF(A107='2a. Simple Form Data Entry'!$G$23, '2a. Simple Form Data Entry'!L$23, IF(A107='2a. Simple Form Data Entry'!$G$24, '2a. Simple Form Data Entry'!$L$24, IF(A107='2a. Simple Form Data Entry'!G$25,'2a. Simple Form Data Entry'!L$25, IF(A107='2a. Simple Form Data Entry'!G$26,'2a. Simple Form Data Entry'!L$26, " "))))))) | G107: =IF('2a. Simple Form Data Entry'!C161="", " ", '2a. Simple Form Data Entry'!D161) | H107: =IF('2a. Simple Form Data Entry'!E161=0, " ", '2a. Simple Form Data Entry'!E161) | J107: ='2a. Simple Form Data Entry'!G161 -> 0 | K107: ='2a. Simple Form Data Entry'!H161 -> 0 | L107: =J107+K107 -> 0 | R107: ='2a. Simple Form Data Entry'!J161 -> 0
A108: =IF('2a. Simple Form Data Entry'!C162="", " ",'2a. Simple Form Data Entry'!C162) | D108: =IF(A108=" ", " ", IF(A108='2a. Simple Form Data Entry'!$G$21, '2a. Simple Form Data Entry'!J$21, IF(A108='2a. Simple Form Data Entry'!$G$22,'2a. Simple Form Data Entry'!J$22, IF(A108='2a. Simple Form Data Entry'!$G$23, '2a. Simple Form Data Entry'!J$23, IF(A108='2a. Simple Form Data Entry'!$G$24, '2a. Simple Form Data Entry'!$J$24, IF(A108='2a. Simple Form Data Entry'!$G$25,'2a. Simple Form Data Entry'!J$25, IF(A108='2a. Simple Form Data Entry'!$G$26,'2a. Simple Form Data Entry'!J$26, " "))))))) | E108: =IF(A108=" ", " ", IF(A108='2a. Simple Form Data Entry'!$G$21, '2a. Simple Form Data Entry'!K$21, IF(A108='2a. Simple Form Data Entry'!$G$22,'2a. Simple Form Data Entry'!K$22, IF(A108='2a. Simple Form Data Entry'!$G$23, '2a. Simple Form Data Entry'!K$23, IF(A108='2a. Simple Form Data Entry'!$G$24, '2a. Simple Form Data Entry'!$K$24, IF(A108='2a. Simple Form Data Entry'!G$25,'2a. Simple Form Data Entry'!K$25, IF(A108='2a. Simple Form Data Entry'!G$26,'2a. Simple Form Data Entry'!K$26, " "))))))) | F108: =IF(A108=" ", " ", IF(A108='2a. Simple Form Data Entry'!$G$21, '2a. Simple Form Data Entry'!L$21, IF(A108='2a. Simple Form Data Entry'!$G$22,'2a. Simple Form Data Entry'!L$22, IF(A108='2a. Simple Form Data Entry'!$G$23, '2a. Simple Form Data Entry'!L$23, IF(A108='2a. Simple Form Data Entry'!$G$24, '2a. Simple Form Data Entry'!$L$24, IF(A108='2a. Simple Form Data Entry'!G$25,'2a. Simple Form Data Entry'!L$25, IF(A108='2a. Simple Form Data Entry'!G$26,'2a. Simple Form Data Entry'!L$26, " "))))))) | G108: =IF('2a. Simple Form Data Entry'!C162="", " ", '2a. Simple Form Data Entry'!D162) | H108: =IF('2a. Simple Form Data Entry'!E162=0, " ", '2a. Simple Form Data Entry'!E162) | J108: ='2a. Simple Form Data Entry'!G162 -> 0 | K108: ='2a. Simple Form Data Entry'!H162 -> 0 | L108: =J108+K108 -> 0 | R108: ='2a. Simple Form Data Entry'!J162 -> 0
C109: TOTAL | J109: =SUM(J103:J108) -> 0 | K109: =SUM(K103:K108) -> 0 | L109: =J109+K109 -> 0 | R109: =SUM(R103:S107) -> 0
A111: Assumption and Additional Notes:
A112: *** | B112: =IF('2a. Simple Form Data Entry'!G39="Y", "See note 5 below.", '2a. Simple Form Data Entry'!D43) -> An NPV analysis was not performed because …
A113: 1. | B113: If the expenditure impact equals or exceeds five percent of the fund expenditures, a copy of the most recent applicable appropriation unit financial plan is attached to this transmittal.
A114: 2. | B114: The sum of outyear impacts is provided for capital projects and agreements. This sum for revenue and expenditures includes all revenues/expenditures for the duration of the lease/other agreement or life of the capital investment.
A115: 3. | B115: =IF(OR('2a. Simple Form Data Entry'!D52="Y",'2a. Simple Form Data Entry'!D54="Y"), CONCATENATE('2a. Simple Form Data Entry'!E204,'2a. Simple Form Data Entry'!E205), "This transaction does not require the use of fund balance or reallocated grant funding.") -> This transaction does not require the use of fund balance or reallocated grant funding.
...

Sheet 2b.  Complex Form Data Entry
C2: Complex Form Data Entry
C4: - In the highlighted cells, enter the information requested In this form. | J4: Simple data entry field
C5: - A fiscal note for the property sale/lease will be generated based on this information (see Fiscal Note tab). | J5: Dropdown menu data entry
C7: 1. General Transaction Information
C9: Financial Plan Element | D9: Description/Guidance on Requested Information | G9: Data Entry Field
C10: Description of Request:
C11: Title: | D11: Include property name and related agency/service/function.
C12: Affected Agency and/or Agencies: | D12: Applicable division and department names.
C13: Legal Transaction Type: | D13: Sale, lease renewal, new lease for new service, relocation, other.
C14: Fiscal Transaction Type: | D14: 1st/2nd/3rd omnibus, biennial review, stand alone ordinance, other.
C15: Note Prepared By: | D15: FMD finance manager and property agent.
C16: Date Prepared: | D16: Date in XX/XX/XX text format (i.e., 'XX/XX/XX)
C17: Transaction Duration: | D17: The term of the lease/agreement or capital investment. Property sale = NA.
C18: Fair Market Value: | D18: If not a sale = NA.
C19: Current Year: | D19: First year of current biennium (in XXXX format, should be odd number). | G19: 2026
G20: Appropriation Unit Name | J20: Appr. Unit Number | K20: Department | L20: Fund Number
C21: Appropriation Units Impacted: | D21: All impacted appropriation unit names and numbers and department initials.
C29: Projects Impacted: | D29: Project numbers impacted by this transaction (enter as 7 digit number with', i.e., 'XXXXXXX).
I31: NA
C34: 2. Financial Impacts - Net Present Value
C36: An NPV analysis should be performed for transactions that: - Result in long term financial impacts, especially including instances where a transaction represents an upfront cost to be recouped in later years - Where the transaction represents a change in policy or opertions, and - Where there are viable alternatives with different benefits and costs that should be considered. Examples include vacating a owned space for a leased space, selling a currently operating facility, entering into a long term agreement to lease out a property, relocating from one leased space to another. An explanation of the NPV analysis, including major assumptions and supporting information, should be provided in the "Notes" section . If no NPV was performed, the rationale for not providing this information should be provided below.
C37: Financial Plan Element | D37: Description/Guidance on Requested Information | G37: Data Entry Field
C39: Was an Net Present Value calculation performed? | D39: Indicate whether a NPV analysis has been performed. If no NPV, then indicate why below. | G39: N
C40: Net Present Value to King County: | D40: The NPV of the transaction to King County as a whole. NA = not performed. | G40: 3000000
C41: Net Present Value to Impacted Agency: | D41: The NPV of the transaction to the primary customer of the transaction. NA = not performed. | G41: 4000000
C43: If an NPV analysis was not performed for either the County or the Agency or both, state rationale here: | D43: An NPV analysis was not performed because …
C46: 3. Financial Impacts - Revenue and Expenditure Impacts
C48: - Provide the estimated revenue and expenditure impacts to each KC appropriation unit and project combination. - Impacts should represent the complete revenue/expenditure impacts of the transaction, whether or not there is a corresponding need for supplemental appropriation. Not all the costs included in the NPV will be represented below. For instance, ongoing maintenance costs in a KC building vacated by a KC agency may be included in the KC NPV, but would not be included below because the transaction does not impact these costs. - For transactions with mid-year impacts, the fiscal note should represent the best estimate of the effective date of the transaction as of the date prepared. - The sum of outyear impacts for revenue and expenditures includes all revenues/expenditures for the duration of the lease/other agreement or life of the capital investment. - Values represented below should be net values (combined impact of cost savings and additional costs, revenue loss and new revenues). Overall, positive values indicate an increase in revenues/expenditures while negative values indicate a reduction in expenditures/revenues. De minimus cost savings, such as minor reductions in maintenance costs, do not need to be included. - A detailed explanation of revenue and expenditure impacts analysis, including workload impacts, major assumptions, and other supporting data, should be provided in the property summary.
C50: 3.1. Revenue Impacts:
C52: Is the cost of the transaction partially or entirely covered by fund balance? | D52: N | E52: If yes, indicate fund balance amount: (enter as text, including $ and ,) | F52: $5,000
C54: Is the activity partially or entirely covered by reallocation of grants? | D54: N | E54: If yes, indicate grant amount: (enter as text, including $ and ,) | F54: $3,000
C56: Indicate new revenue provided to KC appropriation units as a result of this transaction. Fund balance and reallocated grant revenue ARE NOT new revenue.
C57: Appropriation Unit Name | D57: Project | E57: Revenue Account Code and Source/Description | G57: 2026 | H57: =G57+1 -> 2027 | I57: =H57+1 -> 2028 | J57: =I57+1 -> 2029 | K57: =J57+1 -> 2030 | L57: =K57+1 -> 2031 | M57: Sum of Outyear Impacts | N57: =CONCATENATE("Sum of Revenues Prior to ",G$19) -> Sum of Revenues Prior to 2026
C66: 3.2. Expenditures Impacts:
C68: Indicate expenditure impacts in the categories indicated and defined below that result from this transaction.
C70: Descriptions of Expenditure Categories:
C71: Real Estate Services Labor Costs | E71: Labor costs that RES has incurred associated with this transaction.
C72: King County Project Management | E72: Project management to be incurred in association with this transaction.
C73: Lease Payments/Associated O&M | E73: Lease payments as well as associated O&M for the life of the agreement.
C74: Service Costs (Appraisal, Title, Move) | E74: Moving/relocation costs, appraisal costs, title fees, and other services provided in support of the transaction.
C75: Tenant and Other Improvements | E75: Tenant improvements , other capital costs, furnishings, equipment, etc.
C76: 10% Art for General Fund Transactions
C77: Other Transaction Costs | E77: Items that do not fit in the above categories. Contact the PSB budget analyst for this transaction if other costs exceed 20% of total expenditures.
C79: Appropriation Unit/Project Combination #1
C80: Appropriation Unit | G80: Project Number
C81: Expenditure Category | E81: Expenditure Notes | G81: =$G$57 -> 2026 | H81: =G81+1 -> 2027 | I81: =H81+1 -> 2028 | J81: =I81+1 -> 2029 | K81: =J81+1 -> 2030 | L81: =K81+1 -> 2031 | M81: Sum of Outyear Impacts | N81: =CONCATENATE("Sum of Expenditures Prior to ",G$19) -> Sum of Expenditures Prior to 2026
C82: Real Estate Services Labor Costs
C83: King County Project Management
C84: Lease Payments/Associated O&M
C85: Service Costs (Appraisal, Title, Move)
C86: Tenant and Other Improvements
C87: 10% Art for General Fund Transactions
C88: Other Transaction Costs
C90: Appropriation Unit/Project Combination #2
C91: Appropriation Unit | G91: Project Number
C92: Expenditure Category | E92: Expenditure Notes | G92: =$G$57 -> 2026 | H92: =G92+1 -> 2027 | I92: =H92+1 -> 2028 | J92: =I92+1 -> 2029 | K92: =J92+1 -> 2030 | L92: =K92+1 -> 2031 | M92: Sum of Outyear Impacts | N92: =CONCATENATE("Sum of Expenditures Prior to ",G$19) -> Sum of Expenditures Prior to 2026
C93: Real Estate Services Labor Costs
C94: King County Project Management
C95: Lease Payments/Associated O&M
C96: Service Costs (Appraisal, Title, Move)
C97: Tenant and Other Improvements
C98: 10% Art for General Fund Transactions
C99: Other Transaction Costs
C101: Appropriation Unit/Project Combination #3
C102: Appropriation Unit | G102: Project Number
C103: Expenditure Category | E103: Expenditure Notes | G103: =$G$57 -> 2026 | H103: =G103+1 -> 2027 | I103: =H103+1 -> 2028 | J103: =I103+1 -> 2029 | M103: Sum of Outyear Impacts | N103: =CONCATENATE("Sum of Expenditures Prior to ",G$19) -> Sum of Expenditures Prior to 2026
C104: Real Estate Services Labor Costs
C105: King County Project Management
C106: Lease Payments/Associated O&M
C107: Service Costs (Appraisal, Title, Move)
C108: Tenant and Other Improvements
C109: 10% Art for General Fund Transactions
C110: Other Transaction Costs
C112: Appropriation Unit/Project Combination #4
C113: Appropriation Unit | G113: Project Number
C114: Expenditure Category | E114: Expenditure Notes | G114: =$G$57 -> 2026 | H114: =G114+1 -> 2027 | I114: =H114+1 -> 2028 | J114: =I114+1 -> 2029 | M114: Sum of Outyear Impacts | N114: =CONCATENATE("Sum of Expenditures Prior to ",G$19) -> Sum of Expenditures Prior to 2026
C115: Real Estate Services Labor Costs
C116: King County Project Management
C117: Lease Payments/Associated O&M
C118: Service Costs (Appraisal, Title, Move)
C119: Tenant and Other Improvements
C120: 10% Art for General Fund Transactions
C121: Other Transaction Costs
C123: Appropriation Unit/Project Combination #5
C124: Appropriation Unit | G124: Project Number
C125: Expenditure Category | E125: Expenditure Notes | G125: =$G$57 -> 2026 | H125: =G125+1 -> 2027 | I125: =H125+1 -> 2028 | J125: =I125+1 -> 2029 | M125: Sum of Outyear Impacts | N125: =CONCATENATE("Sum of Expenditures Prior to ",G$19) -> Sum of Expenditures Prior to 2026
C126: Real Estate Services Labor Costs
C127: King County Project Management
C128: Lease Payments/Associated O&M
C129: Service Costs (Appraisal, Title, Move)
C130: Tenant and Other Improvements
C131: 10% Art for General Fund Transactions
C132: Other Transaction Costs
C134: Appropriation Unit/Project Combination #6
C135: Appropriation Unit | G135: Project Number
C136: Expenditure Category | E136: Expenditure Notes | G136: =$G$57 -> 2026 | H136: =G136+1 -> 2027 | I136: =H136+1 -> 2028 | J136: =I136+1 -> 2029 | M136: Sum of Outyear Impacts | N136: =CONCATENATE("Sum of Expenditures Prior to ",G$19) -> Sum of Expenditures Prior to 2026
C137: Real Estate Services Labor Costs
C138: King County Project Management
C139: Lease Payments/Associated O&M
C140: Service Costs (Appraisal, Title, Move)
...

Sheet 3b.  Complex Form Fiscal Note
A1: KING COUNTY FISCAL NOTE - Property Leases and Sales
A3: GENERAL TRANSACTION INFORMATION
A5: Ordinance/Motion:
A6: Title: | C6: =IF('2b. Complex Form Data Entry'!G11="", " ",'2b. Complex Form Data Entry'!G11) | L6: Transaction Duration: | R6: =IF('2b. Complex Form Data Entry'!G17="", " ",'2b. Complex Form Data Entry'!G17) | S6: yrs
A7: Affected Agency/Agencies: | C7: =IF('2b. Complex Form Data Entry'!G12="", " ",'2b. Complex Form Data Entry'!G12) | L7: Fair Market Value: | R7: ='2b. Complex Form Data Entry'!G18 -> 0
A8: Note Prepared By: | C8: =IF('2b. Complex Form Data Entry'!G15="", " ",'2b. Complex Form Data Entry'!G15) | F8: Date Prepared: | H8: =IF('2b. Complex Form Data Entry'!G15="", " ", '2b. Complex Form Data Entry'!G16) | L8: Legal Transaction Type: | R8: =IF('2b. Complex Form Data Entry'!G13="", " ",'2b. Complex Form Data Entry'!G13)
A9: Note Reviewed By: | F9: Date Reviewed: | L9: Fiscal Transaction Type: | R9: =IF('2b. Complex Form Data Entry'!G14="", " ",'2b. Complex Form Data Entry'!G14)
A10: Description of Request: | C10: =IF('2b. Complex Form Data Entry'!G10="", " ", '2b. Complex Form Data Entry'!G10)
A13: FINANCIAL IMPACTS
A15: Part 1 - Net Present Value Analysis Results
A17: Net Present Value to King County (all impacts): *** | E17: =IF('2b. Complex Form Data Entry'!G39="N", "NA",'2b. Complex Form Data Entry'!G40) -> NA | H17: Net Present Value to Primary Impacted Agency (customer of transaction): *** | O17: =IF('2b. Complex Form Data Entry'!G39="N", "NA",'2b. Complex Form Data Entry'!G41) -> NA
A19: Part 2 - Revenue and Expenditure Impacts
A21: As of the preparation date of this fiscal note, the impact of the above legislation on the financial affairs of King County is estimated to be as indicated below: 1
A23: Revenue to: 2,3,5
A24: Appropriation Unit | D24: Appr. Number | E24: Department | F24: Fund Number | G24: Project Number | H24: Revenue Account Code and Source/Description | I24: ='2b. Complex Form Data Entry'!N57 -> Sum of Revenues Prior to 2026 | J24: ='2b. Complex Form Data Entry'!G19 -> 2026 | K24: =J24+1 -> 2027 | L24: =CONCATENATE(J24," / ",K24) -> 2026 / 2027 | M24: =K24+1 -> 2028 | N24: =M24+1 -> 2029 | O24: =CONCATENATE(M24," / ",N24) -> 2028 / 2029 | P24: =N24+1 -> 2030 | Q24: =P24+1 -> 2031 | R24: =CONCATENATE(P24," / ",Q24) -> 2030 / 2031 | S24: Sum of Outyear Impacts 2
A25: =IF('2b. Complex Form Data Entry'!C58="", " ", '2b. Complex Form Data Entry'!C58) | D25: =IF(A25=" ", " ", IF(A25='2b. Complex Form Data Entry'!$G$21, '2b. Complex Form Data Entry'!J$21, IF(A25='2b. Complex Form Data Entry'!$G$22,'2b. Complex Form Data Entry'!J$22, IF(A25='2b. Complex Form Data Entry'!$G$23, '2b. Complex Form Data Entry'!J$23, IF(A25='2b. Complex Form Data Entry'!$G$24, '2b. Complex Form Data Entry'!$J$24, IF(A25='2b. Complex Form Data Entry'!$G$25,'2b. Complex Form Data Entry'!J$25, IF(A25='2b. Complex Form Data Entry'!$G$26,'2b. Complex Form Data Entry'!J$26, " "))))))) | E25: =IF(A25=" ", " ", IF(A25='2b. Complex Form Data Entry'!$G$21, '2b. Complex Form Data Entry'!K$21, IF(A25='2b. Complex Form Data Entry'!$G$22,'2b. Complex Form Data Entry'!K$22, IF(A25='2b. Complex Form Data Entry'!$G$23, '2b. Complex Form Data Entry'!K$23, IF(A25='2b. Complex Form Data Entry'!$G$24, '2b. Complex Form Data Entry'!$K$24, IF(A25='2b. Complex Form Data Entry'!G$25,'2b. Complex Form Data Entry'!K$25, IF(A25='2b. Complex Form Data Entry'!G$26,'2b. Complex Form Data Entry'!K$26, " "))))))) | F25: =IF(A25=" ", " ", IF(A25='2b. Complex Form Data Entry'!$G$21, '2b. Complex Form Data Entry'!L$21, IF(A25='2b. Complex Form Data Entry'!$G$22,'2b. Complex Form Data Entry'!L$22, IF(A25='2b. Complex Form Data Entry'!$G$23, '2b. Complex Form Data Entry'!L$23, IF(A25='2b. Complex Form Data Entry'!$G$24, '2b. Complex Form Data Entry'!$L$24, IF(A25='2b. Complex Form Data Entry'!G$25,'2b. Complex Form Data Entry'!L$25, IF(A25='2b. Complex Form Data Entry'!G$26,'2b. Complex Form Data Entry'!L$26, " "))))))) | G25: =IF(A25="", " ", '2b. Complex Form Data Entry'!D58) | H25: =IF('2b. Complex Form Data Entry'!E58="", " ",'2b. Complex Form Data Entry'!E58) | I25: ='2b. Complex Form Data Entry'!N58 -> 0 | J25: ='2b. Complex Form Data Entry'!G58 -> 0 | K25: ='2b. Complex Form Data Entry'!H58 -> 0 | L25: =J25+K25 -> 0 | M25: ='2b. Complex Form Data Entry'!I58 -> 0 | N25: ='2b. Complex Form Data Entry'!J58 -> 0 | O25: =M25+N25 -> 0 | P25: ='2b. Complex Form Data Entry'!K58 -> 0 | Q25: ='2b. Complex Form Data Entry'!L58 -> 0 | R25: =P25+Q25 -> 0 | S25: ='2b. Complex Form Data Entry'!M58 -> 0
A26: =IF('2b. Complex Form Data Entry'!C59="", " ", '2b. Complex Form Data Entry'!C59) | D26: =IF(A26=" ", " ", IF(A26='2b. Complex Form Data Entry'!$G$21, '2b. Complex Form Data Entry'!J$21, IF(A26='2b. Complex Form Data Entry'!$G$22,'2b. Complex Form Data Entry'!J$22, IF(A26='2b. Complex Form Data Entry'!$G$23, '2b. Complex Form Data Entry'!J$23, IF(A26='2b. Complex Form Data Entry'!$G$24, '2b. Complex Form Data Entry'!$J$24, IF(A26='2b. Complex Form Data Entry'!$G$25,'2b. Complex Form Data Entry'!J$25, IF(A26='2b. Complex Form Data Entry'!$G$26,'2b. Complex Form Data Entry'!J$26, " "))))))) | E26: =IF(A26=" ", " ", IF(A26='2b. Complex Form Data Entry'!$G$21, '2b. Complex Form Data Entry'!K$21, IF(A26='2b. Complex Form Data Entry'!$G$22,'2b. Complex Form Data Entry'!K$22, IF(A26='2b. Complex Form Data Entry'!$G$23, '2b. Complex Form Data Entry'!K$23, IF(A26='2b. Complex Form Data Entry'!$G$24, '2b. Complex Form Data Entry'!$K$24, IF(A26='2b. Complex Form Data Entry'!G$25,'2b. Complex Form Data Entry'!K$25, IF(A26='2b. Complex Form Data Entry'!G$26,'2b. Complex Form Data Entry'!K$26, " "))))))) | F26: =IF(A26=" ", " ", IF(A26='2b. Complex Form Data Entry'!$G$21, '2b. Complex Form Data Entry'!L$21, IF(A26='2b. Complex Form Data Entry'!$G$22,'2b. Complex Form Data Entry'!L$22, IF(A26='2b. Complex Form Data Entry'!$G$23, '2b. Complex Form Data Entry'!L$23, IF(A26='2b. Complex Form Data Entry'!$G$24, '2b. Complex Form Data Entry'!$L$24, IF(A26='2b. Complex Form Data Entry'!G$25,'2b. Complex Form Data Entry'!L$25, IF(A26='2b. Complex Form Data Entry'!G$26,'2b. Complex Form Data Entry'!L$26, " "))))))) | G26: =IF(A26="", " ", '2b. Complex Form Data Entry'!D59) | H26: =IF('2b. Complex Form Data Entry'!E59="", " ",'2b. Complex Form Data Entry'!E59) | I26: ='2b. Complex Form Data Entry'!N59 -> 0 | J26: ='2b. Complex Form Data Entry'!G59 -> 0 | K26: ='2b. Complex Form Data Entry'!H59 -> 0 | L26: =J26+K26 -> 0 | M26: ='2b. Complex Form Data Entry'!I59 -> 0 | N26: ='2b. Complex Form Data Entry'!J59 -> 0 | O26: =M26+N26 -> 0 | P26: ='2b. Complex Form Data Entry'!K59 -> 0 | Q26: ='2b. Complex Form Data Entry'!L59 -> 0 | R26: =P26+Q26 -> 0 | S26: ='2b. Complex Form Data Entry'!M59 -> 0
A27: =IF('2b. Complex Form Data Entry'!C60="", " ", '2b. Complex Form Data Entry'!C60) | D27: =IF(A27=" ", " ", IF(A27='2b. Complex Form Data Entry'!$G$21, '2b. Complex Form Data Entry'!J$21, IF(A27='2b. Complex Form Data Entry'!$G$22,'2b. Complex Form Data Entry'!J$22, IF(A27='2b. Complex Form Data Entry'!$G$23, '2b. Complex Form Data Entry'!J$23, IF(A27='2b. Complex Form Data Entry'!$G$24, '2b. Complex Form Data Entry'!$J$24, IF(A27='2b. Complex Form Data Entry'!$G$25,'2b. Complex Form Data Entry'!J$25, IF(A27='2b. Complex Form Data Entry'!$G$26,'2b. Complex Form Data Entry'!J$26, " "))))))) | E27: =IF(A27=" ", " ", IF(A27='2b. Complex Form Data Entry'!$G$21, '2b. Complex Form Data Entry'!K$21, IF(A27='2b. Complex Form Data Entry'!$G$22,'2b. Complex Form Data Entry'!K$22, IF(A27='2b. Complex Form Data Entry'!$G$23, '2b. Complex Form Data Entry'!K$23, IF(A27='2b. Complex Form Data Entry'!$G$24, '2b. Complex Form Data Entry'!$K$24, IF(A27='2b. Complex Form Data Entry'!G$25,'2b. Complex Form Data Entry'!K$25, IF(A27='2b. Complex Form Data Entry'!G$26,'2b. Complex Form Data Entry'!K$26, " "))))))) | F27: =IF(A27=" ", " ", IF(A27='2b. Complex Form Data Entry'!$G$21, '2b. Complex Form Data Entry'!L$21, IF(A27='2b. Complex Form Data Entry'!$G$22,'2b. Complex Form Data Entry'!L$22, IF(A27='2b. Complex Form Data Entry'!$G$23, '2b. Complex Form Data Entry'!L$23, IF(A27='2b. Complex Form Data Entry'!$G$24, '2b. Complex Form Data Entry'!$L$24, IF(A27='2b. Complex Form Data Entry'!G$25,'2b. Complex Form Data Entry'!L$25, IF(A27='2b. Complex Form Data Entry'!G$26,'2b. Complex Form Data Entry'!L$26, " "))))))) | G27: =IF(A27="", " ", '2b. Complex Form Data Entry'!D60) | H27: =IF('2b. Complex Form Data Entry'!E60="", " ",'2b. Complex Form Data Entry'!E60) | I27: ='2b. Complex Form Data Entry'!N60 -> 0 | J27: ='2b. Complex Form Data Entry'!G60 -> 0 | K27: ='2b. Complex Form Data Entry'!H60 -> 0 | L27: =J27+K27 -> 0 | M27: ='2b. Complex Form Data Entry'!I60 -> 0 | N27: ='2b. Complex Form Data Entry'!J60 -> 0 | O27: =M27+N27 -> 0 | P27: ='2b. Complex Form Data Entry'!K60 -> 0 | Q27: ='2b. Complex Form Data Entry'!L60 -> 0 | R27: =P27+Q27 -> 0 | S27: ='2b. Complex Form Data Entry'!M60 -> 0
A28: =IF('2b. Complex Form Data Entry'!C61="", " ", '2b. Complex Form Data Entry'!C61) | D28: =IF(A28=" ", " ", IF(A28='2b. Complex Form Data Entry'!$G$21, '2b. Complex Form Data Entry'!J$21, IF(A28='2b. Complex Form Data Entry'!$G$22,'2b. Complex Form Data Entry'!J$22, IF(A28='2b. Complex Form Data Entry'!$G$23, '2b. Complex Form Data Entry'!J$23, IF(A28='2b. Complex Form Data Entry'!$G$24, '2b. Complex Form Data Entry'!$J$24, IF(A28='2b. Complex Form Data Entry'!$G$25,'2b. Complex Form Data Entry'!J$25, IF(A28='2b. Complex Form Data Entry'!$G$26,'2b. Complex Form Data Entry'!J$26, " "))))))) | E28: =IF(A28=" ", " ", IF(A28='2b. Complex Form Data Entry'!$G$21, '2b. Complex Form Data Entry'!K$21, IF(A28='2b. Complex Form Data Entry'!$G$22,'2b. Complex Form Data Entry'!K$22, IF(A28='2b. Complex Form Data Entry'!$G$23, '2b. Complex Form Data Entry'!K$23, IF(A28='2b. Complex Form Data Entry'!$G$24, '2b. Complex Form Data Entry'!$K$24, IF(A28='2b. Complex Form Data Entry'!G$25,'2b. Complex Form Data Entry'!K$25, IF(A28='2b. Complex Form Data Entry'!G$26,'2b. Complex Form Data Entry'!K$26, " "))))))) | F28: =IF(A28=" ", " ", IF(A28='2b. Complex Form Data Entry'!$G$21, '2b. Complex Form Data Entry'!L$21, IF(A28='2b. Complex Form Data Entry'!$G$22,'2b. Complex Form Data Entry'!L$22, IF(A28='2b. Complex Form Data Entry'!$G$23, '2b. Complex Form Data Entry'!L$23, IF(A28='2b. Complex Form Data Entry'!$G$24, '2b. Complex Form Data Entry'!$L$24, IF(A28='2b. Complex Form Data Entry'!G$25,'2b. Complex Form Data Entry'!L$25, IF(A28='2b. Complex Form Data Entry'!G$26,'2b. Complex Form Data Entry'!L$26, " "))))))) | G28: =IF(A28="", " ", '2b. Complex Form Data Entry'!D61) | H28: =IF('2b. Complex Form Data Entry'!E61="", " ",'2b. Complex Form Data Entry'!E61) | I28: ='2b. Complex Form Data Entry'!N61 -> 0 | J28: ='2b. Complex Form Data Entry'!G61 -> 0 | K28: ='2b. Complex Form Data Entry'!H61 -> 0 | L28: =J28+K28 -> 0 | M28: ='2b. Complex Form Data Entry'!I61 -> 0 | N28: ='2b. Complex Form Data Entry'!J61 -> 0 | O28: =M28+N28 -> 0 | P28: ='2b. Complex Form Data Entry'!K61 -> 0 | Q28: ='2b. Complex Form Data Entry'!L61 -> 0 | R28: =P28+Q28 -> 0 | S28: ='2b. Complex Form Data Entry'!M61 -> 0
A29: =IF('2b. Complex Form Data Entry'!C62="", " ", '2b. Complex Form Data Entry'!C62) | D29: =IF(A29=" ", " ", IF(A29='2b. Complex Form Data Entry'!$G$21, '2b. Complex Form Data Entry'!J$21, IF(A29='2b. Complex Form Data Entry'!$G$22,'2b. Complex Form Data Entry'!J$22, IF(A29='2b. Complex Form Data Entry'!$G$23, '2b. Complex Form Data Entry'!J$23, IF(A29='2b. Complex Form Data Entry'!$G$24, '2b. Complex Form Data Entry'!$J$24, IF(A29='2b. Complex Form Data Entry'!$G$25,'2b. Complex Form Data Entry'!J$25, IF(A29='2b. Complex Form Data Entry'!$G$26,'2b. Complex Form Data Entry'!J$26, " "))))))) | E29: =IF(A29=" ", " ", IF(A29='2b. Complex Form Data Entry'!$G$21, '2b. Complex Form Data Entry'!K$21, IF(A29='2b. Complex Form Data Entry'!$G$22,'2b. Complex Form Data Entry'!K$22, IF(A29='2b. Complex Form Data Entry'!$G$23, '2b. Complex Form Data Entry'!K$23, IF(A29='2b. Complex Form Data Entry'!$G$24, '2b. Complex Form Data Entry'!$K$24, IF(A29='2b. Complex Form Data Entry'!G$25,'2b. Complex Form Data Entry'!K$25, IF(A29='2b. Complex Form Data Entry'!G$26,'2b. Complex Form Data Entry'!K$26, " "))))))) | F29: =IF(A29=" ", " ", IF(A29='2b. Complex Form Data Entry'!$G$21, '2b. Complex Form Data Entry'!L$21, IF(A29='2b. Complex Form Data Entry'!$G$22,'2b. Complex Form Data Entry'!L$22, IF(A29='2b. Complex Form Data Entry'!$G$23, '2b. Complex Form Data Entry'!L$23, IF(A29='2b. Complex Form Data Entry'!$G$24, '2b. Complex Form Data Entry'!$L$24, IF(A29='2b. Complex Form Data Entry'!G$25,'2b. Complex Form Data Entry'!L$25, IF(A29='2b. Complex Form Data Entry'!G$26,'2b. Complex Form Data Entry'!L$26, " "))))))) | G29: =IF(A29="", " ", '2b. Complex Form Data Entry'!D62) | H29: =IF('2b. Complex Form Data Entry'!E62="", " ",'2b. Complex Form Data Entry'!E62) | I29: ='2b. Complex Form Data Entry'!N62 -> 0 | J29: ='2b. Complex Form Data Entry'!G62 -> 0 | K29: ='2b. Complex Form Data Entry'!H62 -> 0 | L29: =J29+K29 -> 0 | M29: ='2b. Complex Form Data Entry'!I62 -> 0 | N29: ='2b. Complex Form Data Entry'!J62 -> 0 | O29: =M29+N29 -> 0 | P29: ='2b. Complex Form Data Entry'!K62 -> 0 | Q29: ='2b. Complex Form Data Entry'!L62 -> 0 | R29: =P29+Q29 -> 0 | S29: ='2b. Complex Form Data Entry'!M62 -> 0
A30: =IF('2b. Complex Form Data Entry'!C63="", " ", '2b. Complex Form Data Entry'!C63) | D30: =IF(A30=" ", " ", IF(A30='2b. Complex Form Data Entry'!$G$21, '2b. Complex Form Data Entry'!J$21, IF(A30='2b. Complex Form Data Entry'!$G$22,'2b. Complex Form Data Entry'!J$22, IF(A30='2b. Complex Form Data Entry'!$G$23, '2b. Complex Form Data Entry'!J$23, IF(A30='2b. Complex Form Data Entry'!$G$24, '2b. Complex Form Data Entry'!$J$24, IF(A30='2b. Complex Form Data Entry'!$G$25,'2b. Complex Form Data Entry'!J$25, IF(A30='2b. Complex Form Data Entry'!$G$26,'2b. Complex Form Data Entry'!J$26, " "))))))) | E30: =IF(A30=" ", " ", IF(A30='2b. Complex Form Data Entry'!$G$21, '2b. Complex Form Data Entry'!K$21, IF(A30='2b. Complex Form Data Entry'!$G$22,'2b. Complex Form Data Entry'!K$22, IF(A30='2b. Complex Form Data Entry'!$G$23, '2b. Complex Form Data Entry'!K$23, IF(A30='2b. Complex Form Data Entry'!$G$24, '2b. Complex Form Data Entry'!$K$24, IF(A30='2b. Complex Form Data Entry'!G$25,'2b. Complex Form Data Entry'!K$25, IF(A30='2b. Complex Form Data Entry'!G$26,'2b. Complex Form Data Entry'!K$26, " "))))))) | F30: =IF(A30=" ", " ", IF(A30='2b. Complex Form Data Entry'!$G$21, '2b. Complex Form Data Entry'!L$21, IF(A30='2b. Complex Form Data Entry'!$G$22,'2b. Complex Form Data Entry'!L$22, IF(A30='2b. Complex Form Data Entry'!$G$23, '2b. Complex Form Data Entry'!L$23, IF(A30='2b. Complex Form Data Entry'!$G$24, '2b. Complex Form Data Entry'!$L$24, IF(A30='2b. Complex Form Data Entry'!G$25,'2b. Complex Form Data Entry'!L$25, IF(A30='2b. Complex Form Data Entry'!G$26,'2b. Complex Form Data Entry'!L$26, " "))))))) | G30: =IF(A30="", " ", '2b. Complex Form Data Entry'!D63) | H30: =IF('2b. Complex Form Data Entry'!E63="", " ",'2b. Complex Form Data Entry'!E63) | I30: ='2b. Complex Form Data Entry'!N63 -> 0 | J30: ='2b. Complex Form Data Entry'!G63 -> 0 | K30: ='2b. Complex Form Data Entry'!H63 -> 0 | L30: =J30+K30 -> 0 | M30: ='2b. Complex Form Data Entry'!I63 -> 0 | N30: ='2b. Complex Form Data Entry'!J63 -> 0 | O30: =M30+N30 -> 0 | P30: ='2b. Complex Form Data Entry'!K63 -> 0 | Q30: ='2b. Complex Form Data Entry'!L63 -> 0 | R30: =P30+Q30 -> 0 | S30: ='2b. Complex Form Data Entry'!M63 -> 0
C31: TOTAL | I31: =SUM(I25:I30) -> 0 | J31: =SUM(J25:J30) -> 0 | K31: =SUM(K25:K30) -> 0 | L31: =J31+K31 -> 0 | M31: =SUM(M25:M30) -> 0 | N31: =SUM(N25:N30) -> 0 | O31: =M31+N31 -> 0 | P31: =SUM(P25:P30) -> 0 | Q31: =SUM(Q25:Q30) -> 0 | R31: =P31+Q31 -> 0 | S31: =SUM(S25:S30) -> 0
A33: Expenditures from: 2,3,4,5
A34: Appropriation Unit/Expenditure Type | D34: Appr. Number | E34: Department | F34: Fund Number | G34: Project Number | H34: Expenditure Notes | I34: ='2b. Complex Form Data Entry'!N81 -> Sum of Expenditures Prior to 2026 | J34: ='2b. Complex Form Data Entry'!G19 -> 2026 | K34: =J34+1 -> 2027 | L34: =CONCATENATE(J34," / ",K34) -> 2026 / 2027 | M34: =K34+1 -> 2028 | N34: =M34+1 -> 2029 | O34: =CONCATENATE(M34," / ",N34) -> 2028 / 2029 | P34: =N34+1 -> 2030 | Q34: =P34+1 -> 2031 | R34: =CONCATENATE(P34," / ",Q34) -> 2030 / 2031 | S34: Sum of Outyear Impacts 2
A35: =IF('2b. Complex Form Data Entry'!E80="", " ", '2b. Complex Form Data Entry'!E80) | D35: =IF(A35=" ", " ", IF(A35='2b. Complex Form Data Entry'!$G$21, '2b. Complex Form Data Entry'!J$21, IF(A35='2b. Complex Form Data Entry'!$G$22,'2b. Complex Form Data Entry'!J$22, IF(A35='2b. Complex Form Data Entry'!$G$23, '2b. Complex Form Data Entry'!J$23, IF(A35='2b. Complex Form Data Entry'!$G$24, '2b. Complex Form Data Entry'!$J$24, IF(A35='2b. Complex Form Data Entry'!$G$25,'2b. Complex Form Data Entry'!J$25, IF(A35='2b. Complex Form Data Entry'!$G$26,'2b. Complex Form Data Entry'!J$26, " "))))))) | E35: =IF(A35=" ", " ", IF(A35='2b. Complex Form Data Entry'!$G$21, '2b. Complex Form Data Entry'!K$21, IF(A35='2b. Complex Form Data Entry'!$G$22,'2b. Complex Form Data Entry'!K$22, IF(A35='2b. Complex Form Data Entry'!$G$23, '2b. Complex Form Data Entry'!K$23, IF(A35='2b. Complex Form Data Entry'!$G$24, '2b. Complex Form Data Entry'!$K$24, IF(A35='2b. Complex Form Data Entry'!G$25,'2b. Complex Form Data Entry'!K$25, IF(A35='2b. Complex Form Data Entry'!G$26,'2b. Complex Form Data Entry'!K$26, " "))))))) | F35: =IF(A35=" ", " ", IF(A35='2b. Complex Form Data Entry'!$G$21, '2b. Complex Form Data Entry'!L$21, IF(A35='2b. Complex Form Data Entry'!$G$22,'2b. Complex Form Data Entry'!L$22, IF(A35='2b. Complex Form Data Entry'!$G$23, '2b. Complex Form Data Entry'!L$23, IF(A35='2b. Complex Form Data Entry'!$G$24, '2b. Complex Form Data Entry'!$L$24, IF(A35='2b. Complex Form Data Entry'!G$25,'2b. Complex Form Data Entry'!L$25, IF(A35='2b. Complex Form Data Entry'!G$26,'2b. Complex Form Data Entry'!L$26, " "))))))) | G35: =IF('2b. Complex Form Data Entry'!I80="", " ", '2b. Complex Form Data Entry'!I80)
B36: Real Estate Services Labor Costs | H36: =IF('2b. Complex Form Data Entry'!E82="", " ", '2b. Complex Form Data Entry'!E82) | I36: ='2b. Complex Form Data Entry'!N82 -> 0 | J36: ='2b. Complex Form Data Entry'!G82 -> 0 | K36: ='2b. Complex Form Data Entry'!H82 -> 0 | L36: =J36+K36 -> 0 | M36: ='2b. Complex Form Data Entry'!I82 -> 0 | N36: ='2b. Complex Form Data Entry'!J82 -> 0 | O36: =M36+N36 -> 0 | P36: ='2b. Complex Form Data Entry'!K82 -> 0 | Q36: ='2b. Complex Form Data Entry'!L82 -> 0 | R36: =P36+Q36 -> 0 | S36: ='2b. Complex Form Data Entry'!M82 -> 0
B37: King County Project Management | H37: =IF('2b. Complex Form Data Entry'!E83="", " ", '2b. Complex Form Data Entry'!E83) | I37: ='2b. Complex Form Data Entry'!N83 -> 0 | J37: ='2b. Complex Form Data Entry'!G83 -> 0 | K37: ='2b. Complex Form Data Entry'!H83 -> 0 | L37: =J37+K37 -> 0 | M37: ='2b. Complex Form Data Entry'!I83 -> 0 | N37: ='2b. Complex Form Data Entry'!J83 -> 0 | O37: =M37+N37 -> 0 | P37: ='2b. Complex Form Data Entry'!K83 -> 0 | Q37: ='2b. Complex Form Data Entry'!L83 -> 0 | R37: =P37+Q37 -> 0 | S37: ='2b. Complex Form Data Entry'!M83 -> 0
B38: Lease Payments/Associated O&M | H38: =IF('2b. Complex Form Data Entry'!E84="", " ", '2b. Complex Form Data Entry'!E84) | I38: ='2b. Complex Form Data Entry'!N84 -> 0 | J38: ='2b. Complex Form Data Entry'!G84 -> 0 | K38: ='2b. Complex Form Data Entry'!H84 -> 0 | L38: =J38+K38 -> 0 | M38: ='2b. Complex Form Data Entry'!I84 -> 0 | N38: ='2b. Complex Form Data Entry'!J84 -> 0 | O38: =M38+N38 -> 0 | P38: ='2b. Complex Form Data Entry'!K84 -> 0 | Q38: ='2b. Complex Form Data Entry'!L84 -> 0 | R38: =P38+Q38 -> 0 | S38: ='2b. Complex Form Data Entry'!M84 -> 0
B39: Service Costs (Appraisal, Title, Move) | H39: =IF('2b. Complex Form Data Entry'!E85="", " ", '2b. Complex Form Data Entry'!E85) | I39: ='2b. Complex Form Data Entry'!N85 -> 0 | J39: ='2b. Complex Form Data Entry'!G85 -> 0 | K39: ='2b. Complex Form Data Entry'!H85 -> 0 | L39: =J39+K39 -> 0 | M39: ='2b. Complex Form Data Entry'!I85 -> 0 | N39: ='2b. Complex Form Data Entry'!J85 -> 0 | O39: =M39+N39 -> 0 | P39: ='2b. Complex Form Data Entry'!K85 -> 0 | Q39: ='2b. Complex Form Data Entry'!L85 -> 0 | R39: =P39+Q39 -> 0 | S39: ='2b. Complex Form Data Entry'!M85 -> 0
B40: Tenant and Other Improvements | H40: =IF('2b. Complex Form Data Entry'!E86="", " ", '2b. Complex Form Data Entry'!E86) | I40: ='2b. Complex Form Data Entry'!N86 -> 0 | J40: ='2b. Complex Form Data Entry'!G86 -> 0 | K40: ='2b. Complex Form Data Entry'!H86 -> 0 | L40: =J40+K40 -> 0 | M40: ='2b. Complex Form Data Entry'!I86 -> 0 | N40: ='2b. Complex Form Data Entry'!J86 -> 0 | O40: =M40+N40 -> 0 | P40: ='2b. Complex Form Data Entry'!K86 -> 0 | Q40: ='2b. Complex Form Data Entry'!L86 -> 0 | R40: =P40+Q40 -> 0 | S40: ='2b. Complex Form Data Entry'!M86 -> 0
B41: 10% Art for General Fund Transactions | H41: =IF('2b. Complex Form Data Entry'!E87="", " ", '2b. Complex Form Data Entry'!E87) | I41: ='2b. Complex Form Data Entry'!N87 -> 0 | J41: ='2b. Complex Form Data Entry'!G87 -> 0 | K41: ='2b. Complex Form Data Entry'!H87 -> 0 | L41: =J41+K41 -> 0 | M41: ='2b. Complex Form Data Entry'!I87 -> 0 | N41: ='2b. Complex Form Data Entry'!J87 -> 0 | O41: =M41+N41 -> 0 | P41: ='2b. Complex Form Data Entry'!K87 -> 0 | Q41: ='2b. Complex Form Data Entry'!L87 -> 0 | R41: =P41+Q41 -> 0 | S41: ='2b. Complex Form Data Entry'!M87 -> 0
B42: Other Transaction Costs | H42: =IF('2b. Complex Form Data Entry'!E88="", " ", '2b. Complex Form Data Entry'!E88) | I42: ='2b. Complex Form Data Entry'!N88 -> 0 | J42: ='2b. Complex Form Data Entry'!G88 -> 0 | K42: ='2b. Complex Form Data Entry'!H88 -> 0 | L42: =J42+K42 -> 0 | M42: ='2b. Complex Form Data Entry'!I88 -> 0 | N42: ='2b. Complex Form Data Entry'!J88 -> 0 | O42: =M42+N42 -> 0 | P42: ='2b. Complex Form Data Entry'!K88 -> 0 | Q42: ='2b. Complex Form Data Entry'!L88 -> 0 | R42: =P42+Q42 -> 0 | S42: ='2b. Complex Form Data Entry'!M88 -> 0
C43: SUBTOTAL | I43: =SUM(I36:I42) -> 0 | J43: =SUM(J36:J42) -> 0 | K43: =SUM(K36:K42) -> 0 | L43: =J43+K43 -> 0 | M43: =SUM(M36:M42) -> 0 | N43: =SUM(N36:N42) -> 0 | O43: =M43+N43 -> 0 | P43: =SUM(P36:P42) -> 0 | Q43: =SUM(Q36:Q42) -> 0 | R43: =P43+Q43 -> 0 | S43: =SUM(S36:S42) -> 0
A45: =IF('2b. Complex Form Data Entry'!E91="", " ", '2b. Complex Form Data Entry'!E91) | D45: =IF(A45=" ", " ", IF(A45='2b. Complex Form Data Entry'!$G$21, '2b. Complex Form Data Entry'!J$21, IF(A45='2b. Complex Form Data Entry'!$G$22,'2b. Complex Form Data Entry'!J$22, IF(A45='2b. Complex Form Data Entry'!$G$23, '2b. Complex Form Data Entry'!J$23, IF(A45='2b. Complex Form Data Entry'!$G$24, '2b. Complex Form Data Entry'!$J$24, IF(A45='2b. Complex Form Data Entry'!$G$25,'2b. Complex Form Data Entry'!J$25, IF(A45='2b. Complex Form Data Entry'!$G$26,'2b. Complex Form Data Entry'!J$26, " "))))))) | E45: =IF(A45=" ", " ", IF(A45='2b. Complex Form Data Entry'!$G$21, '2b. Complex Form Data Entry'!K$21, IF(A45='2b. Complex Form Data Entry'!$G$22,'2b. Complex Form Data Entry'!K$22, IF(A45='2b. Complex Form Data Entry'!$G$23, '2b. Complex Form Data Entry'!K$23, IF(A45='2b. Complex Form Data Entry'!$G$24, '2b. Complex Form Data Entry'!$K$24, IF(A45='2b. Complex Form Data Entry'!G$25,'2b. Complex Form Data Entry'!K$25, IF(A45='2b. Complex Form Data Entry'!G$26,'2b. Complex Form Data Entry'!K$26, " "))))))) | F45: =IF(A45=" ", " ", IF(A45='2b. Complex Form Data Entry'!$G$21, '2b. Complex Form Data Entry'!L$21, IF(A45='2b. Complex Form Data Entry'!$G$22,'2b. Complex Form Data Entry'!L$22, IF(A45='2b. Complex Form Data Entry'!$G$23, '2b. Complex Form Data Entry'!L$23, IF(A45='2b. Complex Form Data Entry'!$G$24, '2b. Complex Form Data Entry'!$L$24, IF(A45='2b. Complex Form Data Entry'!G$25,'2b. Complex Form Data Entry'!L$25, IF(A45='2b. Complex Form Data Entry'!G$26,'2b. Complex Form Data Entry'!L$26, " "))))))) | G45: =IF('2b. Complex Form Data Entry'!I91="", " ", '2b. Complex Form Data Entry'!I91)
B46: Real Estate Services Labor Costs | H46: =IF('2b. Complex Form Data Entry'!E93="", " ", '2b. Complex Form Data Entry'!E93) | I46: ='2b. Complex Form Data Entry'!N93 -> 0 | J46: ='2b. Complex Form Data Entry'!G93 -> 0 | K46: ='2b. Complex Form Data Entry'!H93 -> 0 | L46: =J46+K46 -> 0 | M46: ='2b. Complex Form Data Entry'!I93 -> 0 | N46: ='2b. Complex Form Data Entry'!J93 -> 0 | O46: =M46+N46 -> 0 | P46: ='2b. Complex Form Data Entry'!K93 -> 0 | Q46: ='2b. Complex Form Data Entry'!L93 -> 0 | R46: =P46+Q46 -> 0 | S46: ='2b. Complex Form Data Entry'!M93 -> 0
B47: King County Project Management | H47: =IF('2b. Complex Form Data Entry'!E94="", " ", '2b. Complex Form Data Entry'!E94) | I47: ='2b. Complex Form Data Entry'!N94 -> 0 | J47: ='2b. Complex Form Data Entry'!G94 -> 0 | K47: ='2b. Complex Form Data Entry'!H94 -> 0 | L47: =J47+K47 -> 0 | M47: ='2b. Complex Form Data Entry'!I94 -> 0 | N47: ='2b. Complex Form Data Entry'!J94 -> 0 | O47: =M47+N47 -> 0 | P47: ='2b. Complex Form Data Entry'!K94 -> 0 | Q47: ='2b. Complex Form Data Entry'!L94 -> 0 | R47: =P47+Q47 -> 0 | S47: ='2b. Complex Form Data Entry'!M94 -> 0
B48: Lease Payments/Associated O&M | H48: =IF('2b. Complex Form Data Entry'!E95="", " ", '2b. Complex Form Data Entry'!E95) | I48: ='2b. Complex Form Data Entry'!N95 -> 0 | J48: ='2b. Complex Form Data Entry'!G95 -> 0 | K48: ='2b. Complex Form Data Entry'!H95 -> 0 | L48: =J48+K48 -> 0 | M48: ='2b. Complex Form Data Entry'!I95 -> 0 | N48: ='2b. Complex Form Data Entry'!J95 -> 0 | O48: =M48+N48 -> 0 | P48: ='2b. Complex Form Data Entry'!K95 -> 0 | Q48: ='2b. Complex Form Data Entry'!L95 -> 0 | R48: =P48+Q48 -> 0 | S48: ='2b. Complex Form Data Entry'!M95 -> 0
B49: Service Costs (Appraisal, Title, Move) | H49: =IF('2b. Complex Form Data Entry'!E96="", " ", '2b. Complex Form Data Entry'!E96) | I49: ='2b. Complex Form Data Entry'!N96 -> 0 | J49: ='2b. Complex Form Data Entry'!G96 -> 0 | K49: ='2b. Complex Form Data Entry'!H96 -> 0 | L49: =J49+K49 -> 0 | M49: ='2b. Complex Form Data Entry'!I96 -> 0 | N49: ='2b. Complex Form Data Entry'!J96 -> 0 | O49: =M49+N49 -> 0 | P49: ='2b. Complex Form Data Entry'!K96 -> 0 | Q49: ='2b. Complex Form Data Entry'!L96 -> 0 | R49: =P49+Q49 -> 0 | S49: ='2b. Complex Form Data Entry'!M96 -> 0
B50: Tenant and Other Improvements | H50: =IF('2b. Complex Form Data Entry'!E97="", " ", '2b. Complex Form Data Entry'!E97) | I50: ='2b. Complex Form Data Entry'!N97 -> 0 | J50: ='2b. Complex Form Data Entry'!G97 -> 0 | K50: ='2b. Complex Form Data Entry'!H97 -> 0 | L50: =J50+K50 -> 0 | M50: ='2b. Complex Form Data Entry'!I97 -> 0 | N50: ='2b. Complex Form Data Entry'!J97 -> 0 | O50: =M50+N50 -> 0 | P50: ='2b. Complex Form Data Entry'!K97 -> 0 | Q50: ='2b. Complex Form Data Entry'!L97 -> 0 | R50: =P50+Q50 -> 0 | S50: ='2b. Complex Form Data Entry'!M97 -> 0
B51: 10% Art for General Fund Transactions | H51: =IF('2b. Complex Form Data Entry'!E98="", " ", '2b. Complex Form Data Entry'!E98) | I51: ='2b. Complex Form Data Entry'!N98 -> 0 | J51: ='2b. Complex Form Data Entry'!G98 -> 0 | K51: ='2b. Complex Form Data Entry'!H98 -> 0 | L51: =J51+K51 -> 0 | M51: ='2b. Complex Form Data Entry'!I98 -> 0 | N51: ='2b. Complex Form Data Entry'!J98 -> 0 | O51: =M51+N51 -> 0 | P51: ='2b. Complex Form Data Entry'!K98 -> 0 | Q51: ='2b. Complex Form Data Entry'!L98 -> 0 | R51: =P51+Q51 -> 0 | S51: ='2b. Complex Form Data Entry'!M98 -> 0
B52: Other Transaction Costs | H52: =IF('2b. Complex Form Data Entry'!E99="", " ", '2b. Complex Form Data Entry'!E99) | I52: ='2b. Complex Form Data Entry'!N99 -> 0 | J52: ='2b. Complex Form Data Entry'!G99 -> 0 | K52: ='2b. Complex Form Data Entry'!H99 -> 0 | L52: =J52+K52 -> 0 | M52: ='2b. Complex Form Data Entry'!I99 -> 0 | N52: ='2b. Complex Form Data Entry'!J99 -> 0 | O52: =M52+N52 -> 0 | P52: ='2b. Complex Form Data Entry'!K99 -> 0 | Q52: ='2b. Complex Form Data Entry'!L99 -> 0 | R52: =P52+Q52 -> 0 | S52: ='2b. Complex Form Data Entry'!M99 -> 0
C53: SUBTOTAL | I53: =SUM(I46:I52) -> 0 | J53: =SUM(J46:J52) -> 0 | K53: =SUM(K46:K52) -> 0 | L53: =J53+K53 -> 0 | M53: =SUM(M46:M52) -> 0 | N53: =SUM(N46:N52) -> 0 | O53: =M53+N53 -> 0 | P53: =SUM(P46:P52) -> 0 | Q53: =SUM(Q46:Q52) -> 0 | R53: =P53+Q53 -> 0 | S53: =SUM(S46:S52) -> 0
L54: =J54+K54 -> 0 | O54: =M54+N54 -> 0 | R54: =P54+Q54 -> 0
A55: =IF('2b. Complex Form Data Entry'!E102="", " ", '2b. Complex Form Data Entry'!E102) | D55: =IF(A55=" ", " ", IF(A55='2b. Complex Form Data Entry'!$G$21, '2b. Complex Form Data Entry'!J$21, IF(A55='2b. Complex Form Data Entry'!$G$22,'2b. Complex Form Data Entry'!J$22, IF(A55='2b. Complex Form Data Entry'!$G$23, '2b. Complex Form Data Entry'!J$23, IF(A55='2b. Complex Form Data Entry'!$G$24, '2b. Complex Form Data Entry'!$J$24, IF(A55='2b. Complex Form Data Entry'!$G$25,'2b. Complex Form Data Entry'!J$25, IF(A55='2b. Complex Form Data Entry'!$G$26,'2b. Complex Form Data Entry'!J$26, " "))))))) | E55: =IF(A55=" ", " ", IF(A55='2b. Complex Form Data Entry'!$G$21, '2b. Complex Form Data Entry'!K$21, IF(A55='2b. Complex Form Data Entry'!$G$22,'2b. Complex Form Data Entry'!K$22, IF(A55='2b. Complex Form Data Entry'!$G$23, '2b. Complex Form Data Entry'!K$23, IF(A55='2b. Complex Form Data Entry'!$G$24, '2b. Complex Form Data Entry'!$K$24, IF(A55='2b. Complex Form Data Entry'!G$25,'2b. Complex Form Data Entry'!K$25, IF(A55='2b. Complex Form Data Entry'!G$26,'2b. Complex Form Data Entry'!K$26, " "))))))) | F55: =IF(A55=" ", " ", IF(A55='2b. Complex Form Data Entry'!$G$21, '2b. Complex Form Data Entry'!L$21, IF(A55='2b. Complex Form Data Entry'!$G$22,'2b. Complex Form Data Entry'!L$22, IF(A55='2b. Complex Form Data Entry'!$G$23, '2b. Complex Form Data Entry'!L$23, IF(A55='2b. Complex Form Data Entry'!$G$24, '2b. Complex Form Data Entry'!$L$24, IF(A55='2b. Complex Form Data Entry'!$G$25,'2b. Complex Form Data Entry'!$L$25, IF(A55='2b. Complex Form Data Entry'!$G$26,'2b. Complex Form Data Entry'!$L$26, " "))))))) | G55: =IF('2b. Complex Form Data Entry'!I102="", " ", '2b. Complex Form Data Entry'!I102) | L55: =J55+K55 -> 0 | O55: =M55+N55 -> 0 | R55: =P55+Q55 -> 0
B56: Real Estate Services Labor Costs | H56: =IF('2b. Complex Form Data Entry'!E104="", " ", '2b. Complex Form Data Entry'!E104) | I56: ='2b. Complex Form Data Entry'!N104 -> 0 | J56: ='2b. Complex Form Data Entry'!G104 -> 0 | K56: ='2b. Complex Form Data Entry'!H104 -> 0 | L56: =J56+K56 -> 0 | M56: ='2b. Complex Form Data Entry'!I104 -> 0 | N56: ='2b. Complex Form Data Entry'!J104 -> 0 | O56: =M56+N56 -> 0 | P56: ='2b. Complex Form Data Entry'!K104 -> 0 | Q56: ='2b. Complex Form Data Entry'!L104 -> 0 | R56: =P56+Q56 -> 0 | S56: ='2b. Complex Form Data Entry'!M104 -> 0
B57: King County Project Management | H57: =IF('2b. Complex Form Data Entry'!E105="", " ", '2b. Complex Form Data Entry'!E105) | I57: ='2b. Complex Form Data Entry'!N105 -> 0 | J57: ='2b. Complex Form Data Entry'!G105 -> 0 | K57: ='2b. Complex Form Data Entry'!H105 -> 0 | L57: =J57+K57 -> 0 | M57: ='2b. Complex Form Data Entry'!I105 -> 0 | N57: ='2b. Complex Form Data Entry'!J105 -> 0 | O57: =M57+N57 -> 0 | P57: ='2b. Complex Form Data Entry'!K105 -> 0 | Q57: ='2b. Complex Form Data Entry'!L105 -> 0 | R57: =P57+Q57 -> 0 | S57: ='2b. Complex Form Data Entry'!M105 -> 0
B58: Lease Payments/Associated O&M | H58: =IF('2b. Complex Form Data Entry'!E106="", " ", '2b. Complex Form Data Entry'!E106) | I58: ='2b. Complex Form Data Entry'!N106 -> 0 | J58: ='2b. Complex Form Data Entry'!G106 -> 0 | K58: ='2b. Complex Form Data Entry'!H106 -> 0 | L58: =J58+K58 -> 0 | M58: ='2b. Complex Form Data Entry'!I106 -> 0 | N58: ='2b. Complex Form Data Entry'!J106 -> 0 | O58: =M58+N58 -> 0 | P58: ='2b. Complex Form Data Entry'!K106 -> 0 | Q58: ='2b. Complex Form Data Entry'!L106 -> 0 | R58: =P58+Q58 -> 0 | S58: ='2b. Complex Form Data Entry'!M106 -> 0
B59: Service Costs (Appraisal, Title, Move) | H59: =IF('2b. Complex Form Data Entry'!E107="", " ", '2b. Complex Form Data Entry'!E107) | I59: ='2b. Complex Form Data Entry'!N107 -> 0 | J59: ='2b. Complex Form Data Entry'!G107 -> 0 | K59: ='2b. Complex Form Data Entry'!H107 -> 0 | L59: =J59+K59 -> 0 | M59: ='2b. Complex Form Data Entry'!I107 -> 0 | N59: ='2b. Complex Form Data Entry'!J107 -> 0 | O59: =M59+N59 -> 0 | P59: ='2b. Complex Form Data Entry'!K107 -> 0 | Q59: ='2b. Complex Form Data Entry'!L107 -> 0 | R59: =P59+Q59 -> 0 | S59: ='2b. Complex Form Data Entry'!M107 -> 0
B60: Tenant and Other Improvements | H60: =IF('2b. Complex Form Data Entry'!E108="", " ", '2b. Complex Form Data Entry'!E108) | I60: ='2b. Complex Form Data Entry'!N108 -> 0 | J60: ='2b. Complex Form Data Entry'!G108 -> 0 | K60: ='2b. Complex Form Data Entry'!H108 -> 0 | L60: =J60+K60 -> 0 | M60: ='2b. Complex Form Data Entry'!I108 -> 0 | N60: ='2b. Complex Form Data Entry'!J108 -> 0 | O60: =M60+N60 -> 0 | P60: ='2b. Complex Form Data Entry'!K108 -> 0 | Q60: ='2b. Complex Form Data Entry'!L108 -> 0 | R60: =P60+Q60 -> 0 | S60: ='2b. Complex Form Data Entry'!M108 -> 0
B61: 10% Art for General Fund Transactions | H61: =IF('2b. Complex Form Data Entry'!E109="", " ", '2b. Complex Form Data Entry'!E109) | I61: ='2b. Complex Form Data Entry'!N109 -> 0 | J61: ='2b. Complex Form Data Entry'!G109 -> 0 | K61: ='2b. Complex Form Data Entry'!H109 -> 0 | L61: =J61+K61 -> 0 | M61: ='2b. Complex Form Data Entry'!I109 -> 0 | N61: ='2b. Complex Form Data Entry'!J109 -> 0 | O61: =M61+N61 -> 0 | P61: ='2b. Complex Form Data Entry'!K109 -> 0 | Q61: ='2b. Complex Form Data Entry'!L109 -> 0 | R61: =P61+Q61 -> 0 | S61: ='2b. Complex Form Data Entry'!M109 -> 0
B62: Other Transaction Costs | H62: =IF('2b. Complex Form Data Entry'!E110="", " ", '2b. Complex Form Data Entry'!E110) | I62: ='2b. Complex Form Data Entry'!N110 -> 0 | J62: ='2b. Complex Form Data Entry'!G110 -> 0 | K62: ='2b. Complex Form Data Entry'!H110 -> 0 | L62: =J62+K62 -> 0 | M62: ='2b. Complex Form Data Entry'!I110 -> 0 | N62: ='2b. Complex Form Data Entry'!J110 -> 0 | O62: =M62+N62 -> 0 | P62: ='2b. Complex Form Data Entry'!K110 -> 0 | Q62: ='2b. Complex Form Data Entry'!L110 -> 0 | R62: =P62+Q62 -> 0 | S62: ='2b. Complex Form Data Entry'!M110 -> 0
C63: SUBTOTAL | I63: =SUM(I56:I62) -> 0 | J63: =SUM(J56:J62) -> 0 | K63: =SUM(K56:K62) -> 0 | L63: =J63+K63 -> 0 | M63: =SUM(M56:M62) -> 0 | N63: =SUM(N56:N62) -> 0 | O63: =M63+N63 -> 0 | P63: =SUM(P56:P62) -> 0 | Q63: =SUM(Q56:Q62) -> 0 | R63: =P63+Q63 -> 0 | S63: =SUM(S56:S62) -> 0
L64: =J64+K64 -> 0 | O64: =M64+N64 -> 0 | R64: =P64+Q64 -> 0
A65: =IF('2b. Complex Form Data Entry'!E113="", " ", '2b. Complex Form Data Entry'!E113) | D65: =IF(A65=" ", " ", IF(A65='2b. Complex Form Data Entry'!$G$21, '2b. Complex Form Data Entry'!J$21, IF(A65='2b. Complex Form Data Entry'!$G$22,'2b. Complex Form Data Entry'!J$22, IF(A65='2b. Complex Form Data Entry'!$G$23, '2b. Complex Form Data Entry'!J$23, IF(A65='2b. Complex Form Data Entry'!$G$24, '2b. Complex Form Data Entry'!$J$24, IF(A65='2b. Complex Form Data Entry'!$G$25,'2b. Complex Form Data Entry'!J$25, IF(A65='2b. Complex Form Data Entry'!$G$26,'2b. Complex Form Data Entry'!J$26, " "))))))) | E65: =IF(A65=" ", " ", IF(A65='2b. Complex Form Data Entry'!$G$21, '2b. Complex Form Data Entry'!K$21, IF(A65='2b. Complex Form Data Entry'!$G$22,'2b. Complex Form Data Entry'!K$22, IF(A65='2b. Complex Form Data Entry'!$G$23, '2b. Complex Form Data Entry'!K$23, IF(A65='2b. Complex Form Data Entry'!$G$24, '2b. Complex Form Data Entry'!$K$24, IF(A65='2b. Complex Form Data Entry'!G$25,'2b. Complex Form Data Entry'!K$25, IF(A65='2b. Complex Form Data Entry'!G$26,'2b. Complex Form Data Entry'!K$26, " "))))))) | F65: =IF(A65=" ", " ", IF(A65='2b. Complex Form Data Entry'!$G$21, '2b. Complex Form Data Entry'!L$21, IF(A65='2b. Complex Form Data Entry'!$G$22,'2b. Complex Form Data Entry'!L$22, IF(A65='2b. Complex Form Data Entry'!$G$23, '2b. Complex Form Data Entry'!L$23, IF(A65='2b. Complex Form Data Entry'!$G$24, '2b. Complex Form Data Entry'!$L$24, IF(A65='2b. Complex Form Data Entry'!$G$25,'2b. Complex Form Data Entry'!$L$25, IF(A65='2b. Complex Form Data Entry'!$G$26,'2b. Complex Form Data Entry'!$L$26, " "))))))) | G65: =IF('2b. Complex Form Data Entry'!I113="", " ", '2b. Complex Form Data Entry'!I113) | L65: =J65+K65 -> 0 | O65: =M65+N65 -> 0 | R65: =P65+Q65 -> 0
B66: Real Estate Services Labor Costs | H66: =IF('2b. Complex Form Data Entry'!E115="", " ", '2b. Complex Form Data Entry'!E115) | I66: ='2b. Complex Form Data Entry'!N115 -> 0 | J66: ='2b. Complex Form Data Entry'!G115 -> 0 | K66: ='2b. Complex Form Data Entry'!H115 -> 0 | L66: =J66+K66 -> 0 | M66: ='2b. Complex Form Data Entry'!I115 -> 0 | N66: ='2b. Complex Form Data Entry'!J115 -> 0 | O66: =M66+N66 -> 0 | P66: ='2b. Complex Form Data Entry'!K115 -> 0 | Q66: ='2b. Complex Form Data Entry'!L115 -> 0 | R66: =P66+Q66 -> 0 | S66: ='2b. Complex Form Data Entry'!M115 -> 0
B67: King County Project Management | H67: =IF('2b. Complex Form Data Entry'!E116="", " ", '2b. Complex Form Data Entry'!E116) | I67: ='2b. Complex Form Data Entry'!N116 -> 0 | J67: ='2b. Complex Form Data Entry'!G116 -> 0 | K67: ='2b. Complex Form Data Entry'!H116 -> 0 | L67: =J67+K67 -> 0 | M67: ='2b. Complex Form Data Entry'!I116 -> 0 | N67: ='2b. Complex Form Data Entry'!J116 -> 0 | O67: =M67+N67 -> 0 | P67: ='2b. Complex Form Data Entry'!K116 -> 0 | Q67: ='2b. Complex Form Data Entry'!L116 -> 0 | R67: =P67+Q67 -> 0 | S67: ='2b. Complex Form Data Entry'!M116 -> 0
B68: Lease Payments/Associated O&M | H68: =IF('2b. Complex Form Data Entry'!E117="", " ", '2b. Complex Form Data Entry'!E117) | I68: ='2b. Complex Form Data Entry'!N117 -> 0 | J68: ='2b. Complex Form Data Entry'!G117 -> 0 | K68: ='2b. Complex Form Data Entry'!H117 -> 0 | L68: =J68+K68 -> 0 | M68: ='2b. Complex Form Data Entry'!I117 -> 0 | N68: ='2b. Complex Form Data Entry'!J117 -> 0 | O68: =M68+N68 -> 0 | P68: ='2b. Complex Form Data Entry'!K117 -> 0 | Q68: ='2b. Complex Form Data Entry'!L117 -> 0 | R68: =P68+Q68 -> 0 | S68: ='2b. Complex Form Data Entry'!M117 -> 0
B69: Service Costs (Appraisal, Title, Move) | H69: =IF('2b. Complex Form Data Entry'!E118="", " ", '2b. Complex Form Data Entry'!E118) | I69: ='2b. Complex Form Data Entry'!N118 -> 0 | J69: ='2b. Complex Form Data Entry'!G118 -> 0 | K69: ='2b. Complex Form Data Entry'!H118 -> 0 | L69: =J69+K69 -> 0 | M69: ='2b. Complex Form Data Entry'!I118 -> 0 | N69: ='2b. Complex Form Data Entry'!J118 -> 0 | O69: =M69+N69 -> 0 | P69: ='2b. Complex Form Data Entry'!K118 -> 0 | Q69: ='2b. Complex Form Data Entry'!L118 -> 0 | R69: =P69+Q69 -> 0 | S69: ='2b. Complex Form Data Entry'!M118 -> 0
B70: Tenant and Other Improvements | H70: =IF('2b. Complex Form Data Entry'!E119="", " ", '2b. Complex Form Data Entry'!E119) | I70: ='2b. Complex Form Data Entry'!N119 -> 0 | J70: ='2b. Complex Form Data Entry'!G119 -> 0 | K70: ='2b. Complex Form Data Entry'!H119 -> 0 | L70: =J70+K70 -> 0 | M70: ='2b. Complex Form Data Entry'!I119 -> 0 | N70: ='2b. Complex Form Data Entry'!J119 -> 0 | O70: =M70+N70 -> 0 | P70: ='2b. Complex Form Data Entry'!K119 -> 0 | Q70: ='2b. Complex Form Data Entry'!L119 -> 0 | R70: =P70+Q70 -> 0 | S70: ='2b. Complex Form Data Entry'!M119 -> 0
B71: 10% Art for General Fund Transactions | H71: =IF('2b. Complex Form Data Entry'!E120="", " ", '2b. Complex Form Data Entry'!E120) | I71: ='2b. Complex Form Data Entry'!N120 -> 0 | J71: ='2b. Complex Form Data Entry'!G120 -> 0 | K71: ='2b. Complex Form Data Entry'!H120 -> 0 | L71: =J71+K71 -> 0 | M71: ='2b. Complex Form Data Entry'!I120 -> 0 | N71: ='2b. Complex Form Data Entry'!J120 -> 0 | O71: =M71+N71 -> 0 | P71: ='2b. Complex Form Data Entry'!K120 -> 0 | Q71: ='2b. Complex Form Data Entry'!L120 -> 0 | R71: =P71+Q71 -> 0 | S71: ='2b. Complex Form Data Entry'!M120 -> 0
B72: Other Transaction Costs | H72: =IF('2b. Complex Form Data Entry'!E121="", " ", '2b. Complex Form Data Entry'!E121) | I72: ='2b. Complex Form Data Entry'!N121 -> 0 | J72: ='2b. Complex Form Data Entry'!G121 -> 0 | K72: ='2b. Complex Form Data Entry'!H121 -> 0 | L72: =J72+K72 -> 0 | M72: ='2b. Complex Form Data Entry'!I121 -> 0 | N72: ='2b. Complex Form Data Entry'!J121 -> 0 | O72: =M72+N72 -> 0 | P72: ='2b. Complex Form Data Entry'!K121 -> 0 | Q72: ='2b. Complex Form Data Entry'!L121 -> 0 | R72: =P72+Q72 -> 0 | S72: ='2b. Complex Form Data Entry'!M121 -> 0
C73: SUBTOTAL | I73: =SUM(I66:I72) -> 0 | J73: =SUM(J66:J72) -> 0 | K73: =SUM(K66:K72) -> 0 | L73: =J73+K73 -> 0 | M73: =SUM(M66:M72) -> 0 | N73: =SUM(N66:N72) -> 0 | O73: =M73+N73 -> 0 | P73: =SUM(P66:P72) -> 0 | Q73: =SUM(Q66:Q72) -> 0 | R73: =P73+Q73 -> 0 | S73: =SUM(S66:S72) -> 0
L74: =J74+K74 -> 0 | O74: =M74+N74 -> 0 | R74: =P74+Q74 -> 0
A75: =IF('2b. Complex Form Data Entry'!E124="", " ", '2b. Complex Form Data Entry'!E124) | D75: =IF(A75=" ", " ", IF(A75='2b. Complex Form Data Entry'!$G$21, '2b. Complex Form Data Entry'!J$21, IF(A75='2b. Complex Form Data Entry'!$G$22,'2b. Complex Form Data Entry'!J$22, IF(A75='2b. Complex Form Data Entry'!$G$23, '2b. Complex Form Data Entry'!J$23, IF(A75='2b. Complex Form Data Entry'!$G$24, '2b. Complex Form Data Entry'!$J$24, IF(A75='2b. Complex Form Data Entry'!$G$25,'2b. Complex Form Data Entry'!J$25, IF(A75='2b. Complex Form Data Entry'!$G$26,'2b. Complex Form Data Entry'!J$26, " "))))))) | E75: =IF(A75=" ", " ", IF(A75='2b. Complex Form Data Entry'!$G$21, '2b. Complex Form Data Entry'!K$21, IF(A75='2b. Complex Form Data Entry'!$G$22,'2b. Complex Form Data Entry'!K$22, IF(A75='2b. Complex Form Data Entry'!$G$23, '2b. Complex Form Data Entry'!K$23, IF(A75='2b. Complex Form Data Entry'!$G$24, '2b. Complex Form Data Entry'!$K$24, IF(A75='2b. Complex Form Data Entry'!G$25,'2b. Complex Form Data Entry'!K$25, IF(A75='2b. Complex Form Data Entry'!G$26,'2b. Complex Form Data Entry'!K$26, " "))))))) | F75: =IF(A75=" ", " ", IF(A75='2b. Complex Form Data Entry'!$G$21, '2b. Complex Form Data Entry'!L$21, IF(A75='2b. Complex Form Data Entry'!$G$22,'2b. Complex Form Data Entry'!L$22, IF(A75='2b. Complex Form Data Entry'!$G$23, '2b. Complex Form Data Entry'!L$23, IF(A75='2b. Complex Form Data Entry'!$G$24, '2b. Complex Form Data Entry'!$L$24, IF(A75='2b. Complex Form Data Entry'!$G$25,'2b. Complex Form Data Entry'!$L$25, IF(A75='2b. Complex Form Data Entry'!$G$26,'2b. Complex Form Data Entry'!$L$26, " "))))))) | G75: =IF('2b. Complex Form Data Entry'!I124="", " ", '2b. Complex Form Data Entry'!I124) | L75: =J75+K75 -> 0 | O75: =M75+N75 -> 0 | R75: =P75+Q75 -> 0
B76: Real Estate Services Labor Costs | H76: =IF('2b. Complex Form Data Entry'!E126="", " ", '2b. Complex Form Data Entry'!E126) | I76: ='2b. Complex Form Data Entry'!N126 -> 0 | J76: ='2b. Complex Form Data Entry'!G126 -> 0 | K76: ='2b. Complex Form Data Entry'!H126 -> 0 | L76: =J76+K76 -> 0 | M76: ='2b. Complex Form Data Entry'!I126 -> 0 | N76: ='2b. Complex Form Data Entry'!J126 -> 0 | O76: =M76+N76 -> 0 | P76: ='2b. Complex Form Data Entry'!K126 -> 0 | Q76: ='2b. Complex Form Data Entry'!L126 -> 0 | R76: =P76+Q76 -> 0 | S76: ='2b. Complex Form Data Entry'!M126 -> 0
B77: King County Project Management | H77: =IF('2b. Complex Form Data Entry'!E127="", " ", '2b. Complex Form Data Entry'!E127) | I77: ='2b. Complex Form Data Entry'!N127 -> 0 | J77: ='2b. Complex Form Data Entry'!G127 -> 0 | K77: ='2b. Complex Form Data Entry'!H127 -> 0 | L77: =J77+K77 -> 0 | M77: ='2b. Complex Form Data Entry'!I127 -> 0 | N77: ='2b. Complex Form Data Entry'!J127 -> 0 | O77: =M77+N77 -> 0 | P77: ='2b. Complex Form Data Entry'!K127 -> 0 | Q77: ='2b. Complex Form Data Entry'!L127 -> 0 | R77: =P77+Q77 -> 0 | S77: ='2b. Complex Form Data Entry'!M127 -> 0
B78: Lease Payments/Associated O&M | H78: =IF('2b. Complex Form Data Entry'!E128="", " ", '2b. Complex Form Data Entry'!E128) | I78: ='2b. Complex Form Data Entry'!N128 -> 0 | J78: ='2b. Complex Form Data Entry'!G128 -> 0 | K78: ='2b. Complex Form Data Entry'!H128 -> 0 | L78: =J78+K78 -> 0 | M78: ='2b. Complex Form Data Entry'!I128 -> 0 | N78: ='2b. Complex Form Data Entry'!J128 -> 0 | O78: =M78+N78 -> 0 | P78: ='2b. Complex Form Data Entry'!K128 -> 0 | Q78: ='2b. Complex Form Data Entry'!L128 -> 0 | R78: =P78+Q78 -> 0 | S78: ='2b. Complex Form Data Entry'!M128 -> 0
B79: Service Costs (Appraisal, Title, Move) | H79: =IF('2b. Complex Form Data Entry'!E129="", " ", '2b. Complex Form Data Entry'!E129) | I79: ='2b. Complex Form Data Entry'!N129 -> 0 | J79: ='2b. Complex Form Data Entry'!G129 -> 0 | K79: ='2b. Complex Form Data Entry'!H129 -> 0 | L79: =J79+K79 -> 0 | M79: ='2b. Complex Form Data Entry'!I129 -> 0 | N79: ='2b. Complex Form Data Entry'!J129 -> 0 | O79: =M79+N79 -> 0 | P79: ='2b. Complex Form Data Entry'!K129 -> 0 | Q79: ='2b. Complex Form Data Entry'!L129 -> 0 | R79: =P79+Q79 -> 0 | S79: ='2b. Complex Form Data Entry'!M129 -> 0
B80: Tenant and Other Improvements | H80: =IF('2b. Complex Form Data Entry'!E130="", " ", '2b. Complex Form Data Entry'!E130) | I80: ='2b. Complex Form Data Entry'!N130 -> 0 | J80: ='2b. Complex Form Data Entry'!G130 -> 0 | K80: ='2b. Complex Form Data Entry'!H130 -> 0 | L80: =J80+K80 -> 0 | M80: ='2b. Complex Form Data Entry'!I130 -> 0 | N80: ='2b. Complex Form Data Entry'!J130 -> 0 | O80: =M80+N80 -> 0 | P80: ='2b. Complex Form Data Entry'!K130 -> 0 | Q80: ='2b. Complex Form Data Entry'!L130 -> 0 | R80: =P80+Q80 -> 0 | S80: ='2b. Complex Form Data Entry'!M130 -> 0
B81: 10% Art for General Fund Transactions | H81: =IF('2b. Complex Form Data Entry'!E131="", " ", '2b. Complex Form Data Entry'!E131) | I81: ='2b. Complex Form Data Entry'!N131 -> 0 | J81: ='2b. Complex Form Data Entry'!G131 -> 0 | K81: ='2b. Complex Form Data Entry'!H131 -> 0 | L81: =J81+K81 -> 0 | M81: ='2b. Complex Form Data Entry'!I131 -> 0 | N81: ='2b. Complex Form Data Entry'!J131 -> 0 | O81: =M81+N81 -> 0 | P81: ='2b. Complex Form Data Entry'!K131 -> 0 | Q81: ='2b. Complex Form Data Entry'!L131 -> 0 | R81: =P81+Q81 -> 0 | S81: ='2b. Complex Form Data Entry'!M131 -> 0
B82: Other Transaction Costs | H82: =IF('2b. Complex Form Data Entry'!E132="", " ", '2b. Complex Form Data Entry'!E132) | I82: ='2b. Complex Form Data Entry'!N132 -> 0 | J82: ='2b. Complex Form Data Entry'!G132 -> 0 | K82: ='2b. Complex Form Data Entry'!H132 -> 0 | L82: =J82+K82 -> 0 | M82: ='2b. Complex Form Data Entry'!I132 -> 0 | N82: ='2b. Complex Form Data Entry'!J132 -> 0 | O82: =M82+N82 -> 0 | P82: ='2b. Complex Form Data Entry'!K132 -> 0 | Q82: ='2b. Complex Form Data Entry'!L132 -> 0 | R82: =P82+Q82 -> 0 | S82: ='2b. Complex Form Data Entry'!M132 -> 0
C83: SUBTOTAL | I83: =SUM(I76:I82) -> 0 | J83: =SUM(J76:J82) -> 0 | K83: =SUM(K76:K82) -> 0 | L83: =J83+K83 -> 0 | M83: =SUM(M76:M82) -> 0 | N83: =SUM(N76:N82) -> 0 | O83: =M83+N83 -> 0 | P83: =SUM(P76:P82) -> 0 | Q83: =SUM(Q76:Q82) -> 0 | R83: =P83+Q83 -> 0 | S83: =SUM(S76:S82) -> 0
L84: =J84+K84 -> 0 | O84: =M84+N84 -> 0 | R84: =P84+Q84 -> 0
A85: =IF('2b. Complex Form Data Entry'!E135="", " ", '2b. Complex Form Data Entry'!E135) | D85: =IF(A85=" ", " ", IF(A85='2b. Complex Form Data Entry'!$G$21, '2b. Complex Form Data Entry'!J$21, IF(A85='2b. Complex Form Data Entry'!$G$22,'2b. Complex Form Data Entry'!J$22, IF(A85='2b. Complex Form Data Entry'!$G$23, '2b. Complex Form Data Entry'!J$23, IF(A85='2b. Complex Form Data Entry'!$G$24, '2b. Complex Form Data Entry'!$J$24, IF(A85='2b. Complex Form Data Entry'!$G$25,'2b. Complex Form Data Entry'!J$25, IF(A85='2b. Complex Form Data Entry'!$G$26,'2b. Complex Form Data Entry'!J$26, " "))))))) | E85: =IF(A85=" ", " ", IF(A85='2b. Complex Form Data Entry'!$G$21, '2b. Complex Form Data Entry'!K$21, IF(A85='2b. Complex Form Data Entry'!$G$22,'2b. Complex Form Data Entry'!K$22, IF(A85='2b. Complex Form Data Entry'!$G$23, '2b. Complex Form Data Entry'!K$23, IF(A85='2b. Complex Form Data Entry'!$G$24, '2b. Complex Form Data Entry'!$K$24, IF(A85='2b. Complex Form Data Entry'!G$25,'2b. Complex Form Data Entry'!K$25, IF(A85='2b. Complex Form Data Entry'!G$26,'2b. Complex Form Data Entry'!K$26, " "))))))) | F85: =IF(A85=" ", " ", IF(A85='2b. Complex Form Data Entry'!$G$21, '2b. Complex Form Data Entry'!L$21, IF(A85='2b. Complex Form Data Entry'!$G$22,'2b. Complex Form Data Entry'!L$22, IF(A85='2b. Complex Form Data Entry'!$G$23, '2b. Complex Form Data Entry'!L$23, IF(A85='2b. Complex Form Data Entry'!$G$24, '2b. Complex Form Data Entry'!$L$24, IF(A85='2b. Complex Form Data Entry'!$G$25,'2b. Complex Form Data Entry'!$L$25, IF(A85='2b. Complex Form Data Entry'!$G$26,'2b. Complex Form Data Entry'!$L$26, " "))))))) | G85: =IF('2b. Complex Form Data Entry'!I135="", " ", '2b. Complex Form Data Entry'!I135) | L85: =J85+K85 -> 0 | O85: =M85+N85 -> 0 | R85: =P85+Q85 -> 0
B86: Real Estate Services Labor Costs | H86: =IF('2b. Complex Form Data Entry'!E137="", " ", '2b. Complex Form Data Entry'!E137) | I86: ='2b. Complex Form Data Entry'!N137 -> 0 | J86: ='2b. Complex Form Data Entry'!G137 -> 0 | K86: ='2b. Complex Form Data Entry'!H137 -> 0 | L86: =J86+K86 -> 0 | M86: ='2b. Complex Form Data Entry'!I137 -> 0 | N86: ='2b. Complex Form Data Entry'!J137 -> 0 | O86: =M86+N86 -> 0 | P86: ='2b. Complex Form Data Entry'!K137 -> 0 | Q86: ='2b. Complex Form Data Entry'!L137 -> 0 | R86: =P86+Q86 -> 0 | S86: ='2b. Complex Form Data Entry'!M137 -> 0
B87: King County Project Management | H87: =IF('2b. Complex Form Data Entry'!E138="", " ", '2b. Complex Form Data Entry'!E138) | I87: ='2b. Complex Form Data Entry'!N138 -> 0 | J87: ='2b. Complex Form Data Entry'!G138 -> 0 | K87: ='2b. Complex Form Data Entry'!H138 -> 0 | L87: =J87+K87 -> 0 | M87: ='2b. Complex Form Data Entry'!I138 -> 0 | N87: ='2b. Complex Form Data Entry'!J138 -> 0 | O87: =M87+N87 -> 0 | P87: ='2b. Complex Form Data Entry'!K138 -> 0 | Q87: ='2b. Complex Form Data Entry'!L138 -> 0 | R87: =P87+Q87 -> 0 | S87: ='2b. Complex Form Data Entry'!M138 -> 0
B88: Lease Payments/Associated O&M | H88: =IF('2b. Complex Form Data Entry'!E139="", " ", '2b. Complex Form Data Entry'!E139) | I88: ='2b. Complex Form Data Entry'!N139 -> 0 | J88: ='2b. Complex Form Data Entry'!G139 -> 0 | K88: ='2b. Complex Form Data Entry'!H139 -> 0 | L88: =J88+K88 -> 0 | M88: ='2b. Complex Form Data Entry'!I139 -> 0 | N88: ='2b. Complex Form Data Entry'!J139 -> 0 | O88: =M88+N88 -> 0 | P88: ='2b. Complex Form Data Entry'!K139 -> 0 | Q88: ='2b. Complex Form Data Entry'!L139 -> 0 | R88: =P88+Q88 -> 0 | S88: ='2b. Complex Form Data Entry'!M139 -> 0
B89: Service Costs (Appraisal, Title, Move) | H89: =IF('2b. Complex Form Data Entry'!E140="", " ", '2b. Complex Form Data Entry'!E140) | I89: ='2b. Complex Form Data Entry'!N140 -> 0 | J89: ='2b. Complex Form Data Entry'!G140 -> 0 | K89: ='2b. Complex Form Data Entry'!H140 -> 0 | L89: =J89+K89 -> 0 | M89: ='2b. Complex Form Data Entry'!I140 -> 0 | N89: ='2b. Complex Form Data Entry'!J140 -> 0 | O89: =M89+N89 -> 0 | P89: ='2b. Complex Form Data Entry'!K140 -> 0 | Q89: ='2b. Complex Form Data Entry'!L140 -> 0 | R89: =P89+Q89 -> 0 | S89: ='2b. Complex Form Data Entry'!M140 -> 0
B90: Tenant and Other Improvements | H90: =IF('2b. Complex Form Data Entry'!E141="", " ", '2b. Complex Form Data Entry'!E141) | I90: ='2b. Complex Form Data Entry'!N141 -> 0 | J90: ='2b. Complex Form Data Entry'!G141 -> 0 | K90: ='2b. Complex Form Data Entry'!H141 -> 0 | L90: =J90+K90 -> 0 | M90: ='2b. Complex Form Data Entry'!I141 -> 0 | N90: ='2b. Complex Form Data Entry'!J141 -> 0 | O90: =M90+N90 -> 0 | P90: ='2b. Complex Form Data Entry'!K141 -> 0 | Q90: ='2b. Complex Form Data Entry'!L141 -> 0 | R90: =P90+Q90 -> 0 | S90: ='2b. Complex Form Data Entry'!M141 -> 0
B91: 10% Art for General Fund Transactions | H91: =IF('2b. Complex Form Data Entry'!E142="", " ", '2b. Complex Form Data Entry'!E142) | I91: ='2b. Complex Form Data Entry'!N142 -> 0 | J91: ='2b. Complex Form Data Entry'!G142 -> 0 | K91: ='2b. Complex Form Data Entry'!H142 -> 0 | L91: =J91+K91 -> 0 | M91: ='2b. Complex Form Data Entry'!I142 -> 0 | N91: ='2b. Complex Form Data Entry'!J142 -> 0 | O91: =M91+N91 -> 0 | P91: ='2b. Complex Form Data Entry'!K142 -> 0 | Q91: ='2b. Complex Form Data Entry'!L142 -> 0 | R91: =P91+Q91 -> 0 | S91: ='2b. Complex Form Data Entry'!M142 -> 0
B92: Other Transaction Costs | H92: =IF('2b. Complex Form Data Entry'!E143="", " ", '2b. Complex Form Data Entry'!E143) | I92: ='2b. Complex Form Data Entry'!N143 -> 0 | J92: ='2b. Complex Form Data Entry'!G143 -> 0 | K92: ='2b. Complex Form Data Entry'!H143 -> 0 | L92: =J92+K92 -> 0 | M92: ='2b. Complex Form Data Entry'!I143 -> 0 | N92: ='2b. Complex Form Data Entry'!J143 -> 0 | O92: =M92+N92 -> 0 | P92: ='2b. Complex Form Data Entry'!K143 -> 0 | Q92: ='2b. Complex Form Data Entry'!L143 -> 0 | R92: =P92+Q92 -> 0 | S92: ='2b. Complex Form Data Entry'!M143 -> 0
C93: SUBTOTAL | I93: =SUM(I86:I92) -> 0 | J93: =SUM(J86:J92) -> 0 | K93: =SUM(K86:K92) -> 0 | L93: =J93+K93 -> 0 | M93: =SUM(M86:M92) -> 0 | N93: =SUM(N86:N92) -> 0 | O93: =M93+N93 -> 0 | P93: =SUM(P86:P92) -> 0 | Q93: =SUM(Q86:Q92) -> 0 | R93: =P93+Q93 -> 0 | S93: =SUM(S86:S92) -> 0
L94: =J94+K94 -> 0 | O94: =M94+N94 -> 0 | R94: =P94+Q94 -> 0
C95: TOTAL | I95: =I73+I63+I53+I43+I83+I93 -> 0 | J95: =J73+J63+J53+J43+J83+J93 -> 0 | K95: =K73+K63+K53+K43+K83+K93 -> 0 | L95: =J95+K95 -> 0 | M95: =M73+M63+M53+M43+M83+M93 -> 0 | N95: =N73+N63+N53+N43+N83+N93 -> 0 | O95: =M95+N95 -> 0 | P95: =P73+P63+P53+P43+P83+P93 -> 0 | Q95: =Q73+Q63+Q53+Q43+Q83+Q93 -> 0 | R95: =P95+Q95 -> 0 | S95: =S73+S63+S53+S43+S83+S93 -> 0
A97: KING COUNTY FISCAL NOTE - Property Leases and Sales (continued)
A99: GENERAL TRANSACTION INFORMATION
A101: Ordinance/Motion:
A102: Title: | C102: =IF('2b. Complex Form Data Entry'!G11="", " ",'2b. Complex Form Data Entry'!G11) | L102: Transaction Duration: | R102: =IF('2b. Complex Form Data Entry'!G117="", " ",'2b. Complex Form Data Entry'!G117) | S102: yrs
A103: Affected Agency/Agencies: | C103: =IF('2b. Complex Form Data Entry'!G12="", " ",'2b. Complex Form Data Entry'!G12) | L103: Fair Market Value: | R103: ='2b. Complex Form Data Entry'!G118 -> 0
A104: Note Prepared By: | C104: =IF('2b. Complex Form Data Entry'!G15="", " ",'2b. Complex Form Data Entry'!G15) | F104: Date Prepared: | H104: =IF('2b. Complex Form Data Entry'!G15="", " ", '2b. Complex Form Data Entry'!G16) | L104: Legal Transaction Type: | R104: =IF('2b. Complex Form Data Entry'!G13="", " ",'2b. Complex Form Data Entry'!G13)
A105: Note Reviewed By: | F105: Date Reviewed: | L105: Fiscal Transaction Type: | R105: =IF('2b. Complex Form Data Entry'!G14="", " ",'2b. Complex Form Data Entry'!G14)
A106: Description of Request: | C106: =IF('2b. Complex Form Data Entry'!G10="", " ", '2b. Complex Form Data Entry'!G10)
A108: APPROPRIATION IMPACTS
A110: As of the preparation date of this fiscal note, the impact of the above legislation on the budget appropriation of King County is estimated to be as indicated below: 1
A112: Appropriation Unit | D112: Appr. Number | E112: Department | F112: Fund Number | G112: Project Number | H112: Appropriation Notes | J112: ='2b. Complex Form Data Entry'!G19 -> 2026 | K112: ='2b. Complex Form Data Entry'!H155 -> NA | L112: =CONCATENATE(L34, " Appropriation Change") -> 2026 / 2027 Appropriation Change | R112: Total 6-Year CIP Outyear Planning Levele Costs
J113: Allocation Change | K113: ='2b. Complex Form Data Entry'!H156
A114: =IF('2b. Complex Form Data Entry'!C157="", " ",'2b. Complex Form Data Entry'!C157) | D114: =IF(A114=" ", " ", IF(A114='2b. Complex Form Data Entry'!$G$21, '2b. Complex Form Data Entry'!J$21, IF(A114='2b. Complex Form Data Entry'!$G$22,'2b. Complex Form Data Entry'!J$22, IF(A114='2b. Complex Form Data Entry'!$G$23, '2b. Complex Form Data Entry'!J$23, IF(A114='2b. Complex Form Data Entry'!$G$24, '2b. Complex Form Data Entry'!$J$24, IF(A114='2b. Complex Form Data Entry'!$G$25,'2b. Complex Form Data Entry'!J$25, IF(A114='2b. Complex Form Data Entry'!$G$26,'2b. Complex Form Data Entry'!J$26, " "))))))) | E114: =IF(A114=" ", " ", IF(A114='2b. Complex Form Data Entry'!$G$21, '2b. Complex Form Data Entry'!K$21, IF(A114='2b. Complex Form Data Entry'!$G$22,'2b. Complex Form Data Entry'!K$22, IF(A114='2b. Complex Form Data Entry'!$G$23, '2b. Complex Form Data Entry'!K$23, IF(A114='2b. Complex Form Data Entry'!$G$24, '2b. Complex Form Data Entry'!$K$24, IF(A114='2b. Complex Form Data Entry'!G$25,'2b. Complex Form Data Entry'!K$25, IF(A114='2b. Complex Form Data Entry'!G$26,'2b. Complex Form Data Entry'!K$26, " "))))))) | F114: =IF(A114=" ", " ", IF(A114='2b. Complex Form Data Entry'!$G$21, '2b. Complex Form Data Entry'!L$21, IF(A114='2b. Complex Form Data Entry'!$G$22,'2b. Complex Form Data Entry'!L$22, IF(A114='2b. Complex Form Data Entry'!$G$23, '2b. Complex Form Data Entry'!L$23, IF(A114='2b. Complex Form Data Entry'!$G$24, '2b. Complex Form Data Entry'!$L$24, IF(A114='2b. Complex Form Data Entry'!G$25,'2b. Complex Form Data Entry'!L$25, IF(A114='2b. Complex Form Data Entry'!G$26,'2b. Complex Form Data Entry'!L$26, " "))))))) | G114: =IF('2b. Complex Form Data Entry'!C157="", " ", '2b. Complex Form Data Entry'!D157) | H114: =IF('2b. Complex Form Data Entry'!F151="Y", "The transaction was anticipated in the current budget; no supplemental appropriation is required.", IF(A114="", "", IF('2b. Complex Form Data Entry'!F152="Y", "The cost of the transaction can be accommodated within existing appropriation authority; no supplemental appropriation is required", '2b. Complex Form Data Entry'!E157))) -> 0 | J114: ='2b. Complex Form Data Entry'!G157 -> 0 | K114: ='2b. Complex Form Data Entry'!H157 -> 0 | L114: =J114+K114 -> 0 | R114: ='2b. Complex Form Data Entry'!J157 -> 0
A115: =IF('2b. Complex Form Data Entry'!C158="", " ",'2b. Complex Form Data Entry'!C158) | D115: =IF(A115=" ", " ", IF(A115='2b. Complex Form Data Entry'!$G$21, '2b. Complex Form Data Entry'!J$21, IF(A115='2b. Complex Form Data Entry'!$G$22,'2b. Complex Form Data Entry'!J$22, IF(A115='2b. Complex Form Data Entry'!$G$23, '2b. Complex Form Data Entry'!J$23, IF(A115='2b. Complex Form Data Entry'!$G$24, '2b. Complex Form Data Entry'!$J$24, IF(A115='2b. Complex Form Data Entry'!$G$25,'2b. Complex Form Data Entry'!J$25, IF(A115='2b. Complex Form Data Entry'!$G$26,'2b. Complex Form Data Entry'!J$26, " "))))))) | E115: =IF(A115=" ", " ", IF(A115='2b. Complex Form Data Entry'!$G$21, '2b. Complex Form Data Entry'!K$21, IF(A115='2b. Complex Form Data Entry'!$G$22,'2b. Complex Form Data Entry'!K$22, IF(A115='2b. Complex Form Data Entry'!$G$23, '2b. Complex Form Data Entry'!K$23, IF(A115='2b. Complex Form Data Entry'!$G$24, '2b. Complex Form Data Entry'!$K$24, IF(A115='2b. Complex Form Data Entry'!G$25,'2b. Complex Form Data Entry'!K$25, IF(A115='2b. Complex Form Data Entry'!G$26,'2b. Complex Form Data Entry'!K$26, " "))))))) | F115: =IF(A115=" ", " ", IF(A115='2b. Complex Form Data Entry'!$G$21, '2b. Complex Form Data Entry'!L$21, IF(A115='2b. Complex Form Data Entry'!$G$22,'2b. Complex Form Data Entry'!L$22, IF(A115='2b. Complex Form Data Entry'!$G$23, '2b. Complex Form Data Entry'!L$23, IF(A115='2b. Complex Form Data Entry'!$G$24, '2b. Complex Form Data Entry'!$L$24, IF(A115='2b. Complex Form Data Entry'!G$25,'2b. Complex Form Data Entry'!L$25, IF(A115='2b. Complex Form Data Entry'!G$26,'2b. Complex Form Data Entry'!L$26, " "))))))) | G115: =IF('2b. Complex Form Data Entry'!C158="", " ", '2b. Complex Form Data Entry'!D158) | H115: =IF('2b. Complex Form Data Entry'!E158=0, " ", '2b. Complex Form Data Entry'!E158) | J115: ='2b. Complex Form Data Entry'!G158 -> 0 | K115: ='2b. Complex Form Data Entry'!H158 -> 0 | L115: =J115+K115 -> 0 | R115: ='2b. Complex Form Data Entry'!J158 -> 0
A116: =IF('2b. Complex Form Data Entry'!C159="", " ",'2b. Complex Form Data Entry'!C159) | D116: =IF(A116=" ", " ", IF(A116='2b. Complex Form Data Entry'!$G$21, '2b. Complex Form Data Entry'!J$21, IF(A116='2b. Complex Form Data Entry'!$G$22,'2b. Complex Form Data Entry'!J$22, IF(A116='2b. Complex Form Data Entry'!$G$23, '2b. Complex Form Data Entry'!J$23, IF(A116='2b. Complex Form Data Entry'!$G$24, '2b. Complex Form Data Entry'!$J$24, IF(A116='2b. Complex Form Data Entry'!$G$25,'2b. Complex Form Data Entry'!J$25, IF(A116='2b. Complex Form Data Entry'!$G$26,'2b. Complex Form Data Entry'!J$26, " "))))))) | E116: =IF(A116=" ", " ", IF(A116='2b. Complex Form Data Entry'!$G$21, '2b. Complex Form Data Entry'!K$21, IF(A116='2b. Complex Form Data Entry'!$G$22,'2b. Complex Form Data Entry'!K$22, IF(A116='2b. Complex Form Data Entry'!$G$23, '2b. Complex Form Data Entry'!K$23, IF(A116='2b. Complex Form Data Entry'!$G$24, '2b. Complex Form Data Entry'!$K$24, IF(A116='2b. Complex Form Data Entry'!G$25,'2b. Complex Form Data Entry'!K$25, IF(A116='2b. Complex Form Data Entry'!G$26,'2b. Complex Form Data Entry'!K$26, " "))))))) | F116: =IF(A116=" ", " ", IF(A116='2b. Complex Form Data Entry'!$G$21, '2b. Complex Form Data Entry'!L$21, IF(A116='2b. Complex Form Data Entry'!$G$22,'2b. Complex Form Data Entry'!L$22, IF(A116='2b. Complex Form Data Entry'!$G$23, '2b. Complex Form Data Entry'!L$23, IF(A116='2b. Complex Form Data Entry'!$G$24, '2b. Complex Form Data Entry'!$L$24, IF(A116='2b. Complex Form Data Entry'!G$25,'2b. Complex Form Data Entry'!L$25, IF(A116='2b. Complex Form Data Entry'!G$26,'2b. Complex Form Data Entry'!L$26, " "))))))) | G116: =IF('2b. Complex Form Data Entry'!C159="", " ", '2b. Complex Form Data Entry'!D159) | H116: =IF('2b. Complex Form Data Entry'!E159=0, " ", '2b. Complex Form Data Entry'!E159) | J116: ='2b. Complex Form Data Entry'!G159 -> 0 | K116: ='2b. Complex Form Data Entry'!H159 -> 0 | L116: =J116+K116 -> 0 | R116: ='2b. Complex Form Data Entry'!J159 -> 0
A117: =IF('2b. Complex Form Data Entry'!C160="", " ",'2b. Complex Form Data Entry'!C160) | D117: =IF(A117=" ", " ", IF(A117='2b. Complex Form Data Entry'!$G$21, '2b. Complex Form Data Entry'!J$21, IF(A117='2b. Complex Form Data Entry'!$G$22,'2b. Complex Form Data Entry'!J$22, IF(A117='2b. Complex Form Data Entry'!$G$23, '2b. Complex Form Data Entry'!J$23, IF(A117='2b. Complex Form Data Entry'!$G$24, '2b. Complex Form Data Entry'!$J$24, IF(A117='2b. Complex Form Data Entry'!$G$25,'2b. Complex Form Data Entry'!J$25, IF(A117='2b. Complex Form Data Entry'!$G$26,'2b. Complex Form Data Entry'!J$26, " "))))))) | E117: =IF(A117=" ", " ", IF(A117='2b. Complex Form Data Entry'!$G$21, '2b. Complex Form Data Entry'!K$21, IF(A117='2b. Complex Form Data Entry'!$G$22,'2b. Complex Form Data Entry'!K$22, IF(A117='2b. Complex Form Data Entry'!$G$23, '2b. Complex Form Data Entry'!K$23, IF(A117='2b. Complex Form Data Entry'!$G$24, '2b. Complex Form Data Entry'!$K$24, IF(A117='2b. Complex Form Data Entry'!G$25,'2b. Complex Form Data Entry'!K$25, IF(A117='2b. Complex Form Data Entry'!G$26,'2b. Complex Form Data Entry'!K$26, " "))))))) | F117: =IF(A117=" ", " ", IF(A117='2b. Complex Form Data Entry'!$G$21, '2b. Complex Form Data Entry'!L$21, IF(A117='2b. Complex Form Data Entry'!$G$22,'2b. Complex Form Data Entry'!L$22, IF(A117='2b. Complex Form Data Entry'!$G$23, '2b. Complex Form Data Entry'!L$23, IF(A117='2b. Complex Form Data Entry'!$G$24, '2b. Complex Form Data Entry'!$L$24, IF(A117='2b. Complex Form Data Entry'!G$25,'2b. Complex Form Data Entry'!L$25, IF(A117='2b. Complex Form Data Entry'!G$26,'2b. Complex Form Data Entry'!L$26, " "))))))) | G117: =IF('2b. Complex Form Data Entry'!C160="", " ", '2b. Complex Form Data Entry'!D160) | H117: =IF('2b. Complex Form Data Entry'!E160=0, " ", '2b. Complex Form Data Entry'!E160) | J117: ='2b. Complex Form Data Entry'!G160 -> 0 | K117: ='2b. Complex Form Data Entry'!H160 -> 0 | L117: =J117+K117 -> 0 | R117: ='2b. Complex Form Data Entry'!J160 -> 0
...
